Workbook
Name _: #REF!
Name _: #REF!
Name _: #REF!
Name _: #REF!
Name _: #REF!
Name _: #REF!
Name _: #REF!
Name _: #REF!
Name ___AFC1: [1]INV!$A$25:$D$28
Name ___AFC3: [1]INV!$F$25:$I$28
Name ___AFC5: [1]INV!$K$25:$N$28
Name ___BGC1: [1]INV!$A$5:$D$8
Name ___BGC3: [1]INV!$F$5:$I$8
Name ___BGC5: [1]INV!$K$5:$N$8
Name ___CAC1: [1]INV!$A$19:$D$22
Name ___CAC3: [1]INV!$F$19:$I$22
Name ___CAC5: [1]INV!$K$19:$N$22
Name ___EST1: #REF!
Name ___EST1: #REF!
Name ___EST1: #REF!
Name ___EST1: #REF!
Name ___EST1: #REF!
Name ___EST1: #REF!
Name ___EST1: #REF!
Name ___EST10: #REF!
Name ___EST10: #REF!
Name ___EST10: #REF!
Name ___EST10: #REF!
Name ___EST10: #REF!
Name ___EST10: #REF!
Name ___EST10: #REF!
Name ___EST11: #REF!
Name ___EST11: #REF!
Name ___EST11: #REF!
Name ___EST11: #REF!
Name ___EST11: #REF!
Name ___EST11: #REF!
Name ___EST11: #REF!
Name ___EST12: #REF!
Name ___EST12: #REF!
Name ___EST12: #REF!
Name ___EST12: #REF!
Name ___EST12: #REF!
Name ___EST12: #REF!
Name ___EST12: #REF!
Name ___EST13: #REF!
Name ___EST13: #REF!
Name ___EST13: #REF!
Name ___EST13: #REF!
Name ___EST13: #REF!
Name ___EST13: #REF!
Name ___EST13: #REF!
Name ___EST14: #REF!
Name ___EST14: #REF!
Name ___EST14: #REF!
Name ___EST14: #REF!
Name ___EST14: #REF!
Name ___EST14: #REF!
Name ___EST14: #REF!
Name ___EST15: #REF!

Sheet K-Kr Constructor
A1: EMPRESA NACIONAL PROMOTORA DEL DESARROLLO TERRITORIAL – ENTerritorio Sistema general de Regalias OBJETO: “INTERVENTORÍA TÉCNICA, ADMINISTRATIVA, FINANCIERA, AMBIENTAL Y DE CONTROL SOCIAL, LEGAL Y PRESU-PUESTAL PARA EL MEJORAMIENTO, ADECUACIÓN, REMODELACIÓN Y AJUSTES A DISEÑOS DE POLIDEPORTIVOS EN LOS BARRIOS CARTAGENITA SECTOR JARDÍN, LA PAZ Y LOS MONARKAS MUNICIPIO DE FACATATIVÁ – DEPARTA-MENTO DE CUNDINAMARCA.” CONTRATACIÓN DIRECTA CDI 073-2020
A2: REQUISITOS MINIMOS DE CARÁCTER TECNICO
A4: SMMLV AÑO ACTUAL | B4: 877803
A5: PRESUPUESTO | B5: 1.7549663e+08
A6: POE (SMMLV) | B6: =+B5/B4 -> 199.92712
A7: 150% POE (SMMLV) - Puntaje K adicional | B7: =+B6*150% -> 299.89068 | C7: (cuando aplique)
A8: 150% POE ($) - Puntaje K adicional | B8: =+B7*B4 -> 2.6324494e+08 | C8: (cuando aplique)
A10: Capacidad de Organización (CO) | D10: Cálculo de la Experiencia (E )
D11: Experiencia (E) =
D14: Mayor a | E14: Menor o igual a | F14: Puntaje
D15: 0 | E15: 3 | F15: 60
D16: 3 | E16: 6 | F16: 80
A17: DÓLAR | B17: MINIMO EN USD | C17: MINIMO EN PESOS | D17: 6 | E17: 10 | F17: 100
A18: 1853.3 | B18: 125000 | C18: =+B18*A18 -> 231662500 | D18: 10 | E18: Mayores | F18: 120
A21: Cálculo de la Capacidad Financiera (CF) | D21: Cálculo de la Capacidad Técnica (CT)
A22: Índice de liquidez = | D22: Capacidad técnica (CT) se asigna con base en la siguiente tabla:
A24: Mayor o igual a | B24: Menor a | C24: Puntaje | D24: Desde | E24: Hasta | F24: Puntaje
A25: 0 | B25: 0.5 | C25: 20 | D25: 1 | E25: 5 | F25: 20
A26: 0.5 | B26: 0.75 | C26: 25 | D26: 6 | E26: 10 | F26: 30
A27: 0.75 | B27: 1 | C27: 30 | D27: 11 | E27: Mayores | F27: 40
A28: 1 | B28: 1.5 | C28: 35
A29: 1.5 | B29: Mayores | C29: 40
A31: OFERENTE | B31: =VLOOKUP(A32,Conformación!$A$5:$S$129,2,FALSE) -> CONSTRUCTODO INGENIEROS CONTRATISTAS LTDA
A32: 1 | B32: =VLOOKUP(A32,Conformación!$A$5:$S$129,4,FALSE) -> (CONSTRUCTODO INGENIEROS CONTRATISTAS LTDA. 100% - 0% - 0%- 0%- 0%)
A35: DESCRIPCIÓN | B35: INTEGRANTE 1 | C35: INTEGRANTE 2 | D35: INTEGRANTE 3 | E35: INTEGRANTE 4 | F35: OBSERVACIONES
B36: =VLOOKUP(A32,Conformación!$A$5:$S$129,5,FALSE) -> CONSTRUCTODO INGENIEROS CONTRATISTAS LTDA. | C36: =VLOOKUP(A32,Conformación!$A$5:$S$129,8,FALSE) -> 0 | D36: =VLOOKUP(A32,Conformación!$A$5:$S$129,11,FALSE) -> 0 | E36: =VLOOKUP(A32,Conformación!$A$5:$S$129,14,FALSE) -> 0
B37: =VLOOKUP(A32,Conformación!$A$5:$S$129,7,FALSE) -> 1 | C37: =VLOOKUP(A32,Conformación!$A$5:$S$129,10,FALSE) -> 0 | D37: =VLOOKUP(A32,Conformación!$A$5:$S$129,13,FALSE) -> 0 | E37: =VLOOKUP(A32,Conformación!$A$5:$S$129,16,FALSE) -> 0
A38: Capacidad de Organización (CO) | B38: =B39 -> 0 | C38: =+C39 -> 0
A39: Mayor ingreso operacional | G39: FORMATO 18
A40: Puntos * experiencia (E ) | B40: =+IF(AND(B42>$D$15,B42<=$E$15),$F$15,IF(AND(B42>$D$16,B42<=$E$16),$F$16,IF(AND(B42>$D$17,B42<=$E$17),$F$17,IF(B42>$D$18,$F$18,"N/A")))) -> N/A | C40: =+IF(AND(C42>$D$15,C42<=$E$15),$F$15,IF(AND(C42>$D$16,C42<=$E$16),$F$16,IF(AND(C42>$D$17,C42<=$E$17),$F$17,IF(C42>$D$18,$F$18,"N/A")))) -> #DIV/0! | D40: =+IF(AND(D42>$D$15,D42<=$E$15),$F$15,IF(AND(D42>$D$16,D42<=$E$16),$F$16,IF(AND(D42>$D$17,D42<=$E$17),$F$17,IF(D42>$D$18,$F$18,"N/A")))) -> #DIV/0! | E40: =+IF(AND(E42>$D$15,E42<=$E$15),$F$15,IF(AND(E42>$D$16,E42<=$E$16),$F$16,IF(AND(E42>$D$17,E42<=$E$17),$F$17,IF(E42>$D$18,$F$18,"N/A")))) -> #DIV/0!
A41: Valor Total de los contratos (RUP) | G41: FORMATO 15 VALOR TOTAL
A42: Calculo de la Experiencia | B42: =+(B41/($B$5*B37)) -> 0 | C42: =+(C41/($B$5*C37)) -> #DIV/0! | D42: =+(D41/($B$5*D37)) -> #DIV/0! | E42: =+(E41/($B$5*E37)) -> #DIV/0!
A43: Puntos * capacidad Financiera (CF) | B43: =+IF(AND(B44>=$A$25,B44<$B$25),$C$25,IF(AND(B44>=$A$26,B44<$B$26),$C$26,IF(AND(B44>=$A$27,B44<$B$27),$C$27,IF(AND(B44>=$A$28,B44<$B$28),$C$28,IF(B44>=$A$29,$C$29,"N/A"))))) -> 20 | C43: =+IF(AND(C44>=$A$25,C44<$B$25),$C$25,IF(AND(C44>=$A$26,C44<$B$26),$C$26,IF(AND(C44>=$A$27,C44<$B$27),$C$27,IF(AND(C44>=$A$28,C44<$B$28),$C$28,IF(C44>=$A$29,$C$29,"N/A"))))) -> 20 | D43: =+IF(AND(D44>=$A$25,D44<$B$25),$C$25,IF(AND(D44>=$A$26,D44<$B$26),$C$26,IF(AND(D44>=$A$27,D44<$B$27),$C$27,IF(AND(D44>=$A$28,D44<$B$28),$C$28,IF(D44>=$A$29,$C$29,"N/A"))))) -> 20 | E43: =+IF(AND(E44>=$A$25,E44<$B$25),$C$25,IF(AND(E44>=$A$26,E44<$B$26),$C$26,IF(AND(E44>=$A$27,E44<$B$27),$C$27,IF(AND(E44>=$A$28,E44<$B$28),$C$28,IF(E44>=$A$29,$C$29,"N/A"))))) -> 20
A44: Indice de Liquidez | G44: RUP
A45: Puntos * Capacidad Técnica (CT) | B45: =+IF(AND(B46>=$D$25,B46<=$E$25),$F$25,IF(AND(B46>=$D$26,B46<=$E$26),$F$26,IF(B46>=$D$27,$F$27,"N/A"))) -> N/A | C45: =+IF(AND(C46>=$D$25,C46<=$E$25),$F$25,IF(AND(C46>=$D$26,C46<=$E$26),$F$26,IF(C46>=$D$27,$F$27,"N/A"))) -> N/A | D45: =+IF(AND(D46>=$D$25,D46<=$E$25),$F$25,IF(AND(D46>=$D$26,D46<=$E$26),$F$26,IF(D46>=$D$27,$F$27,"N/A"))) -> N/A | E45: =+IF(AND(E46>=$D$25,E46<=$E$25),$F$25,IF(AND(E46>=$D$26,E46<=$E$26),$F$26,IF(E46>=$D$27,$F$27,"N/A"))) -> N/A
A46: Numero de Profesionales | G46: FORMATO 16
A47: Saldo de contratos en ejecución (SCE) | B47: =+'FORMATO 06 Saldo contrato (SCE)'!H21 -> #DIV/0! | C47: =+'FORMATO 06 Saldo contrato (SCE)'!H40 -> #DIV/0! | D47: =+'FORMATO 06 Saldo contrato (SCE)'!H59 -> #DIV/0! | E47: =+'FORMATO 06 Saldo contrato (SCE)'!H78 -> #DIV/0! | G47: TOMAR DATO DE LA PESTAÑA: FORMATO 06 Saldo contrato (SCE)
A48: CAPACIDAD RESIDUAL DEL OFERENTE | B48: =+((B38*((B40+B43+B45)/100))-B47) -> #VALUE! | C48: =+((C38*((C40+C43+C45)/100))-C47) -> #DIV/0! | D48: =+((D38*((D40+D43+D45)/100))-D47) -> #DIV/0! | E48: =+((E38*((E40+E43+E45)/100))-E47) -> #DIV/0!
E49: =SUM(B48:C48) -> #VALUE! | F49: =+IF(E49>=$B$5,"CUMPLE KR",IF(E49<$B$5,"NO CUMPLE KR")) -> #VALUE!
A51: CONTADOR O REVISOR FISCAL (CUANDO APLIQUE) | B51: CONTADOR / NOMBRE REVISOR FISCAL
A52: FORMATO 06 FIRMADO | B52: SI / NO
A53: FORMATO 18 FIRMADO | B53: SI / NO
A55: OFERENTE | B55: =VLOOKUP(A56,Conformación!$A$5:$S$129,2,FALSE) -> 0
A56: 2 | B56: =VLOOKUP(A56,Conformación!$A$5:$S$129,4,FALSE) -> 0
A59: DESCRIPCIÓN | B59: INTEGRANTE 1 | C59: INTEGRANTE 2 | D59: INTEGRANTE 3 | E59: INTEGRANTE 4 | F59: OBSERVACIONES
B60: =VLOOKUP(A56,Conformación!$A$5:$S$129,5,FALSE) -> 0 | C60: =VLOOKUP(A56,Conformación!$A$5:$S$129,8,FALSE) -> 0 | D60: =VLOOKUP(A56,Conformación!$A$5:$S$129,11,FALSE) -> 0 | E60: =VLOOKUP(A56,Conformación!$A$5:$S$129,14,FALSE) -> 0
B61: =VLOOKUP(A56,Conformación!$A$5:$S$129,7,FALSE) -> 0 | C61: =VLOOKUP(A56,Conformación!$A$5:$S$129,10,FALSE) -> 0 | D61: =VLOOKUP(A56,Conformación!$A$5:$S$129,13,FALSE) -> 0 | E61: =VLOOKUP(A56,Conformación!$A$5:$S$129,16,FALSE) -> 0
A62: Capacidad de Organización (CO) | B62: =B63 -> 0 | C62: =C63 -> 0 | D62: =D63 -> 0
A63: Mayor ingreso operacional | G63: FORMATO 18
A64: Puntos * experiencia (E ) | B64: =+IF(AND(B66>$D$15,B66<=$E$15),$F$15,IF(AND(B66>$D$16,B66<=$E$16),$F$16,IF(AND(B66>$D$17,B66<=$E$17),$F$17,IF(B66>$D$18,$F$18,"N/A")))) -> #DIV/0! | C64: =+IF(AND(C66>$D$15,C66<=$E$15),$F$15,IF(AND(C66>$D$16,C66<=$E$16),$F$16,IF(AND(C66>$D$17,C66<=$E$17),$F$17,IF(C66>$D$18,$F$18,"N/A")))) -> #DIV/0! | D64: =+IF(AND(D66>$D$15,D66<=$E$15),$F$15,IF(AND(D66>$D$16,D66<=$E$16),$F$16,IF(AND(D66>$D$17,D66<=$E$17),$F$17,IF(D66>$D$18,$F$18,"N/A")))) -> #DIV/0! | E64: =+IF(AND(E66>$D$15,E66<=$E$15),$F$15,IF(AND(E66>$D$16,E66<=$E$16),$F$16,IF(AND(E66>$D$17,E66<=$E$17),$F$17,IF(E66>$D$18,$F$18,"N/A")))) -> #DIV/0!
A65: Valor Total de los contratos (RUP) | G65: FORMATO 15 VALOR TOTAL
A66: Calculo de la Experiencia | B66: =+(B65/($B$5*B61)) -> #DIV/0! | C66: =+(C65/($B$5*C61)) -> #DIV/0! | D66: =+(D65/($B$5*D61)) -> #DIV/0! | E66: =+(E65/($B$5*E61)) -> #DIV/0!
A67: Puntos * capacidad Financiera (CF) | B67: =+IF(AND(B68>=$A$25,B68<$B$25),$C$25,IF(AND(B68>=$A$26,B68<$B$26),$C$26,IF(AND(B68>=$A$27,B68<$B$27),$C$27,IF(AND(B68>=$A$28,B68<$B$28),$C$28,IF(B68>=$A$29,$C$29,"N/A"))))) -> 20 | C67: =+IF(AND(C68>=$A$25,C68<$B$25),$C$25,IF(AND(C68>=$A$26,C68<$B$26),$C$26,IF(AND(C68>=$A$27,C68<$B$27),$C$27,IF(AND(C68>=$A$28,C68<$B$28),$C$28,IF(C68>=$A$29,$C$29,"N/A"))))) -> 20 | D67: =+IF(AND(D68>=$A$25,D68<$B$25),$C$25,IF(AND(D68>=$A$26,D68<$B$26),$C$26,IF(AND(D68>=$A$27,D68<$B$27),$C$27,IF(AND(D68>=$A$28,D68<$B$28),$C$28,IF(D68>=$A$29,$C$29,"N/A"))))) -> 20 | E67: =+IF(AND(E68>=$A$25,E68<$B$25),$C$25,IF(AND(E68>=$A$26,E68<$B$26),$C$26,IF(AND(E68>=$A$27,E68<$B$27),$C$27,IF(AND(E68>=$A$28,E68<$B$28),$C$28,IF(E68>=$A$29,$C$29,"N/A"))))) -> 20
A68: Indice de Liquidez | G68: RUP
A69: Puntos * Capacidad Técnica (CT) | B69: =+IF(AND(B70>=$D$25,B70<=$E$25),$F$25,IF(AND(B70>=$D$26,B70<=$E$26),$F$26,IF(B70>=$D$27,$F$27,"N/A"))) -> N/A | C69: =+IF(AND(C70>=$D$25,C70<=$E$25),$F$25,IF(AND(C70>=$D$26,C70<=$E$26),$F$26,IF(C70>=$D$27,$F$27,"N/A"))) -> N/A | D69: =+IF(AND(D70>=$D$25,D70<=$E$25),$F$25,IF(AND(D70>=$D$26,D70<=$E$26),$F$26,IF(D70>=$D$27,$F$27,"N/A"))) -> N/A | E69: =+IF(AND(E70>=$D$25,E70<=$E$25),$F$25,IF(AND(E70>=$D$26,E70<=$E$26),$F$26,IF(E70>=$D$27,$F$27,"N/A"))) -> N/A
A70: Numero de Profesionales | G70: FORMATO 16
A71: Saldo de contratos en ejecución (SCE) | B71: =+'FORMATO 06 Saldo contrato (SCE)'!H101 -> #DIV/0! | C71: =+'FORMATO 06 Saldo contrato (SCE)'!H120 -> #DIV/0! | D71: =+'FORMATO 06 Saldo contrato (SCE)'!H139 -> #DIV/0! | E71: =+'FORMATO 06 Saldo contrato (SCE)'!H336 -> 0 | G71: TOMAR DATO DE LA PESTAÑA: FORMATO 06 Saldo contrato (SCE)
A72: CAPACIDAD RESIDUAL DEL OFERENTE | B72: =+((B62*((B64+B67+B69)/100))-B71) -> #DIV/0! | C72: =+((C62*((C64+C67+C69)/100))-C71) -> #DIV/0! | D72: =+((D62*((D64+D67+D69)/100))-D71) -> #DIV/0! | E72: =+((E62*((E64+E67+E69)/100))-E71) -> #DIV/0!
E73: =SUM(B72:C72) -> #DIV/0! | F73: =+IF(E73>=$B$5,"CUMPLE KR",IF(E73<$B$5,"NO CUMPLE KR")) -> #DIV/0!
A75: CONTADOR O REVISOR FISCAL (CUANDO APLIQUE) | B75: CONTADOR / NOMBRE REVISOR FISCAL
A76: FORMATO 06 FIRMADO | B76: SI / NO
A77: FORMATO 18 FIRMADO | B77: SI / NO
A79: OFERENTE | B79: =VLOOKUP(A80,Conformación!$A$5:$S$129,2,FALSE) -> 0
A80: 3 | B80: =VLOOKUP(A80,Conformación!$A$5:$S$129,4,FALSE) -> 0
A83: DESCRIPCIÓN | B83: INTEGRANTE 1 | C83: INTEGRANTE 2 | D83: INTEGRANTE 3 | E83: INTEGRANTE 4 | F83: OBSERVACIONES
B84: =VLOOKUP(A80,Conformación!$A$5:$S$129,5,FALSE) -> 0 | C84: =VLOOKUP(A80,Conformación!$A$5:$S$129,8,FALSE) -> 0 | D84: =VLOOKUP(A80,Conformación!$A$5:$S$129,11,FALSE) -> 0 | E84: =VLOOKUP(A80,Conformación!$A$5:$S$129,14,FALSE) -> 0
B85: =VLOOKUP(A80,Conformación!$A$5:$S$129,7,FALSE) -> 0 | C85: =VLOOKUP(A80,Conformación!$A$5:$S$129,10,FALSE) -> 0 | D85: =VLOOKUP(A80,Conformación!$A$5:$S$129,13,FALSE) -> 0 | E85: =VLOOKUP(A80,Conformación!$A$5:$S$129,16,FALSE) -> 0
A86: Capacidad de Organización (CO) | B86: =B87 -> 0 | C86: =C87 -> 0 | D86: =D87 -> 0 | E86: =E87 -> 0
A87: Mayor ingreso operacional | G87: FORMATO 18
A88: Puntos * experiencia (E ) | B88: =+IF(AND(B90>$D$15,B90<=$E$15),$F$15,IF(AND(B90>$D$16,B90<=$E$16),$F$16,IF(AND(B90>$D$17,B90<=$E$17),$F$17,IF(B90>$D$18,$F$18,"N/A")))) -> #DIV/0! | C88: =+IF(AND(C90>$D$15,C90<=$E$15),$F$15,IF(AND(C90>$D$16,C90<=$E$16),$F$16,IF(AND(C90>$D$17,C90<=$E$17),$F$17,IF(C90>$D$18,$F$18,"N/A")))) -> #DIV/0! | D88: =+IF(AND(D90>$D$15,D90<=$E$15),$F$15,IF(AND(D90>$D$16,D90<=$E$16),$F$16,IF(AND(D90>$D$17,D90<=$E$17),$F$17,IF(D90>$D$18,$F$18,"N/A")))) -> #DIV/0! | E88: =+IF(AND(E90>$D$15,E90<=$E$15),$F$15,IF(AND(E90>$D$16,E90<=$E$16),$F$16,IF(AND(E90>$D$17,E90<=$E$17),$F$17,IF(E90>$D$18,$F$18,"N/A")))) -> #DIV/0!
A89: Valor Total de los contratos (RUP) | G89: FORMATO 15 VALOR TOTAL
A90: Calculo de la Experiencia | B90: =+(B89/($B$5*B85)) -> #DIV/0! | C90: =+(C89/($B$5*C85)) -> #DIV/0! | D90: =+(D89/($B$5*D85)) -> #DIV/0! | E90: =+(E89/($B$5*E85)) -> #DIV/0!
A91: Puntos * capacidad Financiera (CF) | B91: =+IF(AND(B92>=$A$25,B92<$B$25),$C$25,IF(AND(B92>=$A$26,B92<$B$26),$C$26,IF(AND(B92>=$A$27,B92<$B$27),$C$27,IF(AND(B92>=$A$28,B92<$B$28),$C$28,IF(B92>=$A$29,$C$29,"N/A"))))) -> 20 | C91: =+IF(AND(C92>=$A$25,C92<$B$25),$C$25,IF(AND(C92>=$A$26,C92<$B$26),$C$26,IF(AND(C92>=$A$27,C92<$B$27),$C$27,IF(AND(C92>=$A$28,C92<$B$28),$C$28,IF(C92>=$A$29,$C$29,"N/A"))))) -> 20 | D91: =+IF(AND(D92>=$A$25,D92<$B$25),$C$25,IF(AND(D92>=$A$26,D92<$B$26),$C$26,IF(AND(D92>=$A$27,D92<$B$27),$C$27,IF(AND(D92>=$A$28,D92<$B$28),$C$28,IF(D92>=$A$29,$C$29,"N/A"))))) -> 20 | E91: =+IF(AND(E92>=$A$25,E92<$B$25),$C$25,IF(AND(E92>=$A$26,E92<$B$26),$C$26,IF(AND(E92>=$A$27,E92<$B$27),$C$27,IF(AND(E92>=$A$28,E92<$B$28),$C$28,IF(E92>=$A$29,$C$29,"N/A"))))) -> 20
A92: Indice de Liquidez | G92: RUP
A93: Puntos * Capacidad Técnica (CT) | B93: =+IF(AND(B94>=$D$25,B94<=$E$25),$F$25,IF(AND(B94>=$D$26,B94<=$E$26),$F$26,IF(B94>=$D$27,$F$27,"N/A"))) -> N/A | C93: =+IF(AND(C94>=$D$25,C94<=$E$25),$F$25,IF(AND(C94>=$D$26,C94<=$E$26),$F$26,IF(C94>=$D$27,$F$27,"N/A"))) -> N/A | D93: =+IF(AND(D94>=$D$25,D94<=$E$25),$F$25,IF(AND(D94>=$D$26,D94<=$E$26),$F$26,IF(D94>=$D$27,$F$27,"N/A"))) -> N/A | E93: =+IF(AND(E94>=$D$25,E94<=$E$25),$F$25,IF(AND(E94>=$D$26,E94<=$E$26),$F$26,IF(E94>=$D$27,$F$27,"N/A"))) -> N/A
A94: Numero de Profesionales | G94: FORMATO 16
A95: Saldo de contratos en ejecución (SCE) | B95: =+'FORMATO 06 Saldo contrato (SCE)'!H181 -> #DIV/0! | C95: =+'FORMATO 06 Saldo contrato (SCE)'!H200 -> #DIV/0! | D95: =+'FORMATO 06 Saldo contrato (SCE)'!H219 -> #DIV/0! | E95: =+'FORMATO 06 Saldo contrato (SCE)'!H360 -> #DIV/0! | G95: TOMAR DATO DE LA PESTAÑA: FORMATO 06 Saldo contrato (SCE)
A96: CAPACIDAD RESIDUAL DEL OFERENTE | B96: =+((B86*((B88+B91+B93)/100))-B95) -> #DIV/0! | C96: =+((C86*((C88+C91+C93)/100))-C95) -> #DIV/0! | D96: =+((D86*((D88+D91+D93)/100))-D95) -> #DIV/0! | E96: =+((E86*((E88+E91+E93)/100))-E95) -> #DIV/0!
E97: =SUM(B96) -> #DIV/0! | F97: =+IF(E97>=$B$5,"CUMPLE KR",IF(E97<$B$5,"NO CUMPLE KR")) -> #DIV/0!
A99: CONTADOR O REVISOR FISCAL (CUANDO APLIQUE) | B99: CONTADOR / NOMBRE REVISOR FISCAL
A100: FORMATO 06 FIRMADO | B100: SI / NO
A101: FORMATO 18 FIRMADO | B101: SI / NO
A104: OFERENTE | B104: =VLOOKUP(A105,Conformación!$A$5:$S$129,2,FALSE) -> 0
A105: 4 | B105: =VLOOKUP(A105,Conformación!$A$5:$S$129,4,FALSE) -> 0
A108: DESCRIPCIÓN | B108: INTEGRANTE 1 | C108: INTEGRANTE 2 | D108: INTEGRANTE 3 | E108: INTEGRANTE 4 | F108: OBSERVACIONES
B109: =VLOOKUP(A105,Conformación!$A$5:$S$129,5,FALSE) -> 0 | C109: =VLOOKUP(A105,Conformación!$A$5:$S$129,8,FALSE) -> 0 | D109: =VLOOKUP(A105,Conformación!$A$5:$S$129,11,FALSE) -> 0 | E109: =VLOOKUP(A105,Conformación!$A$5:$S$129,14,FALSE) -> 0
B110: =VLOOKUP(A105,Conformación!$A$5:$S$129,7,FALSE) -> 0 | C110: =VLOOKUP(A105,Conformación!$A$5:$S$129,10,FALSE) -> 0 | D110: =VLOOKUP(A105,Conformación!$A$5:$S$129,13,FALSE) -> 0 | E110: =VLOOKUP(A105,Conformación!$A$5:$S$129,16,FALSE) -> 0
A111: Capacidad de Organización (CO) | B111: =B112 -> 0 | C111: =C112 -> 0 | D111: =D112 -> 0
A112: Mayor ingreso operacional | G112: FORMATO 18
A113: Puntos * experiencia (E ) | B113: =+IF(AND(B115>$D$15,B115<=$E$15),$F$15,IF(AND(B115>$D$16,B115<=$E$16),$F$16,IF(AND(B115>$D$17,B115<=$E$17),$F$17,IF(B115>$D$18,$F$18,"N/A")))) -> #DIV/0! | C113: =+IF(AND(C115>$D$15,C115<=$E$15),$F$15,IF(AND(C115>$D$16,C115<=$E$16),$F$16,IF(AND(C115>$D$17,C115<=$E$17),$F$17,IF(C115>$D$18,$F$18,"N/A")))) -> #DIV/0! | D113: =+IF(AND(D115>$D$15,D115<=$E$15),$F$15,IF(AND(D115>$D$16,D115<=$E$16),$F$16,IF(AND(D115>$D$17,D115<=$E$17),$F$17,IF(D115>$D$18,$F$18,"N/A")))) -> #DIV/0! | E113: =+IF(AND(E115>$D$15,E115<=$E$15),$F$15,IF(AND(E115>$D$16,E115<=$E$16),$F$16,IF(AND(E115>$D$17,E115<=$E$17),$F$17,IF(E115>$D$18,$F$18,"N/A")))) -> #DIV/0!
A114: Valor Total de los contratos (RUP) | G114: FORMATO 15 VALOR TOTAL
A115: Calculo de la Experiencia | B115: =+(B114/($B$5*B110)) -> #DIV/0! | C115: =+(C114/($B$5*C110)) -> #DIV/0! | D115: =+(D114/($B$5*D110)) -> #DIV/0! | E115: =+(E114/($B$5*E110)) -> #DIV/0!
A116: Puntos * capacidad Financiera (CF) | B116: =+IF(AND(B117>=$A$25,B117<$B$25),$C$25,IF(AND(B117>=$A$26,B117<$B$26),$C$26,IF(AND(B117>=$A$27,B117<$B$27),$C$27,IF(AND(B117>=$A$28,B117<$B$28),$C$28,IF(B117>=$A$29,$C$29,"N/A"))))) -> 20 | C116: =+IF(AND(C117>=$A$25,C117<$B$25),$C$25,IF(AND(C117>=$A$26,C117<$B$26),$C$26,IF(AND(C117>=$A$27,C117<$B$27),$C$27,IF(AND(C117>=$A$28,C117<$B$28),$C$28,IF(C117>=$A$29,$C$29,"N/A"))))) -> 20 | D116: =+IF(AND(D117>=$A$25,D117<$B$25),$C$25,IF(AND(D117>=$A$26,D117<$B$26),$C$26,IF(AND(D117>=$A$27,D117<$B$27),$C$27,IF(AND(D117>=$A$28,D117<$B$28),$C$28,IF(D117>=$A$29,$C$29,"N/A"))))) -> 20 | E116: =+IF(AND(E117>=$A$25,E117<$B$25),$C$25,IF(AND(E117>=$A$26,E117<$B$26),$C$26,IF(AND(E117>=$A$27,E117<$B$27),$C$27,IF(AND(E117>=$A$28,E117<$B$28),$C$28,IF(E117>=$A$29,$C$29,"N/A"))))) -> 20
A117: Indice de Liquidez | G117: RUP
A118: Puntos * Capacidad Técnica (CT) | B118: =+IF(AND(B119>=$D$25,B119<=$E$25),$F$25,IF(AND(B119>=$D$26,B119<=$E$26),$F$26,IF(B119>=$D$27,$F$27,"N/A"))) -> N/A | C118: =+IF(AND(C119>=$D$25,C119<=$E$25),$F$25,IF(AND(C119>=$D$26,C119<=$E$26),$F$26,IF(C119>=$D$27,$F$27,"N/A"))) -> N/A | D118: =+IF(AND(D119>=$D$25,D119<=$E$25),$F$25,IF(AND(D119>=$D$26,D119<=$E$26),$F$26,IF(D119>=$D$27,$F$27,"N/A"))) -> N/A | E118: =+IF(AND(E119>=$D$25,E119<=$E$25),$F$25,IF(AND(E119>=$D$26,E119<=$E$26),$F$26,IF(E119>=$D$27,$F$27,"N/A"))) -> N/A
A119: Numero de Profesionales | G119: FORMATO 16
A120: Saldo de contratos en ejecución (SCE) | B120: =+'FORMATO 06 Saldo contrato (SCE)'!H261 -> #DIV/0! | C120: =+'FORMATO 06 Saldo contrato (SCE)'!H280 -> #DIV/0! | D120: =+'FORMATO 06 Saldo contrato (SCE)'!H299 -> #DIV/0! | E120: =+'FORMATO 06 Saldo contrato (SCE)'!H383 -> 0 | G120: TOMAR DATO DE LA PESTAÑA: FORMATO 06 Saldo contrato (SCE)
A121: CAPACIDAD RESIDUAL DEL OFERENTE | B121: =+((B111*((B113+B116+B118)/100))-B120) -> #DIV/0! | C121: =+((C111*((C113+C116+C118)/100))-C120) -> #DIV/0! | D121: =+((D111*((D113+D116+D118)/100))-D120) -> #DIV/0! | E121: =+((E111*((E113+E116+E118)/100))-E120) -> #DIV/0!
E122: =SUM(B121:C121) -> #DIV/0! | F122: =+IF(E122>=$B$6,"CUMPLE KR",IF(E122<$B$6,"NO CUMPLE KR")) -> #DIV/0!
A124: CONTADOR O REVISOR FISCAL (CUANDO APLIQUE) | B124: CONTADOR / NOMBRE REVISOR FISCAL
...

Sheet Conformación
A1: =+'K-Kr Constructor'!A1 -> EMPRESA NACIONAL PROMOTORA DEL DESARROLLO TERRITORIAL – ENTerritorio Sistema general de Regalias OBJETO: “INTERVENTORÍA TÉCNICA, ADMINISTRATIVA, FINANCIERA, AMBIENTAL Y DE CONTROL SOCIAL, LEGAL Y PRESU-PUESTAL PARA EL MEJORAMIENTO, ADECUACIÓN, REMODELACIÓN Y AJUSTES A DISEÑOS DE POLIDEPORTIVOS EN LOS BARRIOS CARTAGENITA SECTOR JARDÍN, LA PAZ Y LOS MONARKAS MUNICIPIO DE FACATATIVÁ – DEPARTA-MENTO DE CUNDINAMARCA.” CONTRATACIÓN DIRECTA CDI 073-2020
A4: No. | B4: NOMBRE DEL OFERENTE | C4: REPRESENTANTE LEGAL | D4: INTEGRANTES | E4: INTEGRANTE 1 | F4: Identificación Int. 1 | G4: % Int. 1 | H4: INTEGRANTE 2 | I4: Identificación Int. 2 | J4: % Int. 2 | K4: INTEGRANTE 3 | L4: Identificación Int. 3 | M4: % Int. 3 | N4: INTEGRANTE 4 | O4: Identificación Int. 4 | P4: % Int. 4 | Q4: INTEGRANTE 5 | R4: Identificación Int. 5 | S4: % Int. 5 | T4: Telefono | U4: FAX | V4: Direccion | W4: Email | X4: Ciudad | Y4: ANTICIPO
A5: 1 | B5: CONSTRUCTODO INGENIEROS CONTRATISTAS LTDA | C5: HENRY ALBERTO CASTRO REINA C.C. 80.019.099 | D5: ="("&E5&" "&TEXT(G5,"##0%")&" - "&H5&" "&TEXT(J5,"##0%")&" - "&K5&" "&TEXT(M5,"##0%")&"-"&N5&" "&TEXT(P5,"##0%")&"-"&Q5&" "&TEXT(S5,"##0%")&") " -> (CONSTRUCTODO INGENIEROS CONTRATISTAS LTDA. 100% - 0% - 0%- 0%- 0%) | E5: CONSTRUCTODO INGENIEROS CONTRATISTAS LTDA. | F5: NIT: 900.084.348-2 | G5: 1 | L5: NIT o C.C. | O5: NIT o C.C. | R5: NIT o C.C. | T5: 3124573673 | U5: 7589566 | V5: AVENIDA CARACAS #34-86 BOGOTÁ D.C. | W5: constructodoltda@gmail.com | X5: BOGOTÁ D.C | Y5: NO INDICA
A6: 2
A7: 3
A8: 4
A9: 5
A10: 6
A11: 7
A12: 8
A13: 9
A14: 10
A15: 11
A16: 12
A17: 13
... A29: 25

Sheet FORMATO 06 Saldo contrato (SCE)
A1: =+'K-Kr Constructor'!A1:F1 -> EMPRESA NACIONAL PROMOTORA DEL DESARROLLO TERRITORIAL – ENTerritorio Sistema general de Regalias OBJETO: “INTERVENTORÍA TÉCNICA, ADMINISTRATIVA, FINANCIERA, AMBIENTAL Y DE CONTROL SOCIAL, LEGAL Y PRESU-PUESTAL PARA EL MEJORAMIENTO, ADECUACIÓN, REMODELACIÓN Y AJUSTES A DISEÑOS DE POLIDEPORTIVOS EN LOS BARRIOS CARTAGENITA SECTOR JARDÍN, LA PAZ Y LOS MONARKAS MUNICIPIO DE FACATATIVÁ – DEPARTA-MENTO DE CUNDINAMARCA.” CONTRATACIÓN DIRECTA CDI 073-2020
A3: OFERENTE | B3: =VLOOKUP(A4,Conformación!$A$5:$S$129,2,FALSE) -> CONSTRUCTODO INGENIEROS CONTRATISTAS LTDA
A4: 1 | B4: =VLOOKUP(A4,Conformación!$A$5:$S$129,4,FALSE) -> (CONSTRUCTODO INGENIEROS CONTRATISTAS LTDA. 100% - 0% - 0%- 0%- 0%)
A6: INTEGRANTE 1
A7: =VLOOKUP(A4,Conformación!$A$5:$S$129,5,FALSE) -> CONSTRUCTODO INGENIEROS CONTRATISTAS LTDA.
A8: =VLOOKUP(A4,Conformación!$A$5:$S$129,7,FALSE) -> 1
A9: DESCRIPCIÓN | B9: CONTRATO 1 | C9: CONTRATO 2 | D9: CONTRATO 3 | E9: CONTRATO 4 | F9: CONTRATO 5 | G9: CONTRATO 6 | H9: CONTRATO 7
A10: Plazo (MESES)
A11: Plazo (DIAS) | B11: =+B10*30 -> 0 | C11: =+C10*30 -> 0 | D11: =+D10*30 -> 0 | E11: =+E10*30 -> 0 | F11: =+F10*30 -> 0 | G11: =+G10*30 -> 0 | H11: =+H10*30 -> 0
A12: Valor
A13: Fecha de inicio | B13: 0 | C13: 0 | D13: 0 | E13: 0 | F13: 0 | G13: 0 | H13: 0 | I13: si el contrato NO ha iniciado, se deja la fecha del cierre del proceso
A14: Fecha de suspensión | B14: 0 | C14: 0 | D14: 0 | E14: 0 | F14: 0 | G14: 0 | H14: 0
A15: Porcentaje de participación: | B15: 0 | C15: 0 | D15: 0 | E15: 0 | F15: 0 | G15: 0 | H15: 0
A16: Fecha de presentación de la oferta objeto del Proceso de Contratación | B16: 0 | C16: 0 | D16: 0 | E16: 0 | F16: 0 | G16: 0 | H16: 0 | I16: FECHA DEL CIERRE DEL PROCESO
A17: Días ejecutados | B17: =IF(B14=0,DAYS360(B13,B16),DAYS360(B13,B14)) -> 0 | C17: =IF(C14=0,DAYS360(C13,C16),DAYS360(C13,C14)) -> 0 | D17: =IF(D14=0,DAYS360(D13,D16),DAYS360(D13,D14)) -> 0 | E17: =IF(E14=0,DAYS360(E13,E16),DAYS360(E13,E14)) -> 0 | F17: =IF(F14=0,DAYS360(F13,F16),DAYS360(F13,F14)) -> 0 | G17: =IF(G14=0,DAYS360(G13,G16),DAYS360(G13,G14)) -> 0 | H17: =IF(H14=0,DAYS360(H13,H16),DAYS360(H13,H14)) -> 0
A18: Días por ejecutar | B18: =+(B10*30)-B17 -> 0 | C18: =+(C10*30)-C17 -> 0 | D18: =+(D10*30)-D17 -> 0 | E18: =+(E10*30)-E17 -> 0 | F18: =+(F10*30)-F17 -> 0 | G18: =+(G10*30)-G17 -> 0 | H18: =+(H10*30)-H17 -> 0 | J18: si la celda queda de este color (se debe digitar 360)
A19: Saldo diario del contrato en ejecución | B19: =+(B12/(B10*30)) -> #DIV/0! | C19: =+(C12/(C10*30)) -> #DIV/0! | D19: =+(D12/(D10*30)) -> #DIV/0! | E19: =+(E12/(E10*30)) -> #DIV/0! | F19: =+(F12/(F10*30)) -> #DIV/0! | G19: =+(G12/(G10*30)) -> #DIV/0! | H19: =+(H12/(H10*30)) -> #DIV/0!
A20: SALDO DEL CONTRATO EN EJECUCIÓN | B20: =+B19*B18*B15 -> #DIV/0! | C20: =+C19*C18*C15 -> #DIV/0! | D20: =+D19*D18*D15 -> #DIV/0! | E20: =+E19*E18*E15 -> #DIV/0! | F20: =+F19*F18*F15 -> #DIV/0! | G20: =+G19*G18*G15 -> #DIV/0! | H20: =+H19*H18*H15 -> #DIV/0! | J20: si la celda queda de este color (se tiene un valor negativo)
A21: TOTAL DE SALDOS DE CONTRATOS EN EJECUCIÓN | H21: =SUM(B20:H20) -> #DIV/0! | J21: dejar cero (0)
A23: Nota: En la casilla de los dias por ejecutar se superan los 360 dias: Se debe colocar 360 dias
A25: INTEGRANTE 2
A26: =VLOOKUP(A4,Conformación!$A$5:$S$129,8,FALSE) -> 0
A27: =VLOOKUP(A4,Conformación!$A$5:$S$129,10,FALSE) -> 0
A28: DESCRIPCIÓN | B28: CONTRATO 1 | C28: CONTRATO 2 | D28: CONTRATO 3 | E28: CONTRATO 4 | F28: CONTRATO 5 | G28: CONTRATO 6 | H28: CONTRATO 7
A29: Plazo (MESES)
A30: Plazo (DIAS) | B30: =+B29*30 -> 0 | C30: =+C29*30 -> 0 | D30: =+D29*30 -> 0 | E30: =+E29*30 -> 0 | F30: =+F29*30 -> 0 | G30: =+G29*30 -> 0 | H30: =+H29*30 -> 0
A31: Valor
A32: Fecha de inicio | B32: 0 | C32: 0 | D32: 0 | E32: 0 | F32: 0 | G32: 0 | H32: 0 | I32: =+$I$13 -> si el contrato NO ha iniciado, se deja la fecha del cierre del proceso
A33: Fecha de suspensión | B33: 0 | C33: 0 | D33: 0 | E33: 0 | F33: 0 | G33: 0 | H33: 0
A34: Porcentaje de participación: | B34: 0 | C34: 0 | D34: 0 | E34: 0 | F34: 0 | G34: 0 | H34: 0
A35: Fecha de presentación de la oferta objeto del Proceso de Contratación | B35: 0 | C35: 0 | D35: 0 | E35: 0 | F35: 0 | G35: 0 | H35: 0 | I35: =+$I$16 -> FECHA DEL CIERRE DEL PROCESO
A36: Días ejecutados | B36: =IF(B33=0,DAYS360(B32,B35),DAYS360(B32,B33)) -> 0 | C36: =IF(C33=0,DAYS360(C32,C35),DAYS360(C32,C33)) -> 0 | D36: =IF(D33=0,DAYS360(D32,D35),DAYS360(D32,D33)) -> 0 | E36: =IF(E33=0,DAYS360(E32,E35),DAYS360(E32,E33)) -> 0 | F36: =IF(F33=0,DAYS360(F32,F35),DAYS360(F32,F33)) -> 0 | G36: =IF(G33=0,DAYS360(G32,G35),DAYS360(G32,G33)) -> 0 | H36: =IF(H33=0,DAYS360(H32,H35),DAYS360(H32,H33)) -> 0
A37: Días por ejecutar | B37: =+(B29*30)-B36 -> 0 | C37: =+(C29*30)-C36 -> 0 | D37: =+(D29*30)-D36 -> 0 | E37: =+(E29*30)-E36 -> 0 | F37: =+(F29*30)-F36 -> 0 | G37: =+(G29*30)-G36 -> 0 | H37: =+(H29*30)-H36 -> 0 | J37: si la celda queda de este color (se debe digitar 360)
A38: Saldo diario del contrato en ejecución | B38: =+(B31/(B29*30)) -> #DIV/0! | C38: =+(C31/(C29*30)) -> #DIV/0! | D38: =+(D31/(D29*30)) -> #DIV/0! | E38: =+(E31/(E29*30)) -> #DIV/0! | F38: =+(F31/(F29*30)) -> #DIV/0! | G38: =+(G31/(G29*30)) -> #DIV/0! | H38: =+(H31/(H29*30)) -> #DIV/0!
A39: SALDO DEL CONTRATO EN EJECUCIÓN | B39: =+B38*B37*B34 -> #DIV/0! | C39: =+C38*C37*C34 -> #DIV/0! | D39: =+D38*D37*D34 -> #DIV/0! | E39: =+E38*E37*E34 -> #DIV/0! | F39: =+F38*F37*F34 -> #DIV/0! | G39: =+G38*G37*G34 -> #DIV/0! | H39: =+H38*H37*H34 -> #DIV/0! | J39: si la celda queda de este color (se tiene un valor negativo)
A40: TOTAL DE SALDOS DE CONTRATOS EN EJECUCIÓN | H40: =SUM(B39:H39) -> #DIV/0! | J40: dejar cero (0)
A42: Nota: En la casilla de los dias por ejecutar se superan los 360 dias: Se debe colocar 360 dias
A44: INTEGRANTE 3
A45: =VLOOKUP(A4,Conformación!$A$5:$S$129,11,FALSE) -> 0
A46: =VLOOKUP(A4,Conformación!$A$5:$S$129,13,FALSE) -> 0
A47: DESCRIPCIÓN | B47: CONTRATO 1 | C47: CONTRATO 2 | D47: CONTRATO 3 | E47: CONTRATO 4 | F47: CONTRATO 5 | G47: CONTRATO 6 | H47: CONTRATO 7
A48: Plazo (MESES)
A49: Plazo (DIAS) | B49: =+B48*30 -> 0 | C49: =+C48*30 -> 0 | D49: =+D48*30 -> 0 | E49: =+E48*30 -> 0 | F49: =+F48*30 -> 0 | G49: =+G48*30 -> 0 | H49: =+H48*30 -> 0
A50: Valor
A51: Fecha de inicio | B51: 0 | C51: 0 | D51: 0 | E51: 0 | F51: 0 | G51: 0 | H51: 0 | I51: =+$I$13 -> si el contrato NO ha iniciado, se deja la fecha del cierre del proceso
A52: Fecha de suspensión | B52: 0 | C52: 0 | D52: 0 | E52: 0 | F52: 0 | G52: 0 | H52: 0
A53: Porcentaje de participación: | B53: 0 | C53: 0 | D53: 0 | E53: 0 | F53: 0 | G53: 0 | H53: 0
A54: Fecha de presentación de la oferta objeto del Proceso de Contratación | B54: 0 | C54: 0 | D54: 0 | E54: 0 | F54: 0 | G54: 0 | H54: 0 | I54: =+$I$16 -> FECHA DEL CIERRE DEL PROCESO
A55: Días ejecutados | B55: =IF(B52=0,DAYS360(B51,B54),DAYS360(B51,B52)) -> 0 | C55: =IF(C52=0,DAYS360(C51,C54),DAYS360(C51,C52)) -> 0 | D55: =IF(D52=0,DAYS360(D51,D54),DAYS360(D51,D52)) -> 0 | E55: =IF(E52=0,DAYS360(E51,E54),DAYS360(E51,E52)) -> 0 | F55: =IF(F52=0,DAYS360(F51,F54),DAYS360(F51,F52)) -> 0 | G55: =IF(G52=0,DAYS360(G51,G54),DAYS360(G51,G52)) -> 0 | H55: =IF(H52=0,DAYS360(H51,H54),DAYS360(H51,H52)) -> 0
A56: Días por ejecutar | B56: =+(B48*30)-B55 -> 0 | C56: =+(C48*30)-C55 -> 0 | D56: =+(D48*30)-D55 -> 0 | E56: =+(E48*30)-E55 -> 0 | F56: =+(F48*30)-F55 -> 0 | G56: =+(G48*30)-G55 -> 0 | H56: =+(H48*30)-H55 -> 0 | J56: si la celda queda de este color (se debe digitar 360)
A57: Saldo diario del contrato en ejecución | B57: =+(B50/(B48*30)) -> #DIV/0! | C57: =+(C50/(C48*30)) -> #DIV/0! | D57: =+(D50/(D48*30)) -> #DIV/0! | E57: =+(E50/(E48*30)) -> #DIV/0! | F57: =+(F50/(F48*30)) -> #DIV/0! | G57: =+(G50/(G48*30)) -> #DIV/0! | H57: =+(H50/(H48*30)) -> #DIV/0!
A58: SALDO DEL CONTRATO EN EJECUCIÓN | B58: =+B57*B56*B53 -> #DIV/0! | C58: =+C57*C56*C53 -> #DIV/0! | D58: =+D57*D56*D53 -> #DIV/0! | E58: =+E57*E56*E53 -> #DIV/0! | F58: =+F57*F56*F53 -> #DIV/0! | G58: =+G57*G56*G53 -> #DIV/0! | H58: =+H57*H56*H53 -> #DIV/0! | J58: si la celda queda de este color (se tiene un valor negativo)
A59: TOTAL DE SALDOS DE CONTRATOS EN EJECUCIÓN | H59: =SUM(B58:H58) -> #DIV/0! | J59: dejar cero (0)
A61: Nota: En la casilla de los dias por ejecutar se superan los 360 dias: Se debe colocar 360 dias
A63: INTEGRANTE 4
A64: =VLOOKUP(A4,Conformación!$A$5:$S$129,14,FALSE) -> 0
A65: =VLOOKUP(A4,Conformación!$A$5:$S$129,16,FALSE) -> 0
A66: DESCRIPCIÓN | B66: CONTRATO 1 | C66: CONTRATO 2 | D66: CONTRATO 3 | E66: CONTRATO 4 | F66: CONTRATO 5 | G66: CONTRATO 6 | H66: CONTRATO 7
A67: Plazo (MESES)
A68: Plazo (DIAS) | B68: =+B67*30 -> 0 | C68: =+C67*30 -> 0 | D68: =+D67*30 -> 0 | E68: =+E67*30 -> 0 | F68: =+F67*30 -> 0 | G68: =+G67*30 -> 0 | H68: =+H67*30 -> 0
A69: Valor
A70: Fecha de inicio | B70: 0 | C70: 0 | D70: 0 | E70: 0 | F70: 0 | G70: 0 | H70: 0 | I70: =+$I$13 -> si el contrato NO ha iniciado, se deja la fecha del cierre del proceso
A71: Fecha de suspensión | B71: 0 | C71: 0 | D71: 0 | E71: 0 | F71: 0 | G71: 0 | H71: 0
A72: Porcentaje de participación: | B72: 0 | C72: 0 | D72: 0 | E72: 0 | F72: 0 | G72: 0 | H72: 0
A73: Fecha de presentación de la oferta objeto del Proceso de Contratación | B73: 0 | C73: 0 | D73: 0 | E73: 0 | F73: 0 | G73: 0 | H73: 0 | I73: =+$I$16 -> FECHA DEL CIERRE DEL PROCESO
A74: Días ejecutados | B74: =IF(B71=0,DAYS360(B70,B73),DAYS360(B70,B71)) -> 0 | C74: =IF(C71=0,DAYS360(C70,C73),DAYS360(C70,C71)) -> 0 | D74: =IF(D71=0,DAYS360(D70,D73),DAYS360(D70,D71)) -> 0 | E74: =IF(E71=0,DAYS360(E70,E73),DAYS360(E70,E71)) -> 0 | F74: =IF(F71=0,DAYS360(F70,F73),DAYS360(F70,F71)) -> 0 | G74: =IF(G71=0,DAYS360(G70,G73),DAYS360(G70,G71)) -> 0 | H74: =IF(H71=0,DAYS360(H70,H73),DAYS360(H70,H71)) -> 0
A75: Días por ejecutar | B75: =+(B67*30)-B74 -> 0 | C75: =+(C67*30)-C74 -> 0 | D75: =+(D67*30)-D74 -> 0 | E75: =+(E67*30)-E74 -> 0 | F75: =+(F67*30)-F74 -> 0 | G75: =+(G67*30)-G74 -> 0 | H75: =+(H67*30)-H74 -> 0 | J75: si la celda queda de este color (se debe digitar 360)
A76: Saldo diario del contrato en ejecución | B76: =+(B69/(B67*30)) -> #DIV/0! | C76: =+(C69/(C67*30)) -> #DIV/0! | D76: =+(D69/(D67*30)) -> #DIV/0! | E76: =+(E69/(E67*30)) -> #DIV/0! | F76: =+(F69/(F67*30)) -> #DIV/0! | G76: =+(G69/(G67*30)) -> #DIV/0! | H76: =+(H69/(H67*30)) -> #DIV/0!
A77: SALDO DEL CONTRATO EN EJECUCIÓN | B77: =+B76*B75*B72 -> #DIV/0! | C77: =+C76*C75*C72 -> #DIV/0! | D77: =+D76*D75*D72 -> #DIV/0! | E77: =+E76*E75*E72 -> #DIV/0! | F77: =+F76*F75*F72 -> #DIV/0! | G77: =+G76*G75*G72 -> #DIV/0! | H77: =+H76*H75*H72 -> #DIV/0! | J77: si la celda queda de este color (se tiene un valor negativo)
A78: TOTAL DE SALDOS DE CONTRATOS EN EJECUCIÓN | H78: =SUM(B77:H77) -> #DIV/0! | J78: dejar cero (0)
A80: Nota: En la casilla de los dias por ejecutar se superan los 360 dias: Se debe colocar 360 dias
A83: OFERENTE | B83: =VLOOKUP(A84,Conformación!$A$5:$S$129,2,FALSE) -> 0
A84: 2 | B84: =VLOOKUP(A84,Conformación!$A$5:$S$129,4,FALSE) -> 0
A86: INTEGRANTE 1
A87: =VLOOKUP(A84,Conformación!$A$5:$S$129,5,FALSE) -> 0
A88: =VLOOKUP(A84,Conformación!$A$5:$S$129,7,FALSE) -> 0
A89: DESCRIPCIÓN | B89: CONTRATO 1 | C89: CONTRATO 2 | D89: CONTRATO 3 | E89: CONTRATO 4 | F89: CONTRATO 5 | G89: CONTRATO 6 | H89: CONTRATO 7
A90: Plazo (MESES)
A91: Plazo (DIAS) | B91: =+B90*30 -> 0 | C91: =+C90*30 -> 0 | D91: =+D90*30 -> 0 | E91: =+E90*30 -> 0 | F91: =+F90*30 -> 0 | G91: =+G90*30 -> 0 | H91: =+H90*30 -> 0
A92: Valor
A93: Fecha de inicio | B93: 0 | C93: 0 | D93: 0 | E93: 0 | F93: 0 | G93: 0 | H93: 0 | I93: =+$I$13 -> si el contrato NO ha iniciado, se deja la fecha del cierre del proceso
A94: Fecha de suspensión | B94: 0 | C94: 0 | D94: 0 | E94: 0 | F94: 0 | G94: 0 | H94: 0
A95: Porcentaje de participación: | B95: 0 | C95: 0 | D95: 0 | E95: 0 | F95: 0 | G95: 0 | H95: 0
A96: Fecha de presentación de la oferta objeto del Proceso de Contratación | B96: 0 | C96: 0 | D96: 0 | E96: 0 | F96: 0 | G96: 0 | H96: 0 | I96: =+$I$16 -> FECHA DEL CIERRE DEL PROCESO
A97: Días ejecutados | B97: =IF(B94=0,DAYS360(B93,B96),DAYS360(B93,B94)) -> 0 | C97: =IF(C94=0,DAYS360(C93,C96),DAYS360(C93,C94)) -> 0 | D97: =IF(D94=0,DAYS360(D93,D96),DAYS360(D93,D94)) -> 0 | E97: =IF(E94=0,DAYS360(E93,E96),DAYS360(E93,E94)) -> 0 | F97: =IF(F94=0,DAYS360(F93,F96),DAYS360(F93,F94)) -> 0 | G97: =IF(G94=0,DAYS360(G93,G96),DAYS360(G93,G94)) -> 0 | H97: =IF(H94=0,DAYS360(H93,H96),DAYS360(H93,H94)) -> 0
A98: Días por ejecutar | B98: =+(B90*30)-B97 -> 0 | C98: =+(C90*30)-C97 -> 0 | D98: =+(D90*30)-D97 -> 0 | E98: =+(E90*30)-E97 -> 0 | F98: =+(F90*30)-F97 -> 0 | G98: =+(G90*30)-G97 -> 0 | H98: =+(H90*30)-H97 -> 0 | J98: si la celda queda de este color (se debe digitar 360)
A99: Saldo diario del contrato en ejecución | B99: =+(B92/(B90*30)) -> #DIV/0! | C99: =+(C92/(C90*30)) -> #DIV/0! | D99: =+(D92/(D90*30)) -> #DIV/0! | E99: =+(E92/(E90*30)) -> #DIV/0! | F99: =+(F92/(F90*30)) -> #DIV/0! | G99: =+(G92/(G90*30)) -> #DIV/0! | H99: =+(H92/(H90*30)) -> #DIV/0!
A100: SALDO DEL CONTRATO EN EJECUCIÓN | B100: =+B99*B98*B95 -> #DIV/0! | C100: =+C99*C98*C95 -> #DIV/0! | D100: =+D99*D98*D95 -> #DIV/0! | E100: =+E99*E98*E95 -> #DIV/0! | F100: =+F99*F98*F95 -> #DIV/0! | G100: =+G99*G98*G95 -> #DIV/0! | H100: =+H99*H98*H95 -> #DIV/0! | J100: si la celda queda de este color (se tiene un valor negativo)
A101: TOTAL DE SALDOS DE CONTRATOS EN EJECUCIÓN | H101: =SUM(B100:H100) -> #DIV/0! | J101: dejar cero (0)
A103: Nota: En la casilla de los dias por ejecutar se superan los 360 dias: Se debe colocar 360 dias
A105: INTEGRANTE 2
A106: =VLOOKUP(A84,Conformación!$A$5:$S$129,8,FALSE) -> 0
A107: =VLOOKUP(A84,Conformación!$A$5:$S$129,10,FALSE) -> 0
A108: DESCRIPCIÓN | B108: CONTRATO 1 | C108: CONTRATO 2 | D108: CONTRATO 3 | E108: CONTRATO 4 | F108: CONTRATO 5 | G108: CONTRATO 6 | H108: CONTRATO 7
A109: Plazo (MESES)
A110: Plazo (DIAS) | B110: =+B109*30 -> 0 | C110: =+C109*30 -> 0 | D110: =+D109*30 -> 0 | E110: =+E109*30 -> 0 | F110: =+F109*30 -> 0 | G110: =+G109*30 -> 0 | H110: =+H109*30 -> 0
A111: Valor
A112: Fecha de inicio | B112: 0 | C112: 0 | D112: 0 | E112: 0 | F112: 0 | G112: 0 | H112: 0 | I112: =+$I$13 -> si el contrato NO ha iniciado, se deja la fecha del cierre del proceso
A113: Fecha de suspensión | B113: 0 | C113: 0 | D113: 0 | E113: 0 | F113: 0 | G113: 0 | H113: 0
A114: Porcentaje de participación: | B114: 0 | C114: 0 | D114: 0 | E114: 0 | F114: 0 | G114: 0 | H114: 0
...

Sheet Exp. oferente
A1: =+'K-Kr Constructor'!A1:F1 -> EMPRESA NACIONAL PROMOTORA DEL DESARROLLO TERRITORIAL – ENTerritorio Sistema general de Regalias OBJETO: “INTERVENTORÍA TÉCNICA, ADMINISTRATIVA, FINANCIERA, AMBIENTAL Y DE CONTROL SOCIAL, LEGAL Y PRESU-PUESTAL PARA EL MEJORAMIENTO, ADECUACIÓN, REMODELACIÓN Y AJUSTES A DISEÑOS DE POLIDEPORTIVOS EN LOS BARRIOS CARTAGENITA SECTOR JARDÍN, LA PAZ Y LOS MONARKAS MUNICIPIO DE FACATATIVÁ – DEPARTA-MENTO DE CUNDINAMARCA.” CONTRATACIÓN DIRECTA CDI 073-2020
U2: AÑO | V2: SMMLV
A3: EXPERIENCIA TÉCNICA DEL OFERENTE | U3: 1984 | V3: 11298
U4: 1985 | V4: 13557.6
A5: El oferente debe acreditar en su oferta, que cuenta con experiencia específica en: | U5: 1986 | V5: 16811.4
A6: EN LA EJECUCIÓN DE CONTRATOS DE INTERVENTORIA A LA ELABORACIÓN DE ESTUDIOS O DISEÑOS DE SISTEMAS DE ACUEDUCTO O ALCANTARILLADO QUE INCLUYAN DENTRO DE SU ALCANCE PLANTAS DE TRATAMIENTO DE AGUA POTABLE (PTAP) Y/O PLANTAS DE TRATAMIENTO DE AGUA RESIDUAL (PTAR). | U6: 1987 | V6: 20509.8
A7: La experiencia deberá ser acreditada con la ejecución de MÁXIMO CINCO (5) CONTRATOS (Terminados).
A8: Los contratos aportados deben sumar en su conjunto, un valor igual o superior a 1,0 vez el valor del POE, expresado en SMMLV en la fecha de terminación | U8: 1987 | V8: 20509.8
A9: MÍNIMO UNO (1) de los contratos aportados, deberá tener un valor igual o superior a UNA (1) vez el valor del POE, expresado en SMMLV a la fecha de terminación. | U9: 1987 | V9: 20509.8
A10: Mínimo (1) uno de los contratos aportados deberá tener dentro de sus actividades intervenciones en construcción de Boxcoulver. | U10: 1987 | V10: 20509.8
A11: Mínimo (1) uno de los contratos aportados debe ser igual o superior valor al POE expresado en SMLMV en la fecha de terminación | U11: 1987 | V11: 20509.8
U12: 1988 | V12: 25637.4
J13: SMMLV | U13: 1989 | V13: 32559.6
J14: =I15/I16 -> 199.92712 | U14: 1990 | V14: 41025
F15: Los contratos aportados deberán sumar, en su conjunto, un valor igual o superior a 2 veces el valor del POE, expresado en SMMLV a la fecha de terminación | G15: =I15/I16 -> 199.92712 | H15: presup.of | I15: =+'K-Kr Constructor'!B5 -> 1.7549663e+08 | J15: SMMLV | U15: 1991 | V15: 51716.1
H16: SMMLV 2020 | I16: 877803 | J16: =(I15/I16) -> 199.92712 | U16: 1992 | V16: 65190
U17: 1993 | V17: 81510
U18: 1994 | V18: 98700
B19: Oferente | C19: 1 | D19: =VLOOKUP(C19,Conformación!$A$5:$S$129,2,FALSE) -> CONSTRUCTODO INGENIEROS CONTRATISTAS LTDA | U19: 1995 | V19: 118933.5
D20: =VLOOKUP(C19,Conformación!$A$5:$S$129,4,FALSE) -> (CONSTRUCTODO INGENIEROS CONTRATISTAS LTDA. 100% - 0% - 0%- 0%- 0%) | U20: 1996 | V20: 142125
O21: INTEGRANTES | U21: 1997 | V21: 172005
O22: =+G37 -> CONSTRUCTODO INGENIEROS CONTRATISTAS LTDA. | P22: =+G38 -> 0 | Q22: =+G39 -> 0 | R22: =+G40 -> 0 | S22: =+G41 -> 0 | U22: 1998 | V22: 203826
A23: No | B23: PROPIETARIO O ENTIDAD CONTRATANTE | C23: APORTADA POR | D23: % en Cto | E23: CONSECUTIVO RUP | F23: OBJETO | G23: Fecha de Terminación | H23: Página | I23: VALOR | J23: =+J$13 -> SMMLV | K23: OBSERVACIONES | O23: =+IF(C24=$O$22,J24,0) -> 15.110792 | P23: =+IF(C24=$P$22,J24,0) -> 0 | Q23: =+IF(C24=$Q$22,J24,0) -> 0 | R23: =+IF(C24=$R$22,J24,0) -> 0 | S23: =+IF(C24=$S$22,J24,0) -> 0 | U23: 1999 | V23: 236460
A24: 1 | B24: FONADE | C24: CONSTRUCTODO INGENIEROS CONTRATISTAS LTDA. | D24: 0.9 | E24: 19 | F24: “INTERVENTORÍA TÉCNICA, ADMINISTRATIVA Y DE CONTROL PRESUPUESTAL A LAS OBRAS DE ADECUACIÓN DE UNA PLACA POLIDEPORTIVA Y DE LA CUBIERTA EXISTENTE EN EL POLIDEPORTIVO DEL CORREGIMIENTO ESTACIÓN COCORNA, UBICADO EN EL MUNICIPIO DE PUERTO TRIUNFO, ANTIOQUIA.” | G24: 40859 | H24: SECOP ll | I24: 8992600 | J24: =IF(G24=0,0,IF(G24<0,"FUERA DE TIEMPO",I24*D24/VLOOKUP(YEAR(G24),$U$3:$V$45,2,0))) -> 15.110792 | K24: CUMPLE La certificación acredita debidamente discriminada en la experiencia pedida. | L24: =+IF(J24>=$G$15,1,0) -> 0 | O24: =+IF(C25=$O$22,J25,0) -> 119.74973 | P24: =+IF(C25=$P$22,J25,0) -> 0 | Q24: =+IF(C25=$Q$22,J25,0) -> 0 | R24: =+IF(C25=$R$22,J25,0) -> 0 | S24: =+IF(C25=$S$22,J25,0) -> 0 | U24: 2000 | V24: 260100
A25: 2 | B25: UNIDAD DE RIESGOS | C25: CONSTRUCTODO INGENIEROS CONTRATISTAS LTDA. | D25: 0.9 | E25: 10 | F25: INTERVENTORÍA ADMINISTRATIVA, TÉCNICA, FINANCIERA Y AMBIENTAL, PARA LA ONSTRUCCIÓN DE AULAS Y DE BATERÍAS ANITARIAS DE LAS SEDES EDUCATIVAS AFECTADAS POR LA TEMPORADA INVERNAL DESDE EL 01 DE SEPTIEMBRE A 10 DE DICIEMBRE DE 2011 EN LAS ZONAS 7 – 8 – 9 – 11 QUE INCLUYEN EL SUBGRUPO 2 DEPARTAMENTOS DE BOLÍVAR Y CÓRDOBA MUNICIPIOS DE MAGANGUE, BUENAVISTA Y MONTERÍA, EN DESARROLLO DEL CONVENIO No. 9677-04-720-2012 CELEBRADO ENTRE EL FONDO NACIONAL DE GESTIÓN DEL RIESGO DE DESASTRES FNGRD –FIDUPREVISORA S.A. Y EL MINISTERIO DE DUCACIÓN NACIONAL. | G25: 41828 | H25: SECOP ll | I25: 81962035 | J25: =IF(G25=0,0,IF(G25<0,"FUERA DE TIEMPO",I25*D25/VLOOKUP(YEAR(G25),$U$3:$V$596,2,0))) -> 119.74973 | K25: CUMPLE Cumple requisito minimo 1 contrato debe ser 1 vez el POE | L25: =+IF(J25>=$G$15,1,0) -> 0 | O25: =+IF(C26=$O$22,J26,0) -> 0 | P25: =+IF(C26=$P$22,J26,0) -> 0 | Q25: =+IF(C26=$Q$22,J26,0) -> 0 | R25: =+IF(C26=$R$22,J26,0) -> 0 | S25: =+IF(C26=$S$22,J26,0) -> 0 | U25: 2001 | V25: 286000
A26: 3 | B26: ORGANIZACIÓN DE ESTADOS IBEROAMERICANO S | C26: PROYECTOS GENERALES Y COMPAÑÍA SAS | D26: 0.9 | E26: 26 | F26: “INTERVENTORIA TECNICA, ADMINISTRATIVA Y FINANCIERA AL TRANSPORTE, LA CONSTRUCCIÓN DE LAS BASES Y LA INSTALACIÓN DE LAS AULAS PARA ATENDER LAS INSTITUCIONES EDUCATIVAS AFECTADAS POR LA OLA INVERNAL EN EL DEPARTAMENTOS DE CHOCO. ESTA CONTRATACIÓN SE REALIZA EN EL MARCO DE LOS CONVENIOS MEDIANTE LOS CUALES LA OEI SE OBLIGA PARA CON EL MINISTERIO DE EDUCACIÓN NACIONAL A JECUTAR LAS FASES 1 Y 2 DEL PLAN DE ACCIÓN DE EMERGENCIA INVERNAL DEL SECTOR DUCATIVO”. | G26: 41379 | H26: SECOP ll | I26: 230533470 | J26: =IF(G26=0,0,IF(G26<0,"FUERA DE TIEMPO",I26*D26/VLOOKUP(YEAR(G26),$U$3:$V$45,2,0))) -> 351.9595 | K26: CUMPLE La certificación acredita debidamente discriminada en la experiencia pedida. | L26: =+IF(J26>=$G$15,1,0) -> 1 | O26: =+IF(C28=$O$22,J28,0) -> 191.34646 | P26: =+IF(C28=$P$22,J28,0) -> 0 | Q26: =+IF(C28=$Q$22,J28,0) -> 0 | R26: =+IF(C28=$R$22,J28,0) -> 0 | S26: =+IF(C28=$S$22,J28,0) -> 0 | U26: 2002 | V26: 309000
A27: 4 | B27: EL INSTITUCIÓN DE EDUCACIÓN SUPERIOR COLEGIO INTEGRADO NACIONAL ORIENTE DE CALDAS | C27: CONSTRUCTODO INGENIEROS CONTRATISTAS LTDA. | D27: 1 | E27: 21 | F27: INTERVENTORÍA TÉCNICA, ADMINISTRATIVA, FINANCIERA Y AMBIENTAL, PARA EL CONTRATO DE OBRA OBJETO DE LA LICITACIÓN PÚBLICA LP-001-2015 CORRESPONDIENTE A LAS DEMOLICIONES DEL PUENTE Y TRES BLOQUES DE LA SEDE CENTRAL, LA CASA DE HABITACIÓN, AULAS DE LA GRANJA Y LA CAPILLA, LA AMPLIACIÓN DEL BLOQUE 2 DE LA SEDE CENTRAL, EL REFORZAMIENTO DEL CENTRO DE LA MADERA Y LA CONSTRUCCIÓN DE OBRAS DEL CTT GRANJA; BIBLIOTECA Y LABORATORIOS PERTENECIENTES A LA INSTITUCIÓN EDUCATIVA IES- CINOC, EN EL MUNICIPIO DE PENSILVANIA CALDAS. | G27: 42448 | I27: 101444319 | J27: =IF(G27=0,0,IF(G27<0,"FUERA DE TIEMPO",I27*D27/VLOOKUP(YEAR(G27),$U$3:$V$45,2,0))) -> 147.13718
A28: 5 | B28: MUNICIPIO DE SAN VICENTE DEL CAGUAN | C28: CONSTRUCTODO INGENIEROS CONTRATISTAS LTDA. | D28: 0.9 | E28: 33 | F28: INTERVENTORÍA TÉCNICA, ADMINISTRATIVA Y FINANCIERA PARA LA REMODELACIÓN PRIMERA ET APA DEL PARQUE DE LOS FUNDADORES - ARQUE FUNDACIONAL DEL MUNICIPIO DE SAN VICENTE DEL CAGUÁN. | G28: 43100 | I28: 156843928 | J28: =IF(G28=0,0,IF(G28<0,"FUERA DE TIEMPO",I28*D28/VLOOKUP(YEAR(G28),$U$3:$V$45,2,0))) -> 191.34646
A29: 5 | J29: =IF(G29=0,0,IF(G29<0,"FUERA DE TIEMPO",I29*D29/VLOOKUP(YEAR(G29),$U$3:$V$45,2,0))) -> 0 | L29: =+IF(J29>=$G$15,1,0) -> 0 | O29: =+IF(C30=$O$22,J30,0) -> 0 | P29: =+IF(C30=$P$22,J30,0) -> 0 | Q29: =+IF(C30=$Q$22,J30,0) -> 0 | R29: =+IF(C30=$R$22,J30,0) -> 0 | S29: =+IF(C30=$S$22,J30,0) -> 0 | U29: 2004 | V29: 358000
A30: 6 | J30: =IF(G30=0,0,IF(G30<0,"FUERA DE TIEMPO",I30*D30/VLOOKUP(YEAR(G30),$U$3:$V$45,2,0))) -> 0 | L30: =+IF(J30>=$G$15,1,0) -> 0 | O30: =+IF(C31=$O$22,J31,0) -> 0 | P30: =+IF(C31=$P$22,J31,0) -> 0 | Q30: =+IF(C31=$Q$22,J31,0) -> 0 | R30: =+IF(C31=$R$22,J31,0) -> 0 | S30: =+IF(C31=$S$22,J31,0) -> 0 | U30: 2005 | V30: 381500
A31: 7 | J31: =IF(G31=0,0,IF(G31<0,"FUERA DE TIEMPO",I31*D31/VLOOKUP(YEAR(G31),$U$3:$V$45,2,0))) -> 0 | L31: =+IF(J31>=$G$15,1,0) -> 0 | O31: =+IF(C32=$O$22,J32,0) -> 0 | P31: =+IF(C32=$P$22,J32,0) -> 0 | Q31: =+IF(C32=$Q$22,J32,0) -> 0 | R31: =+IF(C32=$R$22,J32,0) -> 0 | S31: =+IF(C32=$S$22,J32,0) -> 0 | U31: 2006 | V31: 408000
A32: 8 | J32: =IF(G32=0,0,IF(G32<0,"FUERA DE TIEMPO",I32*D32/VLOOKUP(YEAR(G32),$U$3:$V$45,2,0))) -> 0 | L32: =+IF(J32>=$G$15,1,0) -> 0 | O32: =+IF(C33=$O$22,J33,0) -> 0 | P32: =+IF(C33=$P$22,J33,0) -> 0 | Q32: =+IF(C33=$Q$22,J33,0) -> 0 | R32: =+IF(C33=$R$22,J33,0) -> 0 | S32: =+IF(C33=$S$22,J33,0) -> 0 | U32: 2007 | V32: 433700
A33: 9 | J33: =IF(G33=0,0,IF(G33<0,"FUERA DE TIEMPO",I33*D33/VLOOKUP(YEAR(G33),$U$3:$V$45,2,0))) -> 0 | L33: =+IF(J33>=$G$15,1,0) -> 0 | O33: =SUM(O23:O32) -> 326.20698 | P33: =SUM(P23:P32) -> 0 | Q33: =SUM(Q23:Q32) -> 0 | R33: =SUM(R23:R32) -> 0 | S33: =SUM(S23:S32) -> 0 | U33: 2008 | V33: 461500
A34: 10 | J34: =IF(G34=0,0,IF(G34<0,"FUERA DE TIEMPO",I34*D34/VLOOKUP(YEAR(G34),$U$3:$V$45,2,0))) -> 0 | L34: =+IF(J34>=$G$15,1,0) -> 0 | U34: 2009 | V34: 496900
I35: TOTAL | J35: =SUM(J24:J34) -> 825.30366 | L35: =SUM(L24:L34) -> 1 | U35: 2010 | V35: 515000
B36: NOTA: VERIFICAR QUE LOS CONTRATOS ESTEN EN EL RUP (CUANDO APLIQUE) | J36: =+IF(OR(L35=0,J42>=1),"NO CUMPLE","CUMPLE") -> CUMPLE | K36: =IF(J36="NO CUMPLE","0",IF(J35>=$J$16,"CUMPLE SUMATORIA DE TODOS 1,0 DEL POE",IF(J35<($J$16*2),"NO CUMPLE SUMATORIA DE TODOS 2,0 DEL POE"))) -> CUMPLE SUMATORIA DE TODOS 1,0 DEL POE | U36: 2011 | V36: 535600
G37: =VLOOKUP(C19,Conformación!$A$5:$S$129,5,FALSE) -> CONSTRUCTODO INGENIEROS CONTRATISTAS LTDA. | H37: =VLOOKUP(C19,Conformación!$A$5:$S$129,7,FALSE) -> 1 | I37: =+O33 -> 326.20698 | J37: =+IF(I37<MAX($I$37:$I$41),"",IF(I37=MAX($I$37:$I$41)*AND(SUM($I$37:$I$41)>MAX($I$37:$I$41))*AND((H37>=0.34)),"V.Bo.",IF(I37=MAX($I$37:$I$41)*AND(I37=SUM($I$37:$I$41))*AND(H37>=0.51),"V.Bo.","NO CUMPLE"))) -> V.Bo. | U37: 2012 | V37: 566700
G38: =VLOOKUP(C19,Conformación!$A$5:$S$129,8,FALSE) -> 0 | H38: =VLOOKUP(C19,Conformación!$A$5:$S$129,10,FALSE) -> 0 | I38: =+P33 -> 0 | J38: =+IF(I38<MAX($I$37:$I$41),"",IF(I38=MAX($I$37:$I$41)*AND(SUM($I$37:$I$41)>MAX($I$37:$I$41))*AND((H38>=0.34)),"V.Bo.",IF(I38=MAX($I$37:$I$41)*AND(I38=SUM($I$37:$I$41))*AND(H38>=0.51),"V.Bo.","NO CUMPLE"))) | U38: 2013 | V38: 589500
G39: =VLOOKUP(C19,Conformación!$A$5:$S$129,11,FALSE) -> 0 | H39: =VLOOKUP(C19,Conformación!$A$5:$S$129,13,FALSE) -> 0 | I39: =+Q33 -> 0 | J39: =+IF(I39<MAX($I$37:$I$41),"",IF(I39=MAX($I$37:$I$41)*AND(SUM($I$37:$I$41)>MAX($I$37:$I$41))*AND((H39>=0.34)),"V.Bo.",IF(I39=MAX($I$37:$I$41)*AND(I39=SUM($I$37:$I$41))*AND(H39>=0.51),"V.Bo.","NO CUMPLE"))) | U39: 2014 | V39: 616000
G40: =VLOOKUP(C19,Conformación!$A$5:$S$129,14,FALSE) -> 0 | H40: =VLOOKUP(C19,Conformación!$A$5:$S$129,16,FALSE) -> 0 | I40: =+R33 -> 0 | J40: =+IF(I40<MAX($I$37:$I$41),"",IF(I40=MAX($I$37:$I$41)*AND(SUM($I$37:$I$41)>MAX($I$37:$I$41))*AND((H40>=0.34)),"V.Bo.",IF(I40=MAX($I$37:$I$41)*AND(I40=SUM($I$37:$I$41))*AND(H40>=0.51),"V.Bo.","NO CUMPLE"))) | U40: 2015 | V40: 644350
G41: =VLOOKUP(C19,Conformación!$A$5:$S$129,17,FALSE) -> 0 | H41: =VLOOKUP(C19,Conformación!$A$5:$S$129,19,FALSE) -> 0 | I41: =+S33 -> 0 | J41: =+IF(I41<MAX($I$37:$I$41),"",IF(I41=MAX($I$37:$I$41)*AND(SUM($I$37:$I$41)>MAX($I$37:$I$41))*AND((H41>=0.34)),"V.Bo.",IF(I41=MAX($I$37:$I$41)*AND(I41=SUM($I$37:$I$41))*AND(H41>=0.51),"V.Bo.","NO CUMPLE"))) | U41: 2016 | V41: 689454
J42: =+COUNTIF(J37:J41,"NO CUMPLE") -> 0 | U42: 2017 | V42: 737717
U43: 2018 | V43: 781242
B44: Oferente | C44: 2 | D44: =VLOOKUP(C44,Conformación!$A$5:$S$129,2,FALSE) -> 0 | U44: 2018 | V44: 828116
D45: =VLOOKUP(C44,Conformación!$A$5:$S$129,4,FALSE) -> 0 | U45: 2018 | V45: 877803
O46: INTEGRANTES | U46: 2018
O47: =+G60 -> 0 | P47: =+G61 -> 0 | Q47: =+G62 -> 0 | R47: =+G63 -> 0 | S47: =+G64 -> 0 | U47: 2018
A48: No | B48: PROPIETARIO O ENTIDAD CONTRATANTE | C48: APORTADA POR | D48: % en Cto | E48: CONSECUTIVO RUP | F48: OBJETO | G48: Fecha de Terminación | H48: Página | I48: VALOR | J48: =+J$13 -> SMMLV | K48: OBSERVACIONES | O48: =+IF(C49=$O$47,J49,0) -> 0 | P48: =+IF(C49=$P$47,J49,0) -> 0 | Q48: =+IF(C49=$Q$47,J49,0) -> 0 | R48: =+IF(C49=$R$47,J49,0) -> 0 | S48: =+IF(C49=$S$47,J49,0) -> 0 | U48: 2018
A49: 1 | J49: =IF(G49=0,0,IF(G49<0,"FUERA DE TIEMPO",I49*D49/VLOOKUP(YEAR(G49),$U$3:$V$45,2,0))) -> 0 | K49: CUMPLE | L49: =+IF(J49>=$G$15,1,0) -> 0 | O49: =+IF(C50=$O$47,J50,0) -> 0 | P49: =+IF(C50=$P$47,J50,0) -> 0 | Q49: =+IF(C50=$Q$47,J50,0) -> 0 | R49: =+IF(C50=$R$47,J50,0) -> 0 | S49: =+IF(C50=$S$47,J50,0) -> 0 | U49: 2018
A50: 2 | J50: =IF(G50=0,0,IF(G50<0,"FUERA DE TIEMPO",I50*D50/VLOOKUP(YEAR(G50),$U$3:$V$45,2,0))) -> 0 | L50: =+IF(J50>=$G$15,1,0) -> 0 | O50: =+IF(C51=$O$47,J51,0) -> 0 | P50: =+IF(C51=$P$47,J51,0) -> 0 | Q50: =+IF(C51=$Q$47,J51,0) -> 0 | R50: =+IF(C51=$R$47,J51,0) -> 0 | S50: =+IF(C51=$S$47,J51,0) -> 0 | U50: 2018
A51: 3 | J51: =IF(G51=0,0,IF(G51<0,"FUERA DE TIEMPO",I51*D51/VLOOKUP(YEAR(G51),$U$3:$V$45,2,0))) -> 0 | L51: =+IF(J51>=$G$15,1,0) -> 0 | O51: =+IF(C52=$O$47,J52,0) -> 0 | P51: =+IF(C52=$P$47,J52,0) -> 0 | Q51: =+IF(C52=$Q$47,J52,0) -> 0 | R51: =+IF(C52=$R$47,J52,0) -> 0 | S51: =+IF(C52=$S$47,J52,0) -> 0 | U51: 2018
A52: 4 | J52: =IF(G52=0,0,IF(G52<0,"FUERA DE TIEMPO",I52*D52/VLOOKUP(YEAR(G52),$U$3:$V$45,2,0))) -> 0 | L52: =+IF(J52>=$G$15,1,0) -> 0 | O52: =+IF(C53=$O$47,J53,0) -> 0 | P52: =+IF(C53=$P$47,J53,0) -> 0 | Q52: =+IF(C53=$Q$47,J53,0) -> 0 | R52: =+IF(C53=$R$47,J53,0) -> 0 | S52: =+IF(C53=$S$47,J53,0) -> 0 | U52: 2018
A53: 5 | J53: =IF(G53=0,0,IF(G53<0,"FUERA DE TIEMPO",I53*D53/VLOOKUP(YEAR(G53),$U$3:$V$45,2,0))) -> 0 | L53: =+IF(J53>=$G$15,1,0) -> 0 | O53: =+IF(C54=$O$47,J54,0) -> 0 | P53: =+IF(C54=$P$47,J54,0) -> 0 | Q53: =+IF(C54=$Q$47,J54,0) -> 0 | R53: =+IF(C54=$R$47,J54,0) -> 0 | S53: =+IF(C54=$S$47,J54,0) -> 0 | U53: 2018
A54: 6 | J54: =IF(G54=0,0,IF(G54<0,"FUERA DE TIEMPO",I54*D54/VLOOKUP(YEAR(G54),$U$3:$V$45,2,0))) -> 0 | L54: =+IF(J54>=$G$15,1,0) -> 0 | O54: =+IF(C55=$O$47,J55,0) -> 0 | P54: =+IF(C55=$P$47,J55,0) -> 0 | Q54: =+IF(C55=$Q$47,J55,0) -> 0 | R54: =+IF(C55=$R$47,J55,0) -> 0 | S54: =+IF(C55=$S$47,J55,0) -> 0 | U54: 2018
A55: 7 | J55: =IF(G55=0,0,IF(G55<0,"FUERA DE TIEMPO",I55*D55/VLOOKUP(YEAR(G55),$U$3:$V$45,2,0))) -> 0 | L55: =+IF(J55>=$G$15,1,0) -> 0 | O55: =+IF(C56=$O$47,J56,0) -> 0 | P55: =+IF(C56=$P$47,J56,0) -> 0 | Q55: =+IF(C56=$Q$47,J56,0) -> 0 | R55: =+IF(C56=$R$47,J56,0) -> 0 | S55: =+IF(C56=$S$47,J56,0) -> 0 | U55: 2018
A56: 8 | J56: =IF(G56=0,0,IF(G56<0,"FUERA DE TIEMPO",I56*D56/VLOOKUP(YEAR(G56),$U$3:$V$45,2,0))) -> 0 | L56: =+IF(J56>=$G$15,1,0) -> 0 | O56: =+IF(C57=$O$47,J57,0) -> 0 | P56: =+IF(C57=$P$47,J57,0) -> 0 | Q56: =+IF(C57=$Q$47,J57,0) -> 0 | R56: =+IF(C57=$R$47,J57,0) -> 0 | S56: =+IF(C57=$S$47,J57,0) -> 0 | U56: 2018
A57: 9 | J57: =IF(G57=0,0,IF(G57<0,"FUERA DE TIEMPO",I57*D57/VLOOKUP(YEAR(G57),$U$3:$V$45,2,0))) -> 0 | L57: =+IF(J57>=$G$15,1,0) -> 0 | O57: =SUM(O48:O56) -> 0 | P57: =SUM(P48:P56) -> 0 | Q57: =SUM(Q48:Q56) -> 0 | R57: =SUM(R48:R56) -> 0 | S57: =SUM(S48:S56) -> 0 | U57: 2018
I58: TOTAL | J58: =SUM(J49:J57) -> 0 | L58: =SUM(L49:L57) -> 0 | U58: 2018
J59: =+IF(OR(L58=0,J65>=1),"NO CUMPLE","CUMPLE") -> NO CUMPLE | K59: =IF(J59="NO CUMPLE","0",IF(J58>=$J$16,"CUMPLE SUMATORIA DE TODOS 2,0 DEL POE",IF(J58<$J$16,"NO CUMPLE SUMATORIA DE TODOS 2,0 DEL POE"))) -> 0 | U59: 2018
G60: =VLOOKUP(C44,Conformación!$A$5:$S$129,5,FALSE) -> 0 | H60: =VLOOKUP(C44,Conformación!$A$5:$S$129,7,FALSE) -> 0 | I60: =+O57 -> 0 | J60: =+IF(I60<MAX($I$60:$I$64),"",IF(I60=MAX($I$60:$I$64)*AND(SUM($I$60:$I$64)>MAX($I$60:$I$64))*AND((H60>0.34)),"V.Bo.",IF(I60=MAX($I$60:$I$64)*AND(I60=SUM($I$60:$I$64))*AND(H60>=0.51),"V.Bo.","NO CUMPLE"))) -> V.Bo. | U60: 2018
G61: =VLOOKUP(C44,Conformación!$A$5:$S$129,8,FALSE) -> 0 | H61: =VLOOKUP(C44,Conformación!$A$5:$S$129,10,FALSE) -> 0 | I61: =+P57 -> 0 | J61: =+IF(I61<MAX($I$60:$I$64),"",IF(I61=MAX($I$60:$I$64)*AND(SUM($I$60:$I$64)>MAX($I$60:$I$64))*AND((H61>0.34)),"V.Bo.",IF(I61=MAX($I$60:$I$64)*AND(I61=SUM($I$60:$I$64))*AND(H61>=0.51),"V.Bo.","NO CUMPLE"))) -> V.Bo. | U61: 2018
G62: =VLOOKUP(C44,Conformación!$A$5:$S$129,11,FALSE) -> 0 | H62: =VLOOKUP(C44,Conformación!$A$5:$S$129,13,FALSE) -> 0 | I62: =+Q57 -> 0 | J62: =+IF(I62<MAX($I$60:$I$64),"",IF(I62=MAX($I$60:$I$64)*AND(SUM($I$60:$I$64)>MAX($I$60:$I$64))*AND((H62>0.34)),"V.Bo.",IF(I62=MAX($I$60:$I$64)*AND(I62=SUM($I$60:$I$64))*AND(H62>=0.51),"V.Bo.","NO CUMPLE"))) -> V.Bo. | U62: 2018
G63: =VLOOKUP(C44,Conformación!$A$5:$S$129,14,FALSE) -> 0 | H63: =VLOOKUP(C44,Conformación!$A$5:$S$129,16,FALSE) -> 0 | I63: =+R57 -> 0 | J63: =+IF(I63<MAX($I$60:$I$64),"",IF(I63=MAX($I$60:$I$64)*AND(SUM($I$60:$I$64)>MAX($I$60:$I$64))*AND((H63>0.34)),"V.Bo.",IF(I63=MAX($I$60:$I$64)*AND(I63=SUM($I$60:$I$64))*AND(H63>=0.51),"V.Bo.","NO CUMPLE"))) -> V.Bo. | U63: 2018
G64: =VLOOKUP(C44,Conformación!$A$5:$S$129,17,FALSE) -> 0 | H64: =VLOOKUP(C44,Conformación!$A$5:$S$129,19,FALSE) -> 0 | I64: =+S57 -> 0 | J64: =+IF(I64<MAX($I$60:$I$64),"",IF(I64=MAX($I$60:$I$64)*AND(SUM($I$60:$I$64)>MAX($I$60:$I$64))*AND((H64>0.34)),"V.Bo.",IF(I64=MAX($I$60:$I$64)*AND(I64=SUM($I$60:$I$64))*AND(H64>=0.51),"V.Bo.","NO CUMPLE"))) -> V.Bo. | U64: 2018
J65: =+COUNTIF(J60:J64,"NO CUMPLE") -> 0 | U65: 2018
U66: 2018
B67: Oferente | C67: 3 | D67: =VLOOKUP(C67,Conformación!$A$5:$S$129,2,FALSE) -> 0 | U67: 2018
D68: =VLOOKUP(C67,Conformación!$A$5:$S$129,4,FALSE) -> 0 | U68: 2018
O69: INTEGRANTES | U69: 2018
O70: =+G83 -> 0 | P70: =+G84 -> 0 | Q70: =+G85 -> 0 | R70: =+G86 -> 0 | S70: =+G87 -> 0 | U70: 2018
A71: No | B71: PROPIETARIO O ENTIDAD CONTRATANTE | C71: APORTADA POR | D71: % en Cto | E71: CONSECUTIVO RUP | F71: OBJETO | G71: Fecha de Terminación | H71: Página | I71: VALOR | J71: =+J$13 -> SMMLV | K71: OBSERVACIONES | O71: =+IF(C72=$O$70,J72,0) -> 0 | P71: =+IF(C72=$P$70,J72,0) -> 0 | Q71: =+IF(C72=$Q$70,J72,0) -> 0 | R71: =+IF(C72=$R$70,J72,0) -> 0 | S71: =+IF(C72=$S$70,J72,0) -> 0 | U71: 2018
A72: 1 | L72: =+IF(J72>=$G$15,1,0) -> 0 | O72: =+IF(C73=$O$70,J73,0) -> 0 | P72: =+IF(C73=$P$70,J73,0) -> 0 | Q72: =+IF(C73=$Q$70,J73,0) -> 0 | R72: =+IF(C73=$R$70,J73,0) -> 0 | S72: =+IF(C73=$S$70,J73,0) -> 0 | U72: 2018
A73: 2 | L73: =+IF(J73>=$G$15,1,0) -> 0 | O73: =+IF(C74=$O$70,J74,0) -> 0 | P73: =+IF(C74=$P$70,J74,0) -> 0 | Q73: =+IF(C74=$Q$70,J74,0) -> 0 | R73: =+IF(C74=$R$70,J74,0) -> 0 | S73: =+IF(C74=$S$70,J74,0) -> 0 | U73: 2018
A74: 3 | J74: =IF(G74=0,0,IF(G74<0,"FUERA DE TIEMPO",I74*D74/VLOOKUP(YEAR(G74),$U$3:$V$45,2,0))) -> 0 | L74: =+IF(J74>=$G$15,1,0) -> 0 | O74: =+IF(C75=$O$70,J75,0) -> 0 | P74: =+IF(C75=$P$70,J75,0) -> 0 | Q74: =+IF(C75=$Q$70,J75,0) -> 0 | R74: =+IF(C75=$R$70,J75,0) -> 0 | S74: =+IF(C75=$S$70,J75,0) -> 0 | U74: 2018
A75: 4 | J75: =IF(G75=0,0,IF(G75<0,"FUERA DE TIEMPO",I75*D75/VLOOKUP(YEAR(G75),$U$3:$V$45,2,0))) -> 0 | L75: =+IF(J75>=$G$15,1,0) -> 0 | O75: =+IF(C76=$O$70,J76,0) -> 0 | P75: =+IF(C76=$P$70,J76,0) -> 0 | Q75: =+IF(C76=$Q$70,J76,0) -> 0 | R75: =+IF(C76=$R$70,J76,0) -> 0 | S75: =+IF(C76=$S$70,J76,0) -> 0 | U75: 2018
A76: 5 | L76: =+IF(J76>=$G$15,1,0) -> 0 | O76: =+IF(C77=$O$70,J77,0) -> 0 | P76: =+IF(C77=$P$70,J77,0) -> 0 | Q76: =+IF(C77=$Q$70,J77,0) -> 0 | R76: =+IF(C77=$R$70,J77,0) -> 0 | S76: =+IF(C77=$S$70,J77,0) -> 0 | U76: 2018
A77: 6 | J77: =IF(G77=0,0,IF(G77<0,"FUERA DE TIEMPO",I77*D77/VLOOKUP(YEAR(G77),$U$3:$V$45,2,0))) -> 0 | L77: =+IF(J77>=$G$15,1,0) -> 0 | O77: =+IF(C78=$O$70,J78,0) -> 0 | P77: =+IF(C78=$P$70,J78,0) -> 0 | Q77: =+IF(C78=$Q$70,J78,0) -> 0 | R77: =+IF(C78=$R$70,J78,0) -> 0 | S77: =+IF(C78=$S$70,J78,0) -> 0 | U77: 2018
A78: 7 | J78: =IF(G78=0,0,IF(G78<0,"FUERA DE TIEMPO",I78*D78/VLOOKUP(YEAR(G78),$U$3:$V$45,2,0))) -> 0 | L78: =+IF(J78>=$G$15,1,0) -> 0 | O78: =+IF(C79=$O$70,J79,0) -> 0 | P78: =+IF(C79=$P$70,J79,0) -> 0 | Q78: =+IF(C79=$Q$70,J79,0) -> 0 | R78: =+IF(C79=$R$70,J79,0) -> 0 | S78: =+IF(C79=$S$70,J79,0) -> 0 | U78: 2018
A79: 8 | J79: =IF(G79=0,0,IF(G79<0,"FUERA DE TIEMPO",I79*D79/VLOOKUP(YEAR(G79),$U$3:$V$45,2,0))) -> 0 | L79: =+IF(J79>=$G$15,1,0) -> 0 | O79: =+IF(C80=$O$70,J80,0) -> 0 | P79: =+IF(C80=$P$70,J80,0) -> 0 | Q79: =+IF(C80=$Q$70,J80,0) -> 0 | R79: =+IF(C80=$R$70,J80,0) -> 0 | S79: =+IF(C80=$S$70,J80,0) -> 0 | U79: 2018
A80: 9 | J80: =IF(G80=0,0,IF(G80<0,"FUERA DE TIEMPO",I80*D80/VLOOKUP(YEAR(G80),$U$3:$V$45,2,0))) -> 0 | L80: =+IF(J80>=$G$15,1,0) -> 0 | O80: =SUM(O71:O79) -> 0 | P80: =SUM(P71:P79) -> 0 | Q80: =SUM(Q71:Q79) -> 0 | R80: =SUM(R71:R79) -> 0 | S80: =SUM(S71:S79) -> 0 | U80: 2018
J81: =SUM(J72:J80) -> 0 | L81: =SUM(L72:L80) -> 0 | U81: 2018
J82: =+IF(OR(L81=0,J88>=1),"NO CUMPLE","CUMPLE") -> NO CUMPLE | K82: =IF(J82="NO CUMPLE","0",IF(J81>=$J$16,"CUMPLE SUMATORIA DE TODOS 2,0 DEL POE",IF(J81<$J$16,"NO CUMPLE SUMATORIA DE TODOS 2,0 DEL POE"))) -> 0 | U82: 2018
G83: =VLOOKUP(C67,Conformación!$A$5:$S$129,5,FALSE) -> 0 | H83: =VLOOKUP(C67,Conformación!$A$5:$S$129,7,FALSE) -> 0 | I83: =+O80 -> 0 | J83: =+IF(I83<MAX($I$83:$I$87),"",IF(I83=MAX($I$83:$I$87)*AND(SUM($I$83:$I$87)>MAX($I$83:$I$87))*AND((H83>=0.34)),"V.Bo.",IF(I83=MAX($I$83:$I$87)*AND(I83=SUM($I$83:$I$87))*AND(H83>=0.51),"V.Bo.","NO CUMPLE"))) -> V.Bo. | U83: 2018
G84: =VLOOKUP(C67,Conformación!$A$5:$S$129,8,FALSE) -> 0 | H84: =VLOOKUP(C67,Conformación!$A$5:$S$129,10,FALSE) -> 0 | I84: =+P80 -> 0 | J84: =+IF(I84<MAX($I$83:$I$87),"",IF(I84=MAX($I$83:$I$87)*AND(SUM($I$83:$I$87)>MAX($I$83:$I$87))*AND((H84>=0.34)),"V.Bo.",IF(I84=MAX($I$83:$I$87)*AND(I84=SUM($I$83:$I$87))*AND(H84>=0.51),"V.Bo.","NO CUMPLE"))) -> V.Bo. | U84: 2018
G85: =VLOOKUP(C67,Conformación!$A$5:$S$129,11,FALSE) -> 0 | H85: =VLOOKUP(C67,Conformación!$A$5:$S$129,13,FALSE) -> 0 | I85: =+Q80 -> 0 | J85: =+IF(I85<MAX($I$83:$I$87),"",IF(I85=MAX($I$83:$I$87)*AND(SUM($I$83:$I$87)>MAX($I$83:$I$87))*AND((H85>=0.34)),"V.Bo.",IF(I85=MAX($I$83:$I$87)*AND(I85=SUM($I$83:$I$87))*AND(H85>=0.51),"V.Bo.","NO CUMPLE"))) -> V.Bo. | U85: 2018
G86: =VLOOKUP(C67,Conformación!$A$5:$S$129,14,FALSE) -> 0 | H86: =VLOOKUP(C67,Conformación!$A$5:$S$129,16,FALSE) -> 0 | I86: =+R80 -> 0 | J86: =+IF(I86<MAX($I$83:$I$87),"",IF(I86=MAX($I$83:$I$87)*AND(SUM($I$83:$I$87)>MAX($I$83:$I$87))*AND((H86>=0.34)),"V.Bo.",IF(I86=MAX($I$83:$I$87)*AND(I86=SUM($I$83:$I$87))*AND(H86>=0.51),"V.Bo.","NO CUMPLE"))) -> V.Bo. | U86: 2018
G87: =VLOOKUP(C67,Conformación!$A$5:$S$129,17,FALSE) -> 0 | H87: =VLOOKUP(C67,Conformación!$A$5:$S$129,19,FALSE) -> 0 | I87: =+S80 -> 0 | J87: =+IF(I87<MAX($I$83:$I$87),"",IF(I87=MAX($I$83:$I$87)*AND(SUM($I$83:$I$87)>MAX($I$83:$I$87))*AND((H87>=0.34)),"V.Bo.",IF(I87=MAX($I$83:$I$87)*AND(I87=SUM($I$83:$I$87))*AND(H87>=0.51),"V.Bo.","NO CUMPLE"))) -> V.Bo. | U87: 2018
J88: =+COUNTIF(J83:J87,"NO CUMPLE") -> 0 | U88: 2018
U89: 2018
B90: Oferente | C90: 4 | D90: =VLOOKUP(C90,Conformación!$A$5:$S$129,2,FALSE) -> 0 | U90: 2018
D91: =VLOOKUP(C90,Conformación!$A$5:$S$129,4,FALSE) -> 0 | U91: 2018
O92: INTEGRANTES | U92: 2018
O93: =+G107 -> 0 | P93: =+G108 -> 0 | Q93: =+G109 -> 0 | R93: =+G110 -> 0 | S93: =+G111 -> 0 | U93: 2018
A94: No | B94: PROPIETARIO O ENTIDAD CONTRATANTE | C94: APORTADA POR | D94: % en Cto | E94: CONSECUTIVO RUP | F94: OBJETO | G94: Fecha de Terminación | H94: Página | I94: VALOR | J94: =+J$13 -> SMMLV | K94: OBSERVACIONES | O94: =+IF(C95=$O$93,J95,0) -> 0 | P94: =+IF(C95=$P$93,J95,0) -> 0 | Q94: =+IF(C95=$Q$93,J95,0) -> 0 | R94: =+IF(C95=$R$93,J95,0) -> 0 | S94: =+IF(C95=$S$93,J95,0) -> 0 | U94: 2018
A95: 1 | J95: =IF(G95=0,0,IF(G95<0,"FUERA DE TIEMPO",I95*D95/VLOOKUP(YEAR(G95),$U$3:$V$45,2,0))) -> 0 | L95: =+IF(J95>=$G$15,1,0) -> 0 | O95: =+IF(C96=$O$93,J96,0) -> 0 | P95: =+IF(C96=$P$93,J96,0) -> 0 | Q95: =+IF(C96=$Q$93,J96,0) -> 0 | R95: =+IF(C96=$R$93,J96,0) -> 0 | S95: =+IF(C96=$S$93,J96,0) -> 0 | U95: 2018
A96: 2 | L96: =+IF(J96>=$G$15,1,0) -> 0 | O96: =+IF(C97=$O$93,J97,0) -> 0 | P96: =+IF(C97=$P$93,J97,0) -> 0 | Q96: =+IF(C97=$Q$93,J97,0) -> 0 | R96: =+IF(C97=$R$93,J97,0) -> 0 | S96: =+IF(C97=$S$93,J97,0) -> 0 | U96: 2018
A97: 3 | L97: =+IF(J97>=$G$15,1,0) -> 0 | O97: =+IF(C98=$O$93,J98,0) -> 0 | P97: =+IF(C98=$P$93,J98,0) -> 0 | Q97: =+IF(C98=$Q$93,J98,0) -> 0 | R97: =+IF(C98=$R$93,J98,0) -> 0 | S97: =+IF(C98=$S$93,J98,0) -> 0 | U97: 2018
A98: 4 | J98: =IF(G98=0,0,IF(G98<0,"FUERA DE TIEMPO",I98*D98/VLOOKUP(YEAR(G98),$U$3:$V$45,2,0))) -> 0 | L98: =+IF(J98>=$G$15,1,0) -> 0 | O98: =+IF(C99=$O$93,J99,0) -> 0 | P98: =+IF(C99=$P$93,J99,0) -> 0 | Q98: =+IF(C99=$Q$93,J99,0) -> 0 | R98: =+IF(C99=$R$93,J99,0) -> 0 | S98: =+IF(C99=$S$93,J99,0) -> 0 | U98: 2018
A99: 5 | J99: =IF(G99=0,0,IF(G99<0,"FUERA DE TIEMPO",I99*D99/VLOOKUP(YEAR(G99),$U$3:$V$45,2,0))) -> 0 | L99: =+IF(J99>=$G$15,1,0) -> 0 | O99: =+IF(C100=$O$93,J100,0) -> 0 | P99: =+IF(C100=$P$93,J100,0) -> 0 | Q99: =+IF(C100=$Q$93,J100,0) -> 0 | R99: =+IF(C100=$R$93,J100,0) -> 0 | S99: =+IF(C100=$S$93,J100,0) -> 0 | U99: 2018
A100: 6 | J100: =IF(G100=0,0,IF(G100<0,"FUERA DE TIEMPO",I100*D100/VLOOKUP(YEAR(G100),$U$3:$V$45,2,0))) -> 0 | L100: =+IF(J100>=$G$15,1,0) -> 0 | O100: =+IF(C101=$O$93,J101,0) -> 0 | P100: =+IF(C101=$P$93,J101,0) -> 0 | Q100: =+IF(C101=$Q$93,J101,0) -> 0 | R100: =+IF(C101=$R$93,J101,0) -> 0 | S100: =+IF(C101=$S$93,J101,0) -> 0 | U100: 2018
...

Sheet Exp. oferente ADICIONAL
A1: =+'K-Kr Constructor'!A1:F1 -> EMPRESA NACIONAL PROMOTORA DEL DESARROLLO TERRITORIAL – ENTerritorio Sistema general de Regalias OBJETO: “INTERVENTORÍA TÉCNICA, ADMINISTRATIVA, FINANCIERA, AMBIENTAL Y DE CONTROL SOCIAL, LEGAL Y PRESU-PUESTAL PARA EL MEJORAMIENTO, ADECUACIÓN, REMODELACIÓN Y AJUSTES A DISEÑOS DE POLIDEPORTIVOS EN LOS BARRIOS CARTAGENITA SECTOR JARDÍN, LA PAZ Y LOS MONARKAS MUNICIPIO DE FACATATIVÁ – DEPARTA-MENTO DE CUNDINAMARCA.” CONTRATACIÓN DIRECTA CDI 073-2020
U2: AÑO | V2: SMMLV
A3: EXPERIENCIA ADICIONAL TÉCNICA DEL OFERENTE | U3: 1984 | V3: 11298
U4: 1985 | V4: 13557.6
A5: El oferente debe acreditar en su oferta, que cuenta con experiencia específica ADICIONAL en: | U5: 1986 | V5: 16811.4
A6: SERVICIO DE TRANSPORTE TERRESTRE AUTOMOTOR ESPECIAL DE PASAJEROS. | U6: 1987 | V6: 20509.8
I7: PUNTAJE | J7: SMMLV | K7: No. de contratos | U7: 1988 | V7: 25637.4
A8: El oferente que presente dos (2) contratos celebrados con entidades públicas o privadas cuya sumatoria sea el 0.5 del (POE) o superior a este para la prestación de servicios de transporte terrestre automotor especial de pasajeros. | I8: 10 | J8: 0.5 | K8: 2 | U8: 1989 | V8: 32559.6
J9: ='Exp. oferente'!J16/2 -> 99.96356 | U9: 1990 | V9: 41025
A10: El oferente que presente tres (3) contratos celebrados con entidades públicas o privadas cuya sumatoria sea el 0.5 del (POE) o superior a este para la prestación de servicios de transporte terrestre especial automotor de pasajeros. | I10: 20 | J10: 0.5 | K10: 3 | U10: 1991 | V10: 51716.1
J11: =J9 -> 99.96356 | U11: 1992 | V11: 65190
A12: El oferente que presente cuatro (4) contratos celebrados con entidades públicas o privadas cuya sumatoria sea el 0.5 del (POE) o superior a este para la prestación de servicios de transporte terrestre especial automotor de pasajeros | I12: 30 | J12: 0.5 | K12: 4 | U12: 1993 | V12: 81510
J13: =J11 -> 99.96356 | U13: 1994 | V13: 98700
B16: Oferente | C16: 1 | D16: =VLOOKUP(C16,Conformación!$A$5:$S$129,2,FALSE) -> CONSTRUCTODO INGENIEROS CONTRATISTAS LTDA | U16: 1995 | V16: 118933.5
D17: =VLOOKUP(C16,Conformación!$A$5:$S$129,4,FALSE) -> (CONSTRUCTODO INGENIEROS CONTRATISTAS LTDA. 100% - 0% - 0%- 0%- 0%) | U17: 1996 | V17: 142125
O18: INTEGRANTES | U18: 1997 | V18: 172005
O19: =+G28 -> 0 | P19: =+G29 -> 0 | Q19: =+G30 -> 0 | R19: =+G31 -> 0 | S19: =+G32 -> 0 | U19: 1998 | V19: 203826
A20: No | B20: PROPIETARIO O ENTIDAD CONTRATANTE | C20: APORTADA POR | D20: % en Cto | E20: CONSECUTIVO RUP | F20: OBJETO | G20: Fecha de Terminación | H20: Página | I20: VALOR | J20: SMMLV | K20: CALIFICACION | O20: =+IF(C21=$O$19,J21,0) -> 0 | P20: =+IF(C21=$P$19,J21,0) -> 0 | Q20: =+IF(C21=$Q$19,J21,0) -> 0 | R20: =+IF(C21=$R$19,J21,0) -> 0 | S20: =+IF(C21=$S$19,J21,0) -> 0 | U20: 1999 | V20: 236460
A21: 1 | J21: =IF(G21=0,0,IF(G21<0,"FUERA DE TIEMPO",I21*D21/VLOOKUP(YEAR(G21),$U$3:$V$41,2,0))) -> 0 | O21: =+IF(C22=$O$19,J22,0) -> 0 | P21: =+IF(C22=$P$19,J22,0) -> 0 | Q21: =+IF(C22=$Q$19,J22,0) -> 0 | R21: =+IF(C22=$R$19,J22,0) -> 0 | S21: =+IF(C22=$S$19,J22,0) -> 0 | U21: 2000 | V21: 260100
A22: 2 | J22: =IF(G22=0,0,IF(G22<0,"FUERA DE TIEMPO",I22*D22/VLOOKUP(YEAR(G22),$U$3:$V$41,2,0))) -> 0 | O22: =+IF(C23=$O$19,J23,0) -> 0 | P22: =+IF(C23=$P$19,J23,0) -> 0 | Q22: =+IF(C23=$Q$19,J23,0) -> 0 | R22: =+IF(C23=$R$19,J23,0) -> 0 | S22: =+IF(C23=$S$19,J23,0) -> 0 | U22: 2001 | V22: 286000
A23: 3 | J23: =IF(G23=0,0,IF(G23<0,"FUERA DE TIEMPO",I23*D23/VLOOKUP(YEAR(G23),$U$3:$V$41,2,0))) -> 0 | O23: =+IF(C24=$O$19,J24,0) -> 0 | P23: =+IF(C24=$P$19,J24,0) -> 0 | Q23: =+IF(C24=$Q$19,J24,0) -> 0 | R23: =+IF(C24=$R$19,J24,0) -> 0 | S23: =+IF(C24=$S$19,J24,0) -> 0 | U23: 2002 | V23: 309000
A24: 4 | J24: =IF(G24=0,0,IF(G24<0,"FUERA DE TIEMPO",I24*D24/VLOOKUP(YEAR(G24),$U$3:$V$39,2,0))) -> 0 | O24: =+IF(C25=$O$19,J25,0) -> 0 | P24: =+IF(C25=$P$19,J25,0) -> 0 | Q24: =+IF(C25=$Q$19,J25,0) -> 0 | R24: =+IF(C25=$R$19,J25,0) -> 0 | S24: =+IF(C25=$S$19,J25,0) -> 0 | U24: 2003 | V24: 332000
A25: 5 | J25: =IF(G25=0,0,IF(G25<0,"FUERA DE TIEMPO",I25*D25/VLOOKUP(YEAR(G25),$U$3:$V$39,2,0))) -> 0 | O25: =+IF(#REF!=$O$19,#REF!,0) -> #REF! | P25: =+IF(#REF!=$P$19,#REF!,0) -> #REF! | Q25: =+IF(#REF!=$Q$19,#REF!,0) -> #REF! | R25: =+IF(#REF!=$R$19,#REF!,0) -> #REF! | S25: =+IF(#REF!=$S$19,#REF!,0) -> #REF! | U25: 2004 | V25: 358000
I26: TOTAL | J26: =SUM(J21:J25) -> 0 | K26: =SUM(K21:K25) -> 0 | U26: 2005 | V26: 381500
B27: NOTA: VERIFICAR QUE LOS CONTRATOS ESTEN EN EL RUP (CUANDO APLIQUE) | I27: =+IF(OR(J26<=$J$9),"NO CUMPLE","CUMPLE") -> NO CUMPLE | U27: 2006 | V27: 408000
U28: 2007 | V28: 433700
U29: 2008 | V29: 461500
U30: 2009 | V30: 496900
U31: 2010 | V31: 515000
U32: 2011 | V32: 535600
U33: 2012 | V33: 566700
U34: 2013 | V34: 589500
B35: Oferente | C35: 2 | D35: =VLOOKUP(C35,Conformación!$A$5:$S$129,2,FALSE) -> 0 | U35: 2014 | V35: 616000
D36: =VLOOKUP(C35,Conformación!$A$5:$S$129,4,FALSE) -> 0 | U36: 2015 | V36: 644350
O37: INTEGRANTES | U37: 2016 | V37: 689454
O38: =+G47 -> 0 | P38: =+G48 -> 0 | Q38: =+G49 -> 0 | R38: =+G50 -> 0 | S38: =+G51 -> 0 | U38: 2017 | V38: 737717
A39: No | B39: PROPIETARIO O ENTIDAD CONTRATANTE | C39: APORTADA POR | D39: % en Cto | E39: CONSECUTIVO RUP | F39: OBJETO | G39: Fecha de Terminación | H39: Página | I39: VALOR | J39: SMMLV | K39: CALIFICACION | O39: =+IF(C40=$O$38,J40,0) -> 0 | P39: =+IF(C40=$P$38,J40,0) -> 0 | Q39: =+IF(C40=$Q$38,J40,0) -> 0 | R39: =+IF(C40=$R$38,J40,0) -> 0 | S39: =+IF(C40=$S$38,J40,0) -> 0 | U39: 2018 | V39: 781242
A40: 1 | J40: =IF(G40=0,0,IF(G40<0,"FUERA DE TIEMPO",I40*D40/VLOOKUP(YEAR(G40),$U$3:$V$41,2,0))) -> 0 | O40: =+IF(C41=$O$38,J41,0) -> 0 | P40: =+IF(C41=$P$38,J41,0) -> 0 | Q40: =+IF(C41=$Q$38,J41,0) -> 0 | R40: =+IF(C41=$R$38,J41,0) -> 0 | S40: =+IF(C41=$S$38,J41,0) -> 0 | U40: 2019 | V40: 828116
A41: 2 | J41: =IF(G41=0,0,IF(G41<0,"FUERA DE TIEMPO",I41*D41/VLOOKUP(YEAR(G41),$U$3:$V$41,2,0))) -> 0 | O41: =+IF(C42=$O$38,J42,0) -> 0 | P41: =+IF(C42=$P$38,J42,0) -> 0 | Q41: =+IF(C42=$Q$38,J42,0) -> 0 | R41: =+IF(C42=$R$38,J42,0) -> 0 | S41: =+IF(C42=$S$38,J42,0) -> 0 | U41: 2020 | V41: 877803
A42: 3 | J42: =IF(G42=0,0,IF(G42<0,"FUERA DE TIEMPO",I42*D42/VLOOKUP(YEAR(G42),$U$3:$V$41,2,0))) -> 0 | O42: =+IF(C43=$O$38,J43,0) -> 0 | P42: =+IF(C43=$P$38,J43,0) -> 0 | Q42: =+IF(C43=$Q$38,J43,0) -> 0 | R42: =+IF(C43=$R$38,J43,0) -> 0 | S42: =+IF(C43=$S$38,J43,0) -> 0
A43: 4 | J43: =IF(G43=0,0,IF(G43<0,"FUERA DE TIEMPO",I43*D43/VLOOKUP(YEAR(G43),$U$3:$V$39,2,0))) -> 0 | O43: =+IF(C44=$O$38,J44,0) -> 0 | P43: =+IF(C44=$P$38,J44,0) -> 0 | Q43: =+IF(C44=$Q$38,J44,0) -> 0 | R43: =+IF(C44=$R$38,J44,0) -> 0 | S43: =+IF(C44=$S$38,J44,0) -> 0
A44: 5 | J44: =IF(G44=0,0,IF(G44<0,"FUERA DE TIEMPO",I44*D44/VLOOKUP(YEAR(G44),$U$3:$V$39,2,0))) -> 0 | O44: =+IF(#REF!=$O$38,#REF!,0) -> #REF! | P44: =+IF(#REF!=$P$38,#REF!,0) -> #REF! | Q44: =+IF(#REF!=$Q$38,#REF!,0) -> #REF! | R44: =+IF(#REF!=$R$38,#REF!,0) -> #REF! | S44: =+IF(#REF!=$S$38,#REF!,0) -> #REF!
I45: TOTAL | J45: =SUM(J44:J44) -> 0 | K45: =SUM(K40:K44) -> 0
I46: =+IF(OR(J45<=$J$9),"NO CUMPLE","CUMPLE") -> NO CUMPLE
B54: Oferente | C54: 3 | D54: =VLOOKUP(C54,Conformación!$A$5:$S$129,2,FALSE) -> 0
D55: =VLOOKUP(C54,Conformación!$A$5:$S$129,4,FALSE) -> 0
O56: INTEGRANTES
O57: =+G66 -> 0 | P57: =+#REF! -> #REF! | Q57: =+#REF! -> #REF! | R57: =+#REF! -> #REF! | S57: =+#REF! -> #REF!
A58: No | B58: PROPIETARIO O ENTIDAD CONTRATANTE | C58: APORTADA POR | D58: % en Cto | E58: CONSECUTIVO RUP | F58: OBJETO | G58: Fecha de Terminación | H58: Página | I58: VALOR | J58: SMMLV | K58: CALIFICACION | O58: =+IF(C59=$O$57,J59,0) -> 0 | P58: =+IF(C59=$P$57,J59,0) -> #REF! | Q58: =+IF(C59=$Q$57,J59,0) -> #REF! | R58: =+IF(C59=$R$57,J59,0) -> #REF! | S58: =+IF(C59=$S$57,J59,0) -> #REF!
A59: 1 | J59: =IF(G59=0,0,IF(G59<0,"FUERA DE TIEMPO",I59*D59/VLOOKUP(YEAR(G59),$U$3:$V$41,2,0))) -> 0 | O59: =+IF(C60=$O$57,J60,0) -> 0 | P59: =+IF(C60=$P$57,J60,0) -> #REF! | Q59: =+IF(C60=$Q$57,J60,0) -> #REF! | R59: =+IF(C60=$R$57,J60,0) -> #REF! | S59: =+IF(C60=$S$57,J60,0) -> #REF!
A60: 2 | J60: =IF(G60=0,0,IF(G60<0,"FUERA DE TIEMPO",I60*D60/VLOOKUP(YEAR(G60),$U$3:$V$41,2,0))) -> 0 | O60: =+IF(C61=$O$57,J61,0) -> 0 | P60: =+IF(C61=$P$57,J61,0) -> #REF! | Q60: =+IF(C61=$Q$57,J61,0) -> #REF! | R60: =+IF(C61=$R$57,J61,0) -> #REF! | S60: =+IF(C61=$S$57,J61,0) -> #REF!
A61: 3 | J61: =IF(G61=0,0,IF(G61<0,"FUERA DE TIEMPO",I61*D61/VLOOKUP(YEAR(G61),$U$3:$V$41,2,0))) -> 0 | O61: =+IF(C62=$O$57,J62,0) -> 0 | P61: =+IF(C62=$P$57,J62,0) -> #REF! | Q61: =+IF(C62=$Q$57,J62,0) -> #REF! | R61: =+IF(C62=$R$57,J62,0) -> #REF! | S61: =+IF(C62=$S$57,J62,0) -> #REF!
A62: 4 | J62: =IF(G62=0,0,IF(G62<0,"FUERA DE TIEMPO",I62*D62/VLOOKUP(YEAR(G62),$U$3:$V$39,2,0))) -> 0 | O62: =+IF(C63=$O$57,J63,0) -> 0 | P62: =+IF(C63=$P$57,J63,0) -> #REF! | Q62: =+IF(C63=$Q$57,J63,0) -> #REF! | R62: =+IF(C63=$R$57,J63,0) -> #REF! | S62: =+IF(C63=$S$57,J63,0) -> #REF!
A63: 5 | J63: =IF(G63=0,0,IF(G63<0,"FUERA DE TIEMPO",I63*D63/VLOOKUP(YEAR(G63),$U$3:$V$39,2,0))) -> 0 | O63: =+IF(#REF!=$O$57,#REF!,0) -> #REF! | P63: =+IF(#REF!=$P$57,#REF!,0) -> #REF! | Q63: =+IF(#REF!=$Q$57,#REF!,0) -> #REF! | R63: =+IF(#REF!=$R$57,#REF!,0) -> #REF! | S63: =+IF(#REF!=$S$57,#REF!,0) -> #REF!
I64: TOTAL | J64: =SUM(J63:J63) -> 0 | K64: =SUM(K59:K63) -> 0
I65: =+IF(OR(J64<=$J$9),"NO CUMPLE","CUMPLE") -> NO CUMPLE
B68: Oferente | C68: 4 | D68: =VLOOKUP(C68,Conformación!$A$5:$S$129,2,FALSE) -> 0
D69: =VLOOKUP(C68,Conformación!$A$5:$S$129,4,FALSE) -> 0
O70: INTEGRANTES
O71: =+G80 -> 0 | P71: =+#REF! -> #REF! | Q71: =+#REF! -> #REF! | R71: =+#REF! -> #REF! | S71: =+#REF! -> #REF!
A72: No | B72: PROPIETARIO O ENTIDAD CONTRATANTE | C72: APORTADA POR | D72: % en Cto | E72: CONSECUTIVO RUP | F72: OBJETO | G72: Fecha de Terminación | H72: Página | I72: VALOR | J72: SMMLV | K72: CALIFICACION | O72: =+IF(C73=$O$71,J73,0) -> 0 | P72: =+IF(C73=$P$71,J73,0) -> #REF! | Q72: =+IF(C73=$Q$71,J73,0) -> #REF! | R72: =+IF(C73=$R$71,J73,0) -> #REF! | S72: =+IF(C73=$S$71,J73,0) -> #REF!
A73: 1 | J73: =IF(G73=0,0,IF(G73<0,"FUERA DE TIEMPO",I73*D73/VLOOKUP(YEAR(G73),$U$3:$V$41,2,0))) -> 0 | O73: =+IF(C74=$O$71,J74,0) -> 0 | P73: =+IF(C74=$P$71,J74,0) -> #REF! | Q73: =+IF(C74=$Q$71,J74,0) -> #REF! | R73: =+IF(C74=$R$71,J74,0) -> #REF! | S73: =+IF(C74=$S$71,J74,0) -> #REF!
A74: 2 | J74: =IF(G74=0,0,IF(G74<0,"FUERA DE TIEMPO",I74*D74/VLOOKUP(YEAR(G74),$U$3:$V$41,2,0))) -> 0 | O74: =+IF(C75=$O$71,J75,0) -> 0 | P74: =+IF(C75=$P$71,J75,0) -> #REF! | Q74: =+IF(C75=$Q$71,J75,0) -> #REF! | R74: =+IF(C75=$R$71,J75,0) -> #REF! | S74: =+IF(C75=$S$71,J75,0) -> #REF!
A75: 3 | J75: =IF(G75=0,0,IF(G75<0,"FUERA DE TIEMPO",I75*D75/VLOOKUP(YEAR(G75),$U$3:$V$41,2,0))) -> 0 | O75: =+IF(C76=$O$71,J76,0) -> 0 | P75: =+IF(C76=$P$71,J76,0) -> #REF! | Q75: =+IF(C76=$Q$71,J76,0) -> #REF! | R75: =+IF(C76=$R$71,J76,0) -> #REF! | S75: =+IF(C76=$S$71,J76,0) -> #REF!
A76: 4 | J76: =IF(G76=0,0,IF(G76<0,"FUERA DE TIEMPO",I76*D76/VLOOKUP(YEAR(G76),$U$3:$V$39,2,0))) -> 0 | O76: =+IF(C77=$O$71,J77,0) -> 0 | P76: =+IF(C77=$P$71,J77,0) -> #REF! | Q76: =+IF(C77=$Q$71,J77,0) -> #REF! | R76: =+IF(C77=$R$71,J77,0) -> #REF! | S76: =+IF(C77=$S$71,J77,0) -> #REF!
A77: 5 | J77: =IF(G77=0,0,IF(G77<0,"FUERA DE TIEMPO",I77*D77/VLOOKUP(YEAR(G77),$U$3:$V$39,2,0))) -> 0 | O77: =+IF(#REF!=$O$71,#REF!,0) -> #REF! | P77: =+IF(#REF!=$P$71,#REF!,0) -> #REF! | Q77: =+IF(#REF!=$Q$71,#REF!,0) -> #REF! | R77: =+IF(#REF!=$R$71,#REF!,0) -> #REF! | S77: =+IF(#REF!=$S$71,#REF!,0) -> #REF!
I78: TOTAL | J78: =SUM(J73:J77) -> 0 | K78: =SUM(K73:K77) -> 0
I79: =+IF(OR(J78<=$J$9),"NO CUMPLE","CUMPLE") -> NO CUMPLE
B81: Oferente | C81: 5 | D81: =VLOOKUP(C81,Conformación!$A$5:$S$129,2,FALSE) -> 0
D82: =VLOOKUP(C81,Conformación!$A$5:$S$129,4,FALSE) -> 0
O83: INTEGRANTES
O84: =+G93 -> 0 | P84: =+G94 -> 0 | Q84: =+G95 -> 0 | R84: =+G96 -> 0 | S84: =+G97 -> 0
A85: No | B85: PROPIETARIO O ENTIDAD CONTRATANTE | C85: APORTADA POR | D85: % en Cto | E85: CONSECUTIVO RUP | F85: OBJETO | G85: Fecha de Terminación | H85: Página | I85: VALOR | J85: SMMLV | K85: CALIFICACION | O85: =+IF(C86=$O$84,J86,0) -> 0 | P85: =+IF(C86=$P$84,J86,0) -> 0 | Q85: =+IF(C86=$Q$84,J86,0) -> 0 | R85: =+IF(C86=$R$84,J86,0) -> 0 | S85: =+IF(C86=$S$84,J86,0) -> 0
A86: 1 | J86: =IF(G86=0,0,IF(G86<0,"FUERA DE TIEMPO",I86*D86/VLOOKUP(YEAR(G86),$U$3:$V$41,2,0))) -> 0 | O86: =+IF(C87=$O$84,J87,0) -> 0 | P86: =+IF(C87=$P$84,J87,0) -> 0 | Q86: =+IF(C87=$Q$84,J87,0) -> 0 | R86: =+IF(C87=$R$84,J87,0) -> 0 | S86: =+IF(C87=$S$84,J87,0) -> 0
A87: 2 | J87: =IF(G87=0,0,IF(G87<0,"FUERA DE TIEMPO",I87*D87/VLOOKUP(YEAR(G87),$U$3:$V$41,2,0))) -> 0 | O87: =+IF(C88=$O$84,J88,0) -> 0 | P87: =+IF(C88=$P$84,J88,0) -> 0 | Q87: =+IF(C88=$Q$84,J88,0) -> 0 | R87: =+IF(C88=$R$84,J88,0) -> 0 | S87: =+IF(C88=$S$84,J88,0) -> 0
A88: 3 | J88: =IF(G88=0,0,IF(G88<0,"FUERA DE TIEMPO",I88*D88/VLOOKUP(YEAR(G88),$U$3:$V$41,2,0))) -> 0 | O88: =+IF(C89=$O$84,J89,0) -> 0 | P88: =+IF(C89=$P$84,J89,0) -> 0 | Q88: =+IF(C89=$Q$84,J89,0) -> 0 | R88: =+IF(C89=$R$84,J89,0) -> 0 | S88: =+IF(C89=$S$84,J89,0) -> 0
A89: 4 | J89: =IF(G89=0,0,IF(G89<0,"FUERA DE TIEMPO",I89*D89/VLOOKUP(YEAR(G89),$U$3:$V$39,2,0))) -> 0 | O89: =+IF(C90=$O$84,J90,0) -> 0 | P89: =+IF(C90=$P$84,J90,0) -> 0 | Q89: =+IF(C90=$Q$84,J90,0) -> 0 | R89: =+IF(C90=$R$84,J90,0) -> 0 | S89: =+IF(C90=$S$84,J90,0) -> 0
A90: 5 | J90: =IF(G90=0,0,IF(G90<0,"FUERA DE TIEMPO",I90*D90/VLOOKUP(YEAR(G90),$U$3:$V$39,2,0))) -> 0 | O90: =+IF(#REF!=$O$84,#REF!,0) -> #REF! | P90: =+IF(#REF!=$P$84,#REF!,0) -> #REF! | Q90: =+IF(#REF!=$Q$84,#REF!,0) -> #REF! | R90: =+IF(#REF!=$R$84,#REF!,0) -> #REF! | S90: =+IF(#REF!=$S$84,#REF!,0) -> #REF!
I91: TOTAL | J91: =SUM(J90:J90) -> 0 | K91: =SUM(K86:K90) -> 0
I92: =+IF(OR(J91<=$J$9),"NO CUMPLE","CUMPLE") -> NO CUMPLE
B94: Oferente | C94: 6 | D94: =VLOOKUP(C94,Conformación!$A$5:$S$129,2,FALSE) -> 0
D95: =VLOOKUP(C94,Conformación!$A$5:$S$129,4,FALSE) -> 0
O96: INTEGRANTES
O97: =+G106 -> 0 | P97: =+G107 -> 0 | Q97: =+G108 -> 0 | R97: =+G109 -> 0 | S97: =+G110 -> 0
A98: No | B98: PROPIETARIO O ENTIDAD CONTRATANTE | C98: APORTADA POR | D98: % en Cto | E98: CONSECUTIVO RUP | F98: OBJETO | G98: Fecha de Terminación | H98: Página | I98: VALOR | J98: SMMLV | K98: CALIFICACION | O98: =+IF(C99=$O$84,J99,0) -> 0 | P98: =+IF(C99=$P$84,J99,0) -> 0 | Q98: =+IF(C99=$Q$84,J99,0) -> 0 | R98: =+IF(C99=$R$84,J99,0) -> 0 | S98: =+IF(C99=$S$84,J99,0) -> 0
A99: 1 | J99: =IF(G99=0,0,IF(G99<0,"FUERA DE TIEMPO",I99*D99/VLOOKUP(YEAR(G99),$U$3:$V$41,2,0))) -> 0 | O99: =+IF(C100=$O$84,J100,0) -> 0 | P99: =+IF(C100=$P$84,J100,0) -> 0 | Q99: =+IF(C100=$Q$84,J100,0) -> 0 | R99: =+IF(C100=$R$84,J100,0) -> 0 | S99: =+IF(C100=$S$84,J100,0) -> 0
A100: 2 | J100: =IF(G100=0,0,IF(G100<0,"FUERA DE TIEMPO",I100*D100/VLOOKUP(YEAR(G100),$U$3:$V$41,2,0))) -> 0 | O100: =+IF(C101=$O$84,J101,0) -> 0 | P100: =+IF(C101=$P$84,J101,0) -> 0 | Q100: =+IF(C101=$Q$84,J101,0) -> 0 | R100: =+IF(C101=$R$84,J101,0) -> 0 | S100: =+IF(C101=$S$84,J101,0) -> 0
A101: 3 | J101: =IF(G101=0,0,IF(G101<0,"FUERA DE TIEMPO",I101*D101/VLOOKUP(YEAR(G101),$U$3:$V$41,2,0))) -> 0 | O101: =+IF(C102=$O$84,J102,0) -> 0 | P101: =+IF(C102=$P$84,J102,0) -> 0 | Q101: =+IF(C102=$Q$84,J102,0) -> 0 | R101: =+IF(C102=$R$84,J102,0) -> 0 | S101: =+IF(C102=$S$84,J102,0) -> 0
A102: 4 | J102: =IF(G102=0,0,IF(G102<0,"FUERA DE TIEMPO",I102*D102/VLOOKUP(YEAR(G102),$U$3:$V$39,2,0))) -> 0 | O102: =+IF(C103=$O$84,J103,0) -> 0 | P102: =+IF(C103=$P$84,J103,0) -> 0 | Q102: =+IF(C103=$Q$84,J103,0) -> 0 | R102: =+IF(C103=$R$84,J103,0) -> 0 | S102: =+IF(C103=$S$84,J103,0) -> 0
A103: 5 | J103: =IF(G103=0,0,IF(G103<0,"FUERA DE TIEMPO",I103*D103/VLOOKUP(YEAR(G103),$U$3:$V$39,2,0))) -> 0 | O103: =+IF(#REF!=$O$84,#REF!,0) -> #REF! | P103: =+IF(#REF!=$P$84,#REF!,0) -> #REF! | Q103: =+IF(#REF!=$Q$84,#REF!,0) -> #REF! | R103: =+IF(#REF!=$R$84,#REF!,0) -> #REF! | S103: =+IF(#REF!=$S$84,#REF!,0) -> #REF!
I104: TOTAL | J104: =SUM(J103:J103) -> 0 | K104: =SUM(K99:K103) -> 0
I105: =+IF(OR(J104<=$J$9),"NO CUMPLE","CUMPLE") -> NO CUMPLE
B107: Oferente | C107: 7 | D107: =VLOOKUP(C107,Conformación!$A$5:$S$129,2,FALSE) -> 0
D108: =VLOOKUP(C107,Conformación!$A$5:$S$129,4,FALSE) -> 0
O109: INTEGRANTES
O110: =+G119 -> 0 | P110: =+G120 -> 0 | Q110: =+G121 -> 0 | R110: =+G122 -> 0 | S110: =+G123 -> 0
A111: No | B111: PROPIETARIO O ENTIDAD CONTRATANTE | C111: APORTADA POR | D111: % en Cto | E111: CONSECUTIVO RUP | F111: OBJETO | G111: Fecha de Terminación | H111: Página | I111: VALOR | J111: SMMLV | K111: CALIFICACION | O111: =+IF(C112=$O$84,J112,0) -> 0 | P111: =+IF(C112=$P$84,J112,0) -> 0 | Q111: =+IF(C112=$Q$84,J112,0) -> 0 | R111: =+IF(C112=$R$84,J112,0) -> 0 | S111: =+IF(C112=$S$84,J112,0) -> 0
A112: 1 | J112: =IF(G112=0,0,IF(G112<0,"FUERA DE TIEMPO",I112*D112/VLOOKUP(YEAR(G112),$U$3:$V$41,2,0))) -> 0 | O112: =+IF(C113=$O$84,J113,0) -> 0 | P112: =+IF(C113=$P$84,J113,0) -> 0 | Q112: =+IF(C113=$Q$84,J113,0) -> 0 | R112: =+IF(C113=$R$84,J113,0) -> 0 | S112: =+IF(C113=$S$84,J113,0) -> 0
A113: 2 | J113: =IF(G113=0,0,IF(G113<0,"FUERA DE TIEMPO",I113*D113/VLOOKUP(YEAR(G113),$U$3:$V$41,2,0))) -> 0 | O113: =+IF(C114=$O$84,J114,0) -> 0 | P113: =+IF(C114=$P$84,J114,0) -> 0 | Q113: =+IF(C114=$Q$84,J114,0) -> 0 | R113: =+IF(C114=$R$84,J114,0) -> 0 | S113: =+IF(C114=$S$84,J114,0) -> 0
A114: 3 | J114: =IF(G114=0,0,IF(G114<0,"FUERA DE TIEMPO",I114*D114/VLOOKUP(YEAR(G114),$U$3:$V$41,2,0))) -> 0 | O114: =+IF(C115=$O$84,J115,0) -> 0 | P114: =+IF(C115=$P$84,J115,0) -> 0 | Q114: =+IF(C115=$Q$84,J115,0) -> 0 | R114: =+IF(C115=$R$84,J115,0) -> 0 | S114: =+IF(C115=$S$84,J115,0) -> 0
...

Sheet Formato 3
A1: DEL FORMATO 3 EXTRAER LA SIGUIENTE INFORMACIÓN
A2: Oferente No. | B2: Nombre del oferente | C2: No. De contratos aportados | D2: OBJETO | E2: PROPIETARIO O ENTIDAD CONTRATANTE | F2: CONTRATISTA O APORTADA POR: | G2: % de ejecución | H2: CONSECUTIVO RUP | I2: Fecha de Terminación | J2: VALOR
A3: 1 | B3: UNIÓN TEMPORAL TRANSET ENT 2020 | C3: 1 | D3: Prestar el servicio de transporte público terrestre automotor especial para el Instituto Colombiano de Bienestar Familiar a nivel nacional para la Macro región tres (3) | E3: Instituto Colombiano de Bienestar Familiar -ICBF | F3: SETCOLTUR S.A.S. | G3: 50 | H3: 39 | I3: 43617 | J3: 27876.2
C4: 2 | D4: Servicio de transporte especial de personal de sus funcionarios y alquiler de vehículos en campo quifa cajua. | E4: Frontera Energy Colombia Corp. | F4: INVERSIONES TRANSTURISMO S.A.S. | G4: 100 | H4: 53 | I4: 43344 | J4: 51684.4
C5: 3
C6: 4
C7: 5
A8: 2 | B8: TRANSPORTES CSC S.A.S - Nit. 900.470.772-8 | C8: 1 | D8: PRESTAR EL SERVICIO DE TRANSPORTE PUBLICO TERRESTRE AUTOMOTOR ESPECIAL PARA EL INSTITUTO COLOMBIANO DE BIENESTAR FAMILIAR A NIVEL NACIONAL, PARA LA MACRO REGION 4 | E8: Instituto Colombiano de Bienestar Familiar -ICBF | F8: TRANSPORTES CSC S.A.S. | G8: 25 | H8: 28 | I8: 43281 | J8: 22024.66
C9: 2
C10: 3
C11: 4
C12: 5
A13: 3 | B13: TRANSPORTES ESPECIALES ALIADOS SAS - NIT:900444852-9 | C13: 1 | D13: SERVICIO DE TRANSPORTE SIMULTÁNEO DE PERSONAL, EQUIPOS, HERRAMIENTAS Y OTRAS SIMILARES REQUERIDAS EN EL DESARROLLO DE LAS FUNCIONES DIARIAS | E13: MIGMAR LTDA | F13: TRANSPORTES ESPECIALES ALIADOS SAS | G13: 100 | H13: 32 | I13: 42004 | J13: 1333.77
C14: 2 | D14: SERVICIO DE TRANSPORTE ESPECIAL PARA LA MOVILIZACION DEL PERSONAL, EQUIPOS Y HERRAMIENTAS | E14: PRODUCCIONES RTI SAS | F14: TRANSPORTES ESPECIALES ALIADOS SAS | G14: 100 | H14: 34 | I14: 42596 | J14: 738.25
C15: 3 | D15: SERVICIO DE TRANSPORTE ESPECIAL DE PACIENTES DEL DEPARTAMENTO DE CUNDINAMARCA PARA DAR CUMPLIMIENTO A LOS FALLOS DE TUTELA | E15: SECRETARIA DE SALUD DE CUNDINAMARCA | F15: TRANSPORTES ESPECIALES ALIADOS SAS | G15: 100 | H15: 33 | I15: 42354 | J15: 2933.18
C16: 4 | D16: EL CONTRATISTA, obrando por su cuenta y riesgo, por sus propios medios y con sus propios equipos y personal especializado, en forma independiente y con plena autonomía técnica, administrativa y directiva, se compromete a prestar el servicio público de transporte terrestre automotor especial, para la empresa de energíade BogotáS.A ESP –EEB S.A ESP | E16: GRUPO ENERGIA DE BOGOTA | F16: CONSORCIO EMPRESARIAL T&C | G16: 45 | H16: 96 | I16: 43454 | J16: 13958.54
C17: 5 | D17: Prestar servicio de transporte terrestre automotor especial | E17: AG STUDIOS COLOMBIA S.A.S | F17: TRANSPORTES ESPECIALES ALIADOS SAS | G17: 100 | H17: 90 | I17: 43455 | J17: 2206.73
A18: 4 | B18: UT TURIALIANZA ENPDT | C18: 1 | D18: TransporteTerrestre en la modalidad de servicios especiales para el transporte de personal operativo y Ejecutivode la compañía. | E18: Mersen | F18: Alianza Terrestre S.A.S | G18: 100 | H18: 2 | I18: 41297 | J18: 4141.77
C19: 2 | D19: Prestacióndel servicio de apoyo a la operaciónde transporte de Corantioquia | E19: Corantioquia | F19: Alianza Terrestre S.A.S | G19: 100 | H19: 13 | I19: 42803 | J19: 482.51
C20: 3 | D20: Prestacióndel servicio de apoyo a la operaciónde transporte de Corantioquia | E20: Corantioquia | F20: Alianza Terrestre S.A.S | G20: 100 | H20: 32 | I20: 43493 | J20: 346.93
C21: 4 | D21: Prestación del Servicio de transporte Terrestre AutomotorEspecialpara los Niños, Estudiantes, docentes, y personal administrativo. | E21: Municipio de Envigado | F21: Transportes Turiscar S.A.S | G21: 100 | H21: 27 | I21: 42349 | J21: 1523
C22: 5 | D22: Servicio de transporte Terrestre Automotor de pasajeros En camperos y Camionetas | E22: Municipio de Medellín | F22: Transportes Turiscar S.A.S | G22: 18 | H22: 28 | I22: 42118 | J22: 18954 *18% 3411,72
A23: 5 | B23: MI ÁGUILA TRANSPORTES S.A.S - NIT:900 850 867-1 | C23: 1 | D23: Prestar el servicio público de transporte terrestre automotor especial dentro de Bogotá D.C., y/o cualquier destino nacional, en virtud del carácter del radio de acción dispuesto en el Decreto 1079 de 2015, para las empresas de transporte público terrestre automotor especial, en vehículos debidamente aprobados y homologados por el Ministerio de Transporte al personal del CONTRATANTE. | E23: Linktic S.A.S. | F23: MI ÁGUILA TRANSPORTES S.A.S | G23: 100 | H23: 6 | I23: 43281 | J23: 768
C24: 2
C25: 3
C26: 4
C27: 5
A28: 6 | B28: TRANSPORTES ESPECIALES UNO A LIMITADA - NIT:805.028.887-8 | C28: 1 | D28: SERVICIO DE TRANSPORTE TERRESTRE | E28: ELECTRIFICADORA DE SANTANDER | F28: TRANSPORTES ESPECIALES UNO A LIMITADA | G28: 100 | H28: 26 | I28: 43097 | J28: 4551.46
C29: 2 | D29: PRESTACION DEL SERVICIO DE TRANSPORTE TERRESTRE DE PERSONAS | E29: COLOMBIA MOVIL TIGO | F29: CONSORCIO LOGISTICA UNO A | G29: 90 | H29: 7 | I29: 40543 | J29: 2856.54
C30: 3
C31: 4
C32: 5
A33: 7 | B33: MIL SERVICIOSS.A.S. - 808.002.622-1 | C33: 1 | D33: prestación del servicio de transporte automo-tor en la modalidad alquiler en 40 camionetasdoble cabina sin conductor y sin combustible para desarrollar actividades propias de la ra-zón social en el departamento de Córdoba, Sucre, y Antioquia. | E33: CONCORPLANET MEL | F33: MIL SERVICIOSS.A.S. | G33: 100 | H33: 8 | I33: 43100 | J33: 878.25
C34: 2 | D34: Servicio de transporte de pasajeros en modalidad especial. | E34: AGENCIA INTEGRAR SEGUROS DE COLOMBIA LTDA+ | F34: MIL SERVICIOSS.A.S. | G34: 100 | H34: 2 | I34: 42004 | J34: 511.73
C35: 3
C36: 4
C37: 5
A38: 8 | B38: TRANSPORTES ESPECIALES FSG S.A.S. NIT:830.117.701-1 | C38: 1 | D38: Prestación del servicio de transporte público terrestre automotor especial para los proyectos y las dependencias del nivel central de la SDG | E38: Secretaria de Gobierno | F38: TRANSPORTES ESPECIALES FSG S.A.S. | G38: 100 | H38: 102 | I38: 43327 | J38: 1083.1
C39: 2 | D39: Prestación del servicio de transporte público terrestre automotor especial para los proyectos y las dependencias del nivel central de la SDG | E39: Secretaria de Gobierno | F39: TRANSPORTES ESPECIALES FSG S.A.S. | G39: 100 | H39: 78 | I39: 42947 | J39: 903.75
C40: 3 | D40: Prestación del servicio de transporte público especial terrestre, con plena autonomía técnica y administrativa y bajo su propia responsabilidad, para las dependencias que conforman la SG de la Alcaldía Mayor de Bogotá. | E40: Secretaria General | F40: TRANSPORTES ESPECIALES FSG S.A.S. | G40: 100 | H40: 81 | I40: 43214 | J40: 881.95
C41: 4 | D41: Prestación del servicio público de transporte terrestre automotor especial para las diferentes dependencias de la Alcaldía de Soacha | E41: Alcaldía de Soacha | F41: TRANSPORTES ESPECIALES FSG S.A.S. | G41: 100 | H41: 82 | I41: 42855 | J41: 1763.4
C42: 5 | D42: Prestación del servicio público de transporte terrestre automotor especial para las diferentes dependencias de la Alcaldía de Soacha | E42: Alcaldía de Soacha | F42: TRANSPORTES ESPECIALES FSG S.A.S. | G42: 100 | H42: 63 | I42: 42512 | J42: 1112.29
A43: 9 | B43: BIP TRANSPORTES SAS - NIT:830.061.945-7 | C43: 1 | D43: Prestación del servicio de transporte especial para los funcionarios (as) y/o usuarios (as) de la secretaria Distrital de Integración Social, en camionetas (Grupo 1) y microbuses (Grupo 2). | E43: SECRETARIA DISTRITAL DE INTEGRACION SOCIAL | F43: BIP TRANSPORTES SAS | G43: 100 | H43: 67 | I43: 39636 | J43: 3825.76
C44: 2 | D44: Servicios de transporte especial de personas, para empleados y personal de Colombia telecomunicaciones SA ESP | E44: COLOMBIA TELECOMUNICACIONES SA ESP | F44: BIP TRANSPORTES SAS | G44: 100 | H44: 30 | I44: 42735 | J44: 1093.45
C45: 3 | D45: Servicio de transporte del personal dedicado a las actividades propias de la Electrificadora del Meta SA ESP, por empresas de transporte legalmente constituidas y debidamente habilitadas por el Ministerio de Transporte en la modalidad de Transporte publico terrestre automotor especial | E45: ELECTRIFICADORA DEL META SA ESP | F45: BIP TRANSPORTES SAS | G45: 100 | H45: 24 | I45: 42613 | J45: 5938.81
C46: 4 | D46: Prestar el servicio público de transporte terrestre automotor especial por horas para el desplazamiento del Director Ejecutivo del IETS | E46: INSTITUTO DE EVALUACION TECNOLOGICA EN SALUD -IETS | F46: BIP TRANSPORTES SAS | G46: 100 | H46: 41 | I46: 43265 | J46: 28.79
C47: 5
A48: 10 | B48: EFITRANS S.A.S - NIT:811028194-4 | C48: 1 | D48: Servicio de transporte terrestre automotor especial de pasajeros | E48: Municipio de Medellín | F48: UT. EFIMOVIL | G48: 70 | H48: 5 | I48: 41730 | J48: 20890.98
C49: 2
C50: 3
C51: 4
C52: 5
A53: 11 | B53: INVERSIONES TRANSABANA SAS - NIT:900.512.082-6 | C53: 1 | D53: Prestación del servicio de transporte a todo costo, para el desplazamiento de los funcionarios adscritos a la Secretaría de Educación del Departamento de la Guajira | E53: SECRETARIADE EDUCACIONDEPARTAMENTO DE LA GUAJIRA | F53: INVERSIONES TRANSABANA SAS | G53: 100 | H53: NO REGISTRÓ | I53: 43800 | J53: 238.33
C54: 2 | D54: Prestar el servicio integral de transporte publico terrestre automotor especial para los colaboradores del ICBF –Regional Bolívar | E54: ICBF BOLIVAR | F54: INVERSIONES TRANSABANA SAS | G54: 100 | H54: NO REGISTRÓ | I54: 43586 | J54: 138.63
C55: 3 | D55: Prestar el servicio integral de transporte publico terrestre automotor especial para los colaboradores del ICBF –Regional Atlántico | E55: ICBF ATLANTICO | F55: INVERSIONES TRANSABANA SAS | G55: 100 | H55: NO REGISTRÓ | I55: 43586 | J55: 99.01
C56: 4 | D56: Prestar el servicio integral de transporte publico terrestre automotor especial para los colaboradores del ICBF –Regional Guajira | E56: ICBF GUAJIRA | F56: INVERSIONES TRANSABANA SAS | G56: 100 | H56: NO REGISTRÓ | I56: 43586 | J56: 93.85
C57: 5
A58: 12 | B58: TRANSPORTES ESPECIALES NUEVA ERA S.A.Scon Nit. 901.056.044-3 | C58: 1 | D58: Prestaciónservicio de transporte de personal | E58: EMPRESA DE ENERGIA DE BOYACA S.A.E.S.P. | F58: TRANSPORTES ESPECIALES NUEVA ERA SAS | G58: 100 | H58: NO REGISTRÓ | I58: 43761 | J58: 1280.24
C59: 2
C60: 3
C61: 4
C62: 5
A63: 13 | B63: SASO SA - NIT:860.515.115-1 | C63: 1 | D63: SERVICIO DE TRANSPORTE ESPECIAL DE PASAJEROS | E63: DEPARTAMENTO ADMINISTRATIVO PARA LA PROSPERIDAD SOCIAL | F63: SASO SA | G63: 100 | H63: 43 | I63: 42892 | J63: 8732.21
C64: 2 | D64: SERVICIO DE TRANSPORTE ESPECIAL DE PASAJEROS | E64: INSTITUTO GEOGRAFICO AGUSTIN CODAZZI | F64: UT TRANSPORTES IGAC COLOMBIA | G64: 50 | H64: 24 | I64: 42247 | J64: 9125.48
C65: 3
C66: 4
C67: 5
A68: 14 | B68: Servicio de Alquiler y Transporte Alvarado y Cuesta - SERVITAC S.A.S. | C68: 1 | D68: PRESTACION DE SERVICIOS DE TRANSPORTE TERRESTRE AUTOMOTOR ESPECIAL PARA LOS FUNCIONARIOS DE LA ALCALDIA MUNICIPAL DE SINCELEJO | E68: ALCALDIA MUNICIPAL DE SINCELEJO | F68: SERVITAC SAS | G68: 1 | H68: 58 | I68: 43465 | J68: 624000000
C69: 2 | D69: SERVICIO DE TRANSPORTE PUBLICO TERRESTRE ESPECIAL PARA EL PERSONAL DE ECOPETROL SA DE LA PLANTA SEBASTOPOL DE LA GERENCIA DE PRODUCTOS DE LA VICEPRESIDENCIA DE TRANSPORTE DE ECOPETROL SA DURANTE LAS VIGENCIAS 2008, 2009, 2010 Y 2001. | E69: ECOPETROL SAS | F69: UNION TEMPORAL SERVICOOM | G69: 0.5 | H69: 40 | I69: 40999 | J69: 10933289
C70: 3 | D70: CONTRATAR EL SERVICIO DE TRANSPORTE TERRESTRE DE PERSONAL DE SALUD PUBLICA Y ADMINISTRATIVA DEL HOSPITAL DE USME I NIVEL E.S.E | E70: SUBRED INTEGRADA DE SERVICIOS DE SALUD SUR E.S.EBOGOTA | F70: SERVITAC SAS | G70: 1 | H70: 38 | I70: 42429 | J70: 855000000
C71: 4
C72: 5
A73: 15 | B73: MAVETRANS SAS | C73: 1 | D73: PRESTACIÓN DE SERVICIO PUBLICO DE TRANSPORTE TERRESTRE AUTOMOTOR ESPECIAL DE PASAJEROS PARA EL TRASLADO DE LOS AGRONOMOS DEL PROYECTO CH24T | E73: AGROINSUMOS EL CONDADO | F73: MAVETRANS SAS | G73: 1 | H73: 36 | I73: 43100 | J73: 513291106
C74: 2
C75: 3
C76: 4
C77: 5
A78: 16 | B78: PLATINO VIP S.A.S. | C78: 1 | D78: Prestación del servicio público de transporte terrestre automotor especial para los funcionarios del Ministerio de Trabajo en la ciudad de Bogotá D.C. | E78: MINISTERIO DE TRANSPORTE | F78: CONSORCIO EMPRESARIAL BIP-PLATINO | G78: 0.5 | H78: 20 | I78: 41974 | J78: 918004750
C79: 2 | D79: En el perímetro urbano y rural de BOGOTÁ D.C. y de manera excepcional en los municipios del departamento de Cundinamarca y a otros municipios del territorio nacional | E79: ADMINISTRADORA COLOMBIANA DE PENSIONES - COLPENSIONES | F79: CONSORCIO EMPRESARIAL UNI2 | G79: 0.5 | H79: 31 | I79: 43070 | J79: 2459951453
C80: 3
C81: 4
C82: 5
A83: 17 | B83: BUSEXPRESS S.A.S. | C83: 1
C84: 2
C85: 3
C86: 4
C87: 5
A88: 18 | B88: TRANSPORTES ESIVANS SAS | C88: 1 | D88: Prestación de servicios de transporte terrestre | E88: AVIANCA | F88: TRANSPORTES ESIVANS SAS | G88: 1 | H88: 15 | I88: 42917 | J88: 4449641491
C89: 2 | D89: Prestación del servicio público de transporte terrestre automotor especial | E89: UAESP | F89: TRANSPORTES ESIVANS SAS | G89: 1 | H89: 17 | I89: 42887 | J89: 64932000
C90: 3 | D90: Servicio integral de transporte terrestre especial continuo | E90: ALCALDIA TEUSAQUILLO | F90: TRANSPORTES ESIVANS SAS | G90: 1 | H90: 16 | I90: 42948 | J90: 100650000
C91: 4 | D91: Prestación Servicio de transporte | E91: HOSPITAL SAN JOSE | F91: TRANSPORTES ESIVANS SAS | G91: 1 | H91: 8 | I91: 42430 | J91: 125613493
C92: 5
A93: 19 | B93: UT. ENTERRITORIO JG 20 | C93: 1 | D93: Servicio de transporte terrestre automotor publico especial con conductor con destino a la unidad para la atención y reparación integral a las victimas | E93: Agrobursatil S.A | F93: TRANSPORTES ESPECIALIZADOS JR S.A.S | G93: 1 | H93: 8 | I93: 41639 | J93: 3748540203
C94: 2 | D94: Servicio de Transporte Terrestre Automotor Publico Especial con Conductor, para transportar recurso humano de la entidad, materiales de capacitación población víctima y equipamiento requerido | E94: Agrobursatil S. A | F94: TRANSPORTES ESPECIALIZADOS JR S.A.S | G94: 1 | H94: 13 | I94: 41971 | J94: 3017121621
C95: 3 | D95: Prestación de servicio de transporte terrestre automotor especial de pasajeros con nosotros. | E95: SCHNEIDER ELECTRIC DE COLOMBIA S.A.S. | F95: TRANSPORTES GALAXIA S.A | G95: 1 | H95: 62 | I95: 43465 | J95: 500000000
C96: 4 | D96: Transporte especial de pasajeros | E96: CAJA DE COMPENSACION FAMILIAR CAFAM | F96: TRANSPORTES GALAXIA S.A | G96: 1 | H96: 65 | I96: 43535 | J96: 900000000
C97: 5
A98: 20 | B98: ASOCIACION DE TRANSPORTADORES ESPECIALES AS TRANSPORTES | C98: 1 | D98: PRESTAR EL SERVICIO DE TRANSPORTE TERRESTRE AUTOMOTOR ESPECIAL DE PASAJEROS | E98: MUNICIPIO DE MEDELLIN | F98: UNION TEMPORAL G4 | G98: 0.18 | H98: 56 | I98: 43159 | J98: 17078580636
C99: 2
C100: 3
...

Sheet Formato 3A
A1: DEL FORMATO 3A EXTRAER LA SIGUIENTE INFORMACIÓN
A2: Oferente No. | B2: Nombre del oferente | C2: No. De contratos aportados | D2: OBJETO | E2: PROPIETARIO O ENTIDAD CONTRATANTE | F2: CONTRATISTA O APORTADA POR: | G2: % de ejecución | H2: CONSECUTIVO RUP | I2: Fecha de Terminación | J2: VALOR
A3: 1 | B3: UNIÓN TEMPORAL TRANSET ENT 2020 | C3: 1 | D3: Prestación del servicio de transporte especial en camionetas doble cabina 4X4, para el traslado de personal de la compañía, insumos y herramientas en todo el territorio nacional (Tolima, Huila, Santander, Norte de Santander, Caldas, Valle del Cauca, Nariño, Putumayo, Antioquia, Chocó, Guajira, Cesar, Magdalena, Bolívar, Sucre, Córdoba, entre otras) | E3: COLVISEG TDA. | F3: SETCOLTUR S.A.S | G3: 100 | H3: 36 | I3: 42705 | J3: 990000000
C4: 2 | D4: Prestación del servicio de transporte especial en camionetas doble cabina 4X4, para el traslado de personal de la compañía, insumos y herramientas en todo el territorio nacional (Tolima, Huila, Santander, Norte de Santander, Caldas, Valle del Cauca, Nariño, Putumayo, Antioquia, Chocó, Guajira, Cesar, Magdalena, Bolívar, Sucre, Córdoba, entre otras) | E4: COLVISEG TDA. | F4: SETCOLTUR S.A.S | G4: 100 | H4: 37 | I4: 43070 | J4: 442500000
C5: 3 | D5: Prestar el servicio de transporte escolar en todas las modalidades de servicioque requiera al Secretaría de Educación del Distrito | E5: SECRETARÍA DE EDUCACIÓN DISTRITAL | F5: INVERSIONES TRANSTURISMO S.A.S. | G5: 100 | H5: 20 | I5: 42156 | J5: 3193905408
C6: 4 | D6: Prestación del servicio de transporte para los trabajadores de la Empresa de Acueducto y Alcantarillado de Bogotá ESP,que laboran en la central de operaciones, las subcentrales de Santa Lucíay Usaquén,las plantas Wiesner, El Dorado, El Salitre y el Sistema de Chingaza y aquellos servicios especiales que requiera a empresa | E6: EMPRESA DE ACUEDUCTO Y ALCANTARILLADO DE BOGOTA ESP | F6: INVERSIONES TRANSTURISMO S.A.S. | G6: 70 | H6: 38 | I6: 42370 | J6: 12095466199
A7: 2 | B7: TRANSPORTES CSC S.A.S - Nit. 900.470.772-8 | C7: 1 | D7: PRESTAR EL SERVICIO DE TRANSPORTETERRESTREESPECIAL DE PASAJEROS CON 16 CAMIONETAS TIPO VAN DE 7 PASAJEROS Y 2 VAN DE 11 PASAJEROSPARA LOS DIFERENTES PROYECTOS QUE SE EJECUTAN EN LA EMPRESA | E7: CONSORCIO CONCESION MILENIO | F7: TRANSPORTES CSC S.A.S | G7: 100 | H7: 11 | I7: 42372 | J7: 908452573
C8: 2 | D8: PRESTAR EL SERVICIO DE TRANSPORTE TERRESTRE ESPECIAL DE PASAJEROS CON 13CAMIONETAS TIPO VAN DE 7 PASAJEROS PARA LOS DIFERENTES PROYECTOS QUE SE EJECUTAN EN LA EMPRESA | E8: RETAIL LATAM S.A.S | F8: TRANSPORTES CSC S.A.S | G8: 100 | H8: 12 | I8: 42794 | J8: 843312815
C9: 3 | D9: PRESTACIÓN DE SERVICIO PUBLICO DE TRANSPORTE TERRESTRE AUTOMOTOR ESPECIAL PARA LA SECRETARIA DISTRITAL DE INTEGRACION SOCIAL | E9: SECRETARIA DISTRITAL DE INTEGRACION SOCIAL | F9: TRANSPORTES CSC S.A.S | G9: 100 | H9: 23 | I9: 42925 | J9: 4324606133
C10: 4 | D10: PRESTAR EL SERVICIO PUBLICO DE TRANSPORTE TERRESTRE AUTOMOTOR ESPECIAL PARA EL CENTRO DE INVESTIGACIÓN TIBAITATA Y SEDE CENTRAL, EN CAMIONETAS DOBLE CABINA 4X4 Y MICROBUSES HACIA VARIOS MUNICIPIOS DE LOS DEPARTAMENTOS DE CUNDINAMARCA, BOYACA, TOLIMA, HUILA, SANTANDER Y META | E10: AGROSAVIA | F10: TRANSPORTES CSC S.A.S | G10: 100 | H10: 31 | I10: 43373 | J10: 903679021
A11: 3 | B11: TRANSPORTES ESPECIALES ALIADOS SAS - NIT:900444852-9 | C11: 1 | D11: SERVICIO DE TRANSPORTE TERRESTRE AUTOMOTOR ESPECIAL PARA LA MOVILIZACION DE PASAJEROS Y PERSONAL | E11: PRODUCCIONES RTI SAS | F11: TRANSPORTES ESPECIALES ALIADOS SAS | G11: 100 | H11: 31 | I11: 42230 | J11: 1080625009
C12: 2 | D12: CONTRATAR EL SERVICIO DE TRANSPORTE DE PERSONAL EN CAMIONETAS 4X4, CON DESTINO AL CONVENIO 918-2014 SUSCRITO ENTRE EL INVIAS Y LA UPTC | E12: UNIVERSIDAD PEDAGOGICA Y TECNOLOGICA DE COLOMBIA | F12: TRANSPORTES ESPECIALES ALIADOS SAS | G12: 100 | H12: 58 | I12: 42970 | J12: 2283933500
C13: 3 | D13: SERVICIO DE TRANSPORTE TERRESTRE ESPECIAL PLACA BLANCA, A FIN DE GARANTIZAR LA ATENCION Y NORMAL DESPLAZAMIENTO EN LA SUBRED INTEGRADA DE SERVICIO DE SALUD E.S.E., EN LA CIUDAD DE BOGOTA., EN LAS LOCALIDADES CIUDAD BOLIVAR, TUNJUELITO, USME, SUAMPAZA Y PARA DAR CUMPLIMIENTO A LOS CONTRATOS EN EL MARCO DEL PLAN DE INTERVENCIONES COLECTIVAS (PIC), RUTA DE SALUD, DE PARTICIPACIÓN Y DEMÁS CONVENIOS, SUSCRITOS CON EL FONDO FINANCIERO DISTRITAL DE SALUD-SECRETARIA DISTRITAL DE SALUD | E13: UNIVERSIDAD PEDAGOGICA Y TECNOLOGICA DE COLOMBIA | F13: TRANSPORTES ESPECIALES ALIADOS SAS | G13: 100 | H13: 87 | I13: 43119 | J13: 1742375000
C14: 4 | D14: SERVICIO DE TRANSPORTE DE PASAJEROS | E14: CASA EDITORIAL EL TIEMPOSA | F14: TRANSPORTES ESPECIALES ALIADOS SAS | G14: 100 | H14: 59 | I14: 43132 | J14: 1193633629
A15: 4 | B15: UT TURIALIANZA ENPDT | C15: 1 | D15: Servicio de transporte Terrestre Automotor Especial Camperos y Camionetas | E15: Municipio de Medellín | F15: TransportesTuriscar S.A.S | G15: 30 | H15: 31 | I15: 42809 | J15: $ 12.668.123.299 *30% $ 3.800.436.989
C16: 2 | D16: Servicio de transporte Terrestre Automotor Especial Camperos y Camionetas | E16: Municipio de Medellín | F16: TransportesTuriscar S.A.S | G16: 25 | H16: 32 | I16: 43159 | J16: $ 17.078.580.636 * 25% $ 4.269.645.159
C17: 3 | D17: Transporte Terrestre de personal de LAN. | E17: LANColombia Airlines | F17: Alianza Terrestre S.A.S | G17: 100 | H17: 1 | I17: 41639 | J17: 998696746
C18: 4 | D18: Servicio de transporte Terrestre Automotor para el cumplimiento de las actividadesmisionales del AMVA | E18: Área Metropolitana Valle Aburra | F18: Alianza Terrestre S.A.S | G18: 75 | H18: 17 | I18: 42916 | J18: $ 1.280.498.220 *75% $ 960.373.665
A19: 5 | B19: MI ÁGUILA TRANSPORTES S.A.S - NIT:900 850 867-1 | C19: 1 | D19: Prestar el servicio público de transporte terrestre automotor especial dentro de Bogotá D.C., y/o cualquier destino nacional, en virtud del carácterdel radio de acción dispuesto en el Decreto 1079 de 2015, para las empresas de transporte público terrestre automotor especial, en vehículos debidamente aprobados y homologados por el Ministerio de Transporte al personal del CONTRATANTE. | E19: Sociedad Puerto industrial Aguadulce S.A | F19: MI ÁGUILA TRANSPORTES S.A.S | G19: 100 | H19: 1 | I19: 43281 | J19: 581334297
C20: 2 | D20: Prestar el servicio público de transporte terrestre automotor especial dentro de Bogotá D.C., y/o cualquier destino nacional, en virtud del carácter del radio de acción dispuesto en el Decreto 1079 de 2015, para las empresas de transporte público terrestre automotor especial, en vehículos debidamente aprobados y homologados por el Ministerio de Transporte al personal del CONTRATANTE. | E20: Cine Colombia S.A. | F20: MI ÁGUILA TRANSPORTES S.A.S | G20: 100 | H20: 2 | I20: 43555 | J20: 335292844
C21: 3 | D21: Prestar el servicio público de transporte terrestre automotor especial dentro de Bogotá D.C., y/o cualquier destino nacional, en virtud del carácter del radio de acción dispuesto en el Decreto 1079 de 2015, para las empresas de transporte público terrestre automotor especial, en vehículos debidamente aprobados y homologados por el Ministerio de Transporte al personal del CONTRATANTE | E21: MassDigital S.A. | F21: MI ÁGUILA TRANSPORTES S.A.S | G21: 100 | H21: 9 | I21: 43281 | J21: 135972914
C22: 4 | D22: Prestar el servicio público de transporte terrestre automotor especial dentro de Bogotá D.C., y/o cualquier destino nacional, en virtud del carácter del radio de acción dispuesto en el Decreto 1079 de 2015, para las empresas de transporte público terrestre automotor especial, en vehículos debidamente aprobados y homologados por el Ministerio de Transporte al personal del CONTRATANTE | E22: Dupont Colombia S.A. | F22: MI ÁGUILA TRANSPORTES S.A.S | G22: 100 | H22: 4 | I22: 43281 | J22: 155267214
A23: 6 | B23: TRANSPORTES ESPECIALES UNO A LIMITADA - NIT:805.028.887-8 | C23: 1 | D23: PRESTACION DEL SERVICIO DE TRANSPORTE ESPECIAL | E23: HOSPITAL DE ENGATIVA E.S.E. | F23: TRANSPORTES ESPECIALES UNO A LTDA | G23: 100 | H23: 22 | I23: 42460 | J23: 192600000
C24: 2 | D24: PRESTAR EL SERVICIO DE TRANSPORTE PÚBLICO TERRESTRE AUTOMOTOR ESPECIAL | E24: INSTITUTO COLOMBIANO DE BIENESTAR FAMILIAR | F24: UNION TEMPORAL TRANSPORTES NACIONALES | G24: 25 | H24: 23 | I24: 42366 | J24: 2763220970
C25: 3 | D25: TRANSPORTE DE PASAJEROS | E25: TELMEX S.A. | F25: TRANSPORTES ESPECIALES UNO A LTDA | G25: 100 | H25: 25 | I25: 42297 | J25: 862169036
C26: 4 | D26: PRESTACION DEL SERVICIO DE TRANSPORTE TERRESTRE DE PERSONAS | E26: COLOMBIA MOVIL S.A. | F26: CONSORCIO LOGISTICA UNO A | G26: 90 | H26: 1 | I26: 41333 | J26: 7084520599
A27: 7 | B27: MIL SERVICIOSS.A.S. - 808.002.622-1 | C27: 1 | D27: Contratar el servicio de transporte especial para el desarrollo de las actividades estable-cidasen el plan de acciónque soporta la eje-cuciónde los recursos del FONDIGER | E27: IDIGER | F27: UNION TEMPORAL MILEXPRESS | G27: 40 | H27: 3 | I27: 42948 | J27: 585000000
C28: 2 | D28: Contratar el servicio de transporte especial para el desarrollo de las actividades de Ges-tión del Riesgo del IDIGER | E28: IDIGER | F28: UNION TEMPORAL ACAR MIL IDIGER 2017 | G28: 40 | H28: 6 | I28: 43270 | J28: 445705305
C29: 3 | D29: Prestacióndel servicio de transporte automo-tor especial la modalidad para desarrollar ac-tividades propias de la razónsocial en el de-partamento de Norte de Santander.$ | E29: TRANSPORTADORES NORTE DE SANTAN-DER S.A.S. | F29: MIL SERVICIOS S.A.S | G29: 100 | H29: 20 | I29: 43465 | J29: 97062037
C30: 4 | D30: Servicio de transorte automotor especialen la modalidad de satisfacer las necesidades y desarrollo delas actividades establecidasen el plan de acciónque soporta la ejecuciónde los recursos de transporte especial personas | E30: UNIVERSIDAD EX-TERNADO DE CO-LOMBIA | F30: MIL SERVICIOS S.A.S | G30: 100 | H30: 15 | I30: 43069 | J30: 35715000
A31: 8 | B31: TRANSPORTES ESPECIALES FSG S.A.S. NIT:830.117.701-1 | C31: 1 | D31: Prestación de servicios de transporte terrestre especializado de pasajeros. | E31: Instituto Distrital para la Protección de la Niñez y la Juventud - IDIPRON | F31: TRANSPORTES ESPECIALES FSG S.A.S. | G31: 100 | H31: 10 | I31: 40525 | J31: 609000000
C32: 2 | D32: Contratar la prestación del servicio de transporte público terrestre automotor especial de pasajeros. | E32: Corporación Autonoma Regional de Cundinamarca- CAR | F32: TRANSPORTES ESPECIALES FSG S.A.S. | G32: 100 | H32: 22 | I32: 41346 | J32: 10009918529
C33: 3 | D33: Contratar el servicio de transporte público terrestre automotor especial de pasajeros. | E33: Transportadora de Gas Internacional S.A. ESP | F33: TRANSPORTES ESPECIALES FSG S.A.S. | G33: 100 | H33: 72 | I33: 42009 | J33: 1612134350
C34: 4 | D34: Prestar el servicio público de transporte público terrestre automotor especial de pasajeros. | E34: Secretaría Distrital de Ambiente | F34: TRANSPORTES ESPECIALES FSG S.A.S. | G34: 100 | H34: 99 | I34: 42737 | J34: 5182753753
A35: 9 | B35: BIP TRANSPORTES SAS - NIT:830.061.945-7 | C35: 1 | D35: Prestar el servicio de Transportepublico terrestreautomotor especial para el Instituto Colombiano de Bienestar Familia a Nivel Nacional para la Macro Regiónuno (1). | E35: INSTITUTO COLOMBIANO DE BIENESTAR FAMILIAR | F35: CONSORCIO EMPRESARIAL VEB BIP TRANSPORTES LTDA 33%ESTURIVANNS SAS 33%VIAJEROS SA 33% | G35: 33 | H35: 68 | I35: 43616 | J35: 30334796796
C36: 2 | D36: Servicio de Transporte Publico Terrestre Automotor Especial de los Funcionarios mediante oferta Mercantil BT 22042015 | E36: PROMIGAS SA ESP | F36: BIP TRANSPORTES SAS | G36: NO RESGISTRÓ | H36: 59 | I36: 43373 | J36: 4367236122
C37: 3 | D37: Contratar la prestación del servicio público de transporte especial, para el desplazamiento de los vicepresidentes y directores de oficina, que por el ejercicio de sus funciones y responsabilidades así lo requieran, en el perímetro urbano y rural de Bogotá y de manera excepcional en los municipios del departamento de Cundinamarca y a otros municipios del territorio Nacional | E37: COLPENSIONES | F37: CONSORCIO EMPRESARIAL UNI2BIP TRANSPORTES LTDA 50%PLATINO VIP LTDA50% | G37: 50 | H37: 42 | I37: 43072 | J37: 2359157053
C38: 4 | D38: Contratar el servicio público de transporte terrestre automotor especial urbano y/o rural por horas y/o días con conductor, para la dirección territorial centro que participaran en la recolección en los operativos de campo de la encuesta multipropósito. para el Lote 1 correspondiente a transporte especial Horas en la ciudad de Bogotá-Cundinamarca | E38: DEPARTAMENTO NACIONAL DE ESTADISTICA DANE | F38: UNION TEMPORAL VIP & BIPBIP TRANSPORTES LTDA 50%PLATINO VIP LTDA50% | G38: 50 | H38: 40 | I38: 43069 | J38: 1602989889
A39: 10 | B39: EFITRANS S.A.S - NIT:811028194-4 | C39: 1 | D39: Servicio de transporte terrestre automotor especial de pasajeros | E39: Contraloria General de Antioquia | F39: EFITRANS S.A.S | G39: 100 | H39: 24 | I39: 41791 | J39: 1050000000
C40: 2 | D40: Servicio de transporte terrestre automotor especial de pasajeros | E40: Municipio de Medellin | F40: EFITRANS S.A.S | G40: 50 | H40: 1 | I40: 41334 | J40: 6985128990
C41: 3 | D41: Servicio de transporte terrestre automotor especial de pasajeros | E41: Municipio de Medellin | F41: EFITRANS S.A.S | G41: 60 | H41: 2 | I41: 41030 | J41: 8895520217
C42: 4 | D42: Servicio de transporte terrestre automotor especial de pasajeros | E42: Municipio de Medellin | F42: EFITRANS S.A.S | G42: 10 | H42: 34 | I42: 42795 | J42: 12668123299
A43: 11 | B43: INVERSIONES TRANSABANA SAS - NIT:900.512.082-6 | C43: 1 | D43: Prestación de servicio de transporte publico terrestre automotor especial a nivel nacional | E43: ASUAGRO | F43: INVERSIONES TRANSABANA SAS | G43: 100 | H43: 1 | I43: 43070 | J43: 6.2036098e+08
C44: 2
C45: 3
C46: 4
A47: 12 | B47: TRANSPORTES ESPECIALES NUEVA ERA S.A.Scon Nit. 901.056.044-3 | C47: 1 | D47: Servicio de transporte depersonal paraLas operaciones de erradicación de cultivos ilícitos a nivelnacional de la Dirección de Antinarcótico –Policía Nacional | E47: DIRECCIONANTINARCOTICOSPOLICIA NACIONAL | F47: UNION TEMPORAL TRANSPORTES UNIDOS | G47: 40 | H47: 7 | I47: 43454 | J47: 450000000
C48: 2 | D48: Servicio de transporte del personal dedicado a las actividades propias de laELECTRIFICADODEL META S.A. E.S.P | E48: ELECTRIFICADODELMETA S.A. E.S.P | F48: CONSORCIO TRANSPORTES NUEVA ERA -FSG | G48: 50 | H48: 8 | I48: 43434 | J48: 704923300
C49: 3 | D49: Prestacióndel servicio públicode transporte terrestreespecial de pasajeros. | E49: PROGRAMA DELAS NACIONES UNIDAS PARA EL DESARROLLO PNUD | F49: TRANSPORTES ESPECIALES NUEVA ERA SAS | G49: 100 | H49: 1 | I49: 43100 | J49: 4500000
C50: 4 | D50: Contrato la prestacióndel servicio publico de transporte terrestre especial de pasajeros. | E50: CONSORCIO EMPRESARIAL T&C | F50: TRANSPORTES ESPECIALES NUEVA ERA SAS | G50: 100 | H50: 2 | I50: 43100 | J50: 11718100
A51: 13 | B51: SASO SA - NIT:860.515.115-1 | C51: 1 | D51: SERVICIO DE TRANSPORTE ESPECIAL | E51: FONADE | F51: UNION TEMPORAL SALIRAMA | G51: 51 | H51: 16 | I51: 42063 | J51: 11199259450
C52: 2 | D52: SERVICIO DE TRANSPORTE ESPECIAL | E52: FONADE | F52: UNION TEMPORAL SALIRAMA | G52: 51 | H52: 27 | I52: 42073 | J52: 5505807632
C53: 3 | D53: SERVICIO DE TRANSPORTE ESPECIAL | E53: DEPARTAMENTO ADMINISTRATIVO PARA LA PROSPERIDAD SOCIAL | F53: UNION TEMPORAL SASO S.A. FSG EU | G53: 70 | H53: 20 | I53: 42155 | J53: 5594662500
C54: 4 | D54: SERVICIO DE TRANSPORTE ESPECIAL | E54: MUNICIPIO DE TONA SANTANDER | F54: SASO S.A. | G54: 100 | H54: 29 30 31 | I54: 41455 | J54: 163,29 SMLMV
A55: 14 | B55: SERVITAC SAS SERVICIO DE ALQUILER Y TRANSPORTE ALVARADO CIA | C55: 1 | D55: SERVICIO DE TRANSPORTE TERRESTRE ESPECIAL EN VEHICULOS CLASE AUTOMOVILES Y CAMIONETAS PARA LOS TRABAJADORES, INVITADOS Y COLABORADORES DEL CENTRO DE INVESTIGACION TIBAITATA Y SEDE CENTRAL | E55: CORPORACION COLOMBIANA DE INVESTIGACION AGROPECUARIA-CORPOICA | F55: UNION TEMPORAL TRANSPORTES VISER | G55: 0.5 | H55: 31 | I55: 41873 | J55: 1400000000
C56: 2 | D56: TRANSPORTE PUBLICO TERRESTRE ESPECIAL MASIVO E INDIVIDUAL, PERMANENTE Y OCASIONAL DE PERSONAL, PARA EL DEPARTAMENTO DE OPERACIONES LLANOS, PLANTA EL PORVENIR, DE LA VICEPRESIDENCIA DE TRANSPORTE DE ECOPETROL SA, DURANTE LAS VIGENCIAS 2009, 2010, Y 2011, MANDATO OCENSA | E56: ECOPETROL | F56: UNION TEMPORAL DE TRANSPORTES K&S | G56: 0.5 | H56: 20 | I56: 41121 | J56: 267667887
C57: 3 | D57: PRESTAR EL SERVICIO PUBLICO TERRESTRE AUTOMOTOR ESPECIAL PARA GARANTIZAR EL DESPLAZAMIENTO DE LOS SERVIDORES PUBLICOS Y CONTRATISTAS DEL ICBF REGIONAL TOLIMA, HASTA LAS DIFERENTES UNIDADES APLICATIVAS DEL DEPARTAMENTO DURANTE LA VIGENCIA 2001. | E57: INSTITUTO COLOMBIANO DE BIENESTAR FAMILIAR-ICBF | F57: SERVITAC SAS | G57: 1 | H57: 6 | I57: 40905 | J57: 340095243
C58: 4 | D58: SERVICIO DE TRANSPORTE TERRESTRE AUTOMOTOR A LOS PROFESIONALES DE LA UNIDAD MOVIL DEL ICBF | E58: ORGANIZACIÓN INTERNACIONAL PARA LAS MIGRACIONES | F58: SERVITAC SAS | G58: 1 | H58: 10 | I58: 41613 | J58: 155402400
A59: 15 | B59: MEVATRANS SAS | C59: 1 | D59: PRESTAR EL SERVICIO INTEGRAL DE TRANSPORTE AUTOMOTOR TERRESTRE ESPECIAL, DE CONFORMIDAD CON LOS ESTUDIOS PREVIOS, EL PLIEGO DE CONDICIONES, LA PROUPUESTA, DOCUMENTOS QUE FORMAN PARTE INTEGRAL DEL CONTRATO | E59: SECRETARIA DISTRITAL DE CULTURA, RECREACIÓN Y DEPORTE | F59: MEVATRANS SAS | G59: 1 | H59: 28 | I59: 42916 | J59: 467280000
C60: 2 | D60: PRESTACIÓN DEL SERVICIO PÚBLICO DE TRANSPORTE TERRESTRE AUTOMOTOR ESPECIAL DE PASAJEROS PARA TRASLADO DE EMPLEADOS Y SIMULTANEAMENTE SUS MATERIALES, HERRAMIENTAS Y EQUIPOS DENTRO DE LA JURISDICCIÓN DEL DEAPRTAMENTO DE CUNDINAMARCA O DONDE EL CONTRATANTE LO REQUIERA A NIVEL NACIONAL | E60: AGROINSUMOS EL CONDADO | F60: MEVATRANS SAS | G60: 1 | H60: 7 | I60: 42124 | J60: 429129000
C61: 3 | D61: PRESTACIÓN DEL SERVICIO DE TRANSPORTE TERRESTRE DE PASAJEROS E INSUMOS PARA LOS DIFERENTES PROGRAMAS DE LA SUBRED NORTE E.S.E. | E61: SUBRED INTEGRADA DE SERVICIOS DE SALUD NORTE E.S.E. | F61: UT TRANSRED NORTE | G61: 0.5 | H61: 31 | I61: 42932 | J61: 312012331
C62: 4 | D62: PRESTAR EL SERVICIO DE TRANSPORTE ESPECIAL EN LAS DIFERENTES UNIDADES DE LA SUBRED INTEGRADA DE SERVICIOS DE SALUD NORTE E.S.E. PARA LA OPERACIÓN DEL PROGRAMD RUTA SALUDABLE Y DEL PLAN DE INTERVENCIONES COLECTIVAS PIC, EN EL CONTEXTO DE REDES DE SERVICIOS DE SALUD, CUMPLIENDO EN EL MARCO DE LOS CONTRATOS Y/O CONVENIOS INTERADMINISTRATIVOS SUSCRITOS CON LA SECRETARIA DE SALUD. | E62: SUBRED INTEGRADA DE SERVICIOS DE SALUD NORTE E.S.E. | F62: MEVATRANS SAS | G62: 1 | H62: 33 | I62: 43022 | J62: 239986644
A63: 16 | B63: PLATINO VIP S.A.S. | C63: 1 | D63: El contratista se obliga con Canal Capital a prestar el servicio de transporte terrestre automotor especial de equipos y personal en el perímetro de Bogotá y los municipios aledaños | E63: CANAL CAPITAL | F63: PLATINO VIP S.A.S. | G63: 1 | H63: 29 | I63: 42795 | J63: 700000000
C64: 2 | D64: Prestar el servicio público de transporte especial para los servidores públicos del Instituto Colombiano de Bienestar Familiar Regional Bogotá , incluidos todos los costos operacionales, vehículos con disponibilidad las veinticuatro (24) horas del día siete (7) días de la semana | E64: INSTITUTO COLOMBIANO DE BIENESTAR FAMILIAR - ICBF | F64: UNION TEMPORAL BIP PLATINO | G64: 0.5 | H64: 7 | I64: 41518 | J64: 673472976
C65: 3 | D65: Prestar el servicio de transporte público terrestre automotor especial para el Instituto Colombiano de Bienestar Familiar a Nivel Nacional para la Macro Región tres (3) | E65: INSTITUTO COLOMBIANO DE BIENESTAR FAMILIAR - ICBF | F65: CONSORCIO DE TRANSPORTES NACIONALES | G65: 0.5 | H65: 35 | I65: 43617 | J65: 23084733953
C66: 4 | D66: Servicio público de Transporte terrestre automotor especial urbano y/o rural por horas y/o días con conductor, para la Dirección Territorial Centro que participaron en la recolección en los operativos de campo, de la encuesta Multipropósito. | E66: FONDANE | F66: UNION TEMPORAL VIP & BIP | G66: 0.5 | H66: 24 | I66: 43070 | J66: 1802075318
A67: 17 | B67: BUSEXPRESS S.A.S. | C67: 1 | D67: Suministrar a Electricaribe SA. ESP. Los servicios de Transporte de personal de unidades operativas | E67: Electricaribe S.A. E.S.P. | F67: BUSEXPRESS S.A.S. | G67: 1 | H67: 49 | I67: 42715 | J67: 5562433564
C68: 2 | D68: Suministro de transporte al personal de convenios colectivos en Electricaribe S.A. E.S.P. para los sectores de Atlántico y Bolívar | E68: Electricaribe S.A. E.S.P. | F68: BUSEXPRESS S.A.S. | G68: 1 | H68: 39 | I68: 42674 | J68: 1567838013
C69: 3 | D69: Contratar el servicio de transporte terrestre necesario para el desplazamiento de los funcionarios de la Gobernación de Bolívar para el cumplimiento de funciones institucionales | E69: GOBERNACION DE BOLIVAR | F69: BUSEXPRESS S.A.S. | G69: 1 | H69: 43 | I69: 42719 | J69: 990000000
C70: 4 | D70: Prestación de servicio de transporte escolar para estudiantes pertenencientes a los niveles 1 y 2 del Sisben focalizados en zonas donde no existe oferta educativa para que sean transportados a las instituciones Educativas Distritales e identificadas como receptoras | E70: Distrito Especial, industrial y portuario de Barranquilla | F70: BUSEXPRESS S.A.S. | G70: 1 | H70: 32 | I70: 42471 | J70: 4289100000
A71: 18 | B71: TRANSPORTES ESIVANS SAS | C71: 1 | D71: Servicio de transporte público terrestre automotor especial a nivel nacional | E71: SALUD TOTAL | F71: ESIVANS S.A.S. | G71: 1 | H71: 18 | I71: 43070 | J71: 8281054294
C72: 2
C73: 3
C74: 4
A75: 19 | B75: U.T. ENTERRITORIO JG 20 | C75: 1 | D75: Servicio de transporte terrestre automotor publico especial con conductor con destino a la unidad para la atención y reparación integral a las victimas | E75: Agrobursatil S.A | F75: TRANSPORTES ESPECIALIZADOS JR S.A.S | G75: 1 | H75: 8 | I75: 41639 | J75: 3748540203
C76: 2 | D76: Servicio de Transporte Terrestre Automotor Publico Especial con Conductor, para transportar recurso humano de la entidad, materiales de capacitación población víctima y equipamiento requerido | E76: Agrobursatil S.A | F76: TRANSPORTES ESPECIALIZADOS JR S.A.S | G76: 1 | H76: 13 | I76: 41971 | J76: 3017121621
C77: 3 | D77: Prestación de servicio de transporte terrestre automotor especial de pasajeros con nosotros. | E77: SCHNEIDER ELECTRIC DE COLOMBIA S.A.S. | F77: TRANSPORTES GALAXIA S.A | G77: 1 | H77: 62 | I77: 43465 | J77: 500000000
C78: 4 | D78: Transporte especial de pasajeros | E78: CAJA DE COMPENSACION FAMILIAR CAFAM | F78: TRANSPORTES GALAXIA S.A | G78: 1 | H78: 65 | I78: 43535 | J78: 900000000
A79: 20 | B79: ASOCIACION DE TRANSPORTADORES ESPECIALES AS TRANSPORTES | C79: 1 | D79: PRESTAR EL SERVICIO DE TRANSPORTE TERRESTRE AUTOMOTOR ESPECIAL DE PASAJEROS | E79: MUNICIPIO DE MEDELLIN | F79: UNION TEMPORAL G3 | G79: 0.3 | H79: 55 | I79: 42809 | J79: 12668123299
C80: 2 | D80: PRESTAR EL SERVICIO DE TRANSPORTE TERRESTRE AUTOMOTOR ESPECIAL DE PASAJEROS | E80: MUNICIPIO DE MEDELLIN | F80: UNION TEMPORAL G5 | G80: 0.18 | H80: 18 | I80: 42118 | J80: 12192150433
C81: 3 | D81: TRANSPORTAR A LAS PERSONAS, HERRAMIENTAS O EQUIPOS DE TRABAJO | E81: FUREL | F81: AS TRANSPORTES | G81: 1 | H81: 5 | I81: 41274 | J81: 2834000000
C82: 4 | D82: SERVICIO DE TRANSPORTE DE PASAJEROS | E82: SANCHEZ GOMEZ Y CIA LTDA | F82: AS TRANSPORTES | G82: 1 | H82: 10 | I82: 42369 | J82: 76000000
A83: 21 | B83: ESTURIVANNS SAS | C83: 1 | D83: PRESTACION DE SERVICIO DE TRANSPORTE PUBLICO ESPECIAL A LA SECRETARIA DISTRITAL DE DESARROLLO ECOMOMICO | E83: SECRETARIA DISTRITAL DE DESARROLLO ECONOMICO | F83: ESTURIVANNS SAS | G83: 1 | H83: 50 | I83: 42795 | J83: 563098143
C84: 2 | D84: PRESTAR EL SERVICIO DE TRANSPORTE PUBLICO TERRESTRE AUTOMOTOR ESPECIAL PARA EL INSTITUTO COLOMBIANO DE BIENESTAR FAMILIAR A NIVEL NACIONAL PARA LA MACRO REGION CUATRO (4) | E84: INSTITUTO COLOMBIANO DE BIENESTAR FAMILIAR | F84: SERVIVANNS UNION TEMPORAL | G84: 0.5 | H84: 41 | I84: 42339 | J84: 2626915434
C85: 3 | D85: PRESTAR EL SERVICIO DE TRANSPORTE PUBLICO TERRESTRE AUTOMOTOR ESPECIAL PARA EL INSTITUTO COLOMBIANO DE BIENESTAR FAMILIAR | E85: INSTITUTO COLOMBIANO DE BIENESTAR FAMILIAR | F85: ESTURIVANNS SAS | G85: 1 | H85: 17 | I85: 42095 | J85: 3605082978
C86: 4 | D86: CONTRATAR LA PRESTACION DEL SERVICIO DE TRANSPORTE TERRESTRE AUTOMOTOR ESPECIAL PARA LA SECRETARIA DISTRITAL DE INTEGRACION SOCIAL | E86: SECRETARIA DISTRITAL DE INTEGRACION SOCIAL | F86: UNION TEMPORAL ESLITUR | G86: 0.5 | H86: 2 | I86: 41030 | J86: 9265546729
A87: 22 | B87: Organización ORT S.A.S | C87: 1 | D87: PRESTACION DE SERVICIO PUBLICO DE TRANSPORTE TERRESTRE AUTOMOTOR ESPECIAL DE PASAJEROS PARA LA SECRETARIA DE INTEGRACION SOCIAL | E87: SECRETARIA DISTRITAL DE INTEGRACION SOCIAL | F87: UNION TEMPORAL VANS BOGOTA | G87: 0.25 | H87: 19 | I87: 41902 | J87: 3850353557
C88: 2 | D88: PRESTACION DE SERVICIO DE TRANSPORTE TERRESTRE AUTOMOTOR ESPECIAL DE PASAJEROS | E88: SECRETARIA DISTRITAL DE CULTURA RECREACION Y DEPORTE | F88: ORGANIZACION DE TRANSPORTES ORT SAS | G88: 1 | H88: 8 | I88: 41639 | J88: 332224570
C89: 3 | D89: PRESTACION DE SERVICIO PUBLICO DE TRANSPORTE TERRESTRE AUTOMOTOR ESPECIAL DE PASAJEROS PARA LA SECRETARIA DE INTEGRACION SOCIAL | E89: SECRETARIA DISTRITAL DE INTEGRACION SOCIAL | F89: UNION TEMPORAL TSO | G89: 0.23 | H89: 25 | I89: 42221 | J89: 4893102883
C90: 4 | D90: PRESTAR EL SERVCIO INTEGRAL DE TRANSPORTE AUTOMOTOR TERRESTRE ESPECIAL DE PASAJEROS DE CONFORMIDAD CON LOS DOCUEMNTOS DEL CONTRATO | E90: SECRETARIA DISTRITAL DE CULTURA RECREACION Y DEPORTE | F90: UNION TEMPORAL OM | G90: 0.5 | H90: 34 | I90: 42490 | J90: 325683800
A91: 23 | B91: COOPERATIVA MULTIACTIVA AL SERVICIO DEL TRANSPORTE, LA MOVILIDAD Y LOGÍSTICA – TML COLOMBIA | C91: 1 | D91: Servicio de Transporte Terrestre público, con camioneta 4x4 para las actividades misionales y organizacionales de la compañía | E91: TML COLOMBIA | F91: LS INGENIERIA Y CONSULTORIA SAS | G91: N/A | H91: 82 | I91: 43466 | J91: 2000000000
C92: 2 | D92: Servicio de Transporte con conductor a nivel nacional para la subdirección de Geografía y Cartografía del IGAC | E92: TML COLOMBIA | F92: INSTITUCO GEOGRAFICO AGUSTIN CODAZZI – IGAC | G92: N/A | H92: 13 | I92: 30/2009 | J92: 125375000
C93: 3 | D93: Prestación de servicio de Transporte de personal | E93: TML COLOMBIA | F93: PACIFIC RUBIALES ENERGY | G93: N/A | H93: 17 | I93: 40940 | J93: 1047875550
C94: 4 | D94: Prestar el servicio de transporte terrestre automotor especial simultaneo de personal, equipos materiales, herramientas, y otros similares para el desarrollo de actividades de control urbanístico y promoción de denuncia ciudadana implementadas por la Alcaldía Local de Chapinero | E94: TML COLOMBIA | F94: ALCALDIA DE CHAPINERO | G94: N/A | H94: N/A | I94: 42217 | J94: 47000000
A95: 24 | B95: LIDERTUR S.A. | C95: 1 | D95: Prestar el servicio de transporte público terrestre automotor especial para el Instituto Colombiano de Bienestar Familiar a Nivel Nacional, para la Macro Región No.1. | E95: INSTITUTO COLOMBIANO DE BIENESTAR FAMILIAR | F95: UT SALIRAMA BIENESTAR | G95: 0.34 | H95: 90 | I95: 43097 | J95: 4212721405
C96: 2 | D96: Servicio de transporte público terrestre automotor especial para los Funcionarios del INVIAS. | E96: INSTITUTO NACIONAL DE VIAS | F96: UT T&L 2014 | G96: 0.5 | H96: 107 | I96: 42143 | J96: 740254895
C97: 3 | D97: PRESTACIÓN DE SERVICIOS DE TRANSPORTE ESPECIAL DE PASAJEROS PARA LOS DIFERENTES PROGRAMAS DEL I.M.R.D.S. | E97: INSTITUTO MUNICIPAL PARA LA RECREACIÓN Y EL DEPORTE DE SOACHA | F97: LIDERTUR S.A. | G97: 1 | H97: 98 | I97: 42364 | J97: 740254895
C98: 4 | D98: Contratar en nombre de La Nación - Ministerio de Defensa Nacional - Fuérza Aérea Colombiana - Comando Aéreo de Transporte Militar, el servicio de transporte público especial para el personal militar y civil que labora en el Comando Aéreo de Transporte Militar (CATAM) | E98: COMANDO AÉREO DE TRANSPORTE MILITAR | F98: LIDERTUR S.A. | G98: 1 | H98: 120 | I98: 42886 | J98: 562497060
A99: 25 | B99: Fundación Ways of Hope | C99: 1 | D99: ORDEN DE COMPRA No. OC- 000000157095 servicios varios incluido SERVICIO DE TRANSPORTE TERRESTE | E99: Quinta Generación S.A.S | F99: Fundación Ways of Hope | G99: 1 | H99: N/A | I99: 43811 | J99: 47500000
C100: 2 | D100: ORDEN DE COMPRA No. OC- 000000157094 servicios varios incluido SERVICIO DE TRANSPORTE TERRESTE | E100: Quinta Generación S.A.S | F100: Fundación Ways of Hope | G100: 1 | H100: N/A | I100: 43811 | J100: 47500000
...

Sheet Información general
A1: De la carta de presentación y acuerdo consorcial cuando sea consorcio extraer la siguiente información:
A2: Oferente No. | B2: Nombre del oferente | C2: Nombre del representante legal | D2: Nombre de los integrantes si es consorcio, escribir el NIT o CC de cada integrante y porcentaje de participación | E2: Telefono | F2: Direccion | G2: Email | H2: Ciudad
A3: 1 | B3: UNIÓN TEMPORAL TRANSET ENT 2020 | C3: JOSE FABIO CONTRERAS NARANJO CC 80.367.159 de Bogotá | D3: Integrante 1: SETCOLTUR S.A.S. NIT: 830.115.149-4 (50%) - Integrante 2: INVERSIONES TRANSTURISMO S.A.S. (50%) NIT 830.050.283-2 | E3: 3183887029 | F3: Tv. 31 No 11 -39 Sur Of. 217 / 216 C.C. Ciudad Montes. Bogotá D.C. | G3: gerencia@setcoltur.comjricardo.briceno@gmail.comlidercomercial@transturismo.co | H3: Bogotá D.C.
A4: 2 | B4: TRANSPORTES CSC S.A.S - Nit. 900.470.772-8 | C4: CARLOS AUGUSTO ROMERO FALLAcon CC No. 79.047.744 | D4: TRANSPORTES CSC S.A.S - Nit. 900.470.772-8 - 100% | E4: 796 83 74 | F4: Calle 66 B No.70 D –34 Bogotá D.C. | G4: Licitacionestcsc@hotmail.com | H4: Bogotá D.C.
A5: 3 | B5: TRANSPORTES ESPECIALES ALIADOS SAS - NIT:900444852-9 | C5: JENISLISBED PACHÓN SOTO - CEDULA DE CIUDADANÍA:65.715.223 del Libano Tolima | D5: TRANSPORTES ESPECIALES ALIADOS SAS - NIT:900444852-9 - 100% | E5: 3214390541 - 2565883 | F5: Cl 52ª # 85-22 | G5: direccioncomercial@transportesaliados.com.co | H5: Bogotá D.C.
A6: 4 | B6: UT TURIALIANZA ENPDT | C6: LUIS EDISON ARISTIZABAL ALZATE - C.C. 98.555.937 de Envigado Antioquia | D6: ALIANZA TERRESTRE S.A.S -con Nit: 830.087.371-2 - 50% TRANSPORTES Y VIAJES TURISCAR S.A.S. con Nit: 811.040.774-5 - 50% | E6: 3164720431-(4)448 3245 | F6: CALLE 2 B Nº 55-103 Barrio Manzanares | G6: Comercial1.alianzaterrestre@gmail.com | H6: Medellin
A7: 5 | B7: MI ÁGUILA TRANSPORTES S.A.S - NIT:900 850 867-1 | C7: Fernán Ocampo González CC 16.073.175 de Manizales. | D7: MI ÁGUILA TRANSPORTES S.A.S - NIT:900 850 867-1 - 100% | E7: 7458868 3173007679 | F7: Carrera 15 No. 80 90 Segundo piso | G7: licitaciones@miaguila.com | H7: Bogotá D.C.
A8: 6 | B8: TRANSPORTES ESPECIALES UNO A LIMITADA - NIT:805.028.887-8 | C8: GERMAN ULISES RODRIGUEZ NUÑEZ - CC 80.409.335 | D8: TRANSPORTES ESPECIALES UNO A LIMITADA - NIT:805.028.887-8 - 100% | E8: 7449608 | F8: Cra12 A No. 77 -41 | G8: proyectos@transportesunoa.com | H8: Bogotá D.C.
A9: 7 | B9: MIL SERVICIOSS.A.S. - 808.002.622-1 | C9: MARIA FERNANDA RODRIGUEZ LOPEZ - CC 37.331.669 Ocaña Norte de Santander | D9: MIL SERVICIOSS.A.S. - 808.002.622-1 - 100% | E9: (1) 2150548 | F9: Tv 14ª No. 119-97 Of. 102 | G9: licitaciones@milservicios.co | H9: Bogotá D.C.
A10: 8 | B10: TRANSPORTES ESPECIALES FSG S.A.S. NIT:830.117.701-1 | C10: FERNANDO SUAREZ GONZÁLEZ - CEDULA DE CIUDADANÍA: 19.450.358 | D10: TRANSPORTES ESPECIALES FSG S.A.S. NIT:830.117.701-1 - 100% | E10: 4926600 | F10: Cra. 29ªN°74-71 | G10: comercial2@transportesfsg.com | H10: Bogotá D.C.
A11: 9 | B11: BIP TRANSPORTES SAS - NIT:830.061.945-7 | C11: NELSON ROBERTO PARRA PALENCIA - cc 79.514.314 | D11: BIP TRANSPORTES SAS - NIT:830.061.945-7 - 100% | E11: 4824250 7 3156997444 | F11: CRA 23 No. 122 -59 | G11: comercial2@biptransportes.com | H11: Bogotá D.C.
A12: 10 | B12: EFITRANS S.A.S - NIT:811028194-4 | C12: EDISON ALEXANDER OSORIO ALVAREZ CEDULA DE CIUDADANÍA:98.594.821 | D12: EFITRANS S.A.S - NIT:811028194-4 - 100% | E12: 4482248 | F12: CRA 70 A No 51-21 | G12: comercial2@efitrans.com | H12: Medellin
A13: 11 | B13: INVERSIONES TRANSABANA SAS - NIT:900.512.082-6 | C13: ANDRES FERNANDO DUARTE ORTIZ CEDULA DE CIUDADANÍA:79.628.542 | D13: INVERSIONES TRANSABANA SAS - NIT:900.512.082-6 - 100% | E13: TELEFONOS:3208021052 FAX:3208021052 | F13: Transversal 76D # 82C-04 | G13: transsabana@yahoo.com | H13: Bogotá D.C.
A14: 12 | B14: TRANSPORTES ESPECIALES NUEVA ERA S.A.Scon Nit. 901.056.044-3 | C14: OSCAR MAURICIO MORA DURAN - CC 80.136.794 de Bogotá | D14: TRANSPORTES ESPECIALES NUEVA ERA S.A.Scon Nit. 901.056.044-3 - 100% | E14: (57-1) 7920895 | F14: Calle 85.ª no. 28b-41 | G14: comercial@tne.com.co | H14: Bogotá D.C.
A15: 13 | B15: SASO SA - NIT:860.515.115-1 | C15: GERMAN SORIANO VELASQUEZ - CC 19.462.127de Bogotá D.C | D15: SASO SA - NIT:860.515.115-1 - 100% | E15: 3002151 | F15: CRA 49 No 104B –93 | G15: transsasolicita@gmail.com | H15: Bogotá D.C.
A16: 14 | B16: Servicio de Alquiler y Transporte Alvarado y Cuesta - SERVITAC S.A.S. NIT 830.090.037-8 | C16: OLGA LUCIA ALVARADO CONTRERAS C.C. 39753385 | D16: Servicio de Alquiler y Transporte Alvarado y Cuesta - SERVITAC S.A.S. 100% | E16: 7022515 | F16: carrera 70H No. 127A-06 barrio Niza | G16: gerencia@servitac.com | H16: Bogotá D.C.
A17: 15 | B17: MAVETRANS SAS 900.627.348-4 | C17: MARTHA LUCIA VEGA MARTINEZ C.C. 52.224.603 | D17: MAVETRANS SAS 100% | E17: 3142999891 | F17: AV BOYACA Nº 53-81 L 5 | G17: gerencia@mavetrans.com | H17: Bogotá D.C.
A18: 16 | B18: PLATINO VIP S.A.S. 800105371-1 | C18: RAFAEL EDUARDO VARGAS ALBA 79.514.920 | D18: PLATINO VIP S.A.S.100% | E18: 4824698 | F18: Calle 128ª # 58ª - 47 | G18: platino.esmeraldasantamaria@gmail.com | H18: Bogotá D.C.
A19: 17 | B19: BUSEXPRESS S.A.S 806.012.364-1 | C19: MOISES DIAZ VELAZQUEZ 72.126.835 | D19: BUSEXPRESS S.A.S 100% | E19: 3136166977 | F19: Calle 75 No. 43-39 | G19: secretariageneral@busexpress | H19: Bogotá D.C.
A20: 18 | B20: TRANSPORTES ESIVANS SAS 830.102.646-7 | C20: ERNESTO JOSE GARRIDO BARLETTA 79779395 | D20: ERNESTO JOSE GARRIDO BARLETTA 100% | E20: 9262010 - 3144113114 | F20: Cra 58 # 127-59 Of. 379 | G20: oper.esivans@gmail.com | H20: Bogotá D.C.
A21: 19 | B21: UT. ENTERRITORIO JG 20 N/A | C21: MAURICIO EUGENIO BETANCOURT HERNANDEZ 16.703.362 | D21: TRANSPORTES ESPECIALIZADOS JR S.A.S 50% RANSPORTES GALAXIA S.A 50% | E21: 3142082641 | F21: CALLE 81 NO.92-10 | G21: paola.suarez@transportesjr.com.co | H21: Bogotá D.C.
A22: 20 | B22: ASOCIACION DE TRANSPORTADORES ESPECIALES AS TRANSPORTES 811.036.515-9 | C22: DIDIER OCHOA ARISTIZABAL 71.772.022 | D22: ASOCIACION DE TRANSPORTADORES ESPECIALES AS TRANSPORTES 100% | E22: 3183540340 | F22: CARRERA 69 #49-06 | G22: comercialzonacentro@astransportes.net | H22: Medellín
A23: 21 | B23: ESTURIVANNS S.A.S 830038996-6 | C23: MARIA DEL CARMEN SALAS CASTRO 51.647.622 | D23: ESTURIVANNS S.A.S 100% | E23: 3105509780 | F23: CRA. 7 N° 37-25 OFICINA 402 | G23: licitaciones@esturivanns.com | H23: Bogotá D.C.
A24: 22 | B24: Organización ORT S.A.S 830.099.803 – 4 | C24: Gonzalo López Pinto 14324756 | D24: Organización ORT S.A.S 100% | E24: 5559260 Ext 914 | F24: Calle 73 No. 75 - 55 | G24: Licitar.3@ortsas.com | H24: Bogotá D.C.
A25: 23 | B25: COOPERATIVA MULTIACTIVA AL SERVICIO DEL TRANSPORTE, LA MOVILIDAD Y LOGÍSTICA – TML COLOMBIA 830.111.836-8 | C25: Nubia Yanneth Ladino Ochoa 51.707.493 | D25: COOPERATIVA MULTIACTIVA AL SERVICIO DEL TRANSPORTE, LA MOVILIDAD Y LOGÍSTICA – TML COLOMBIA 100% | E25: 3183568263 | F25: Carrera 50 # 79-55 | G25: yanneth.ladino@gruposattis.com, andrea.nieto@gruposattis.com | H25: Bogotá D.C.
A26: 24 | B26: LINEAS ESCOLARES Y TURISMO S.A - LIDERTUR S.A 800.126.471-1 | C26: LIDA CHACON ORJUELA 52.493.549 | D26: LINEAS ESCOLARES Y TURISMO S.A - LIDERTUR S.A 100% | E26: 3155457995 | F26: CR 68A N.67B-10 | G26: comercial@lidertur.com.co | H26: Bogotá D.C.
A27: 25 | B27: Fundación Ways Of Hope 900.251.399-4 | C27: Ana Lucia Sánchez Rodriguez 1’018.420.242 | D27: Fundación Ways Of Hope 100% | E27: 320 8861905 | F27: Calle 68b bis #7c-95 | G27: N/A | H27: Bogotá D.C.

Sheet Resumen Evaluación
A1: =+'K-Kr Constructor'!A1:F1 -> EMPRESA NACIONAL PROMOTORA DEL DESARROLLO TERRITORIAL – ENTerritorio Sistema general de Regalias OBJETO: “INTERVENTORÍA TÉCNICA, ADMINISTRATIVA, FINANCIERA, AMBIENTAL Y DE CONTROL SOCIAL, LEGAL Y PRESU-PUESTAL PARA EL MEJORAMIENTO, ADECUACIÓN, REMODELACIÓN Y AJUSTES A DISEÑOS DE POLIDEPORTIVOS EN LOS BARRIOS CARTAGENITA SECTOR JARDÍN, LA PAZ Y LOS MONARKAS MUNICIPIO DE FACATATIVÁ – DEPARTA-MENTO DE CUNDINAMARCA.” CONTRATACIÓN DIRECTA CDI 073-2020
B2: OFERENTE : | C2: 1 | D2: =VLOOKUP(C2,Conformación!$A$5:$S$129,2,FALSE) -> CONSTRUCTODO INGENIEROS CONTRATISTAS LTDA | H2: OFERENTE : | I2: 2 | J2: =VLOOKUP(I2,Conformación!$A$5:$S$129,2,FALSE) -> 0 | N2: OFERENTE : | O2: 3 | P2: =VLOOKUP(O2,Conformación!$A$5:$S$129,2,FALSE) -> 0 | T2: OFERENTE : | U2: 4 | V2: =VLOOKUP(U2,Conformación!$A$5:$S$129,2,FALSE) -> 0 | Z2: OFERENTE : | AA2: 5 | AB2: =VLOOKUP(AA2,Conformación!$A$5:$S$129,2,FALSE) -> 0
C3: =VLOOKUP(C2,Conformación!$A$5:$S$129,4,FALSE) -> (CONSTRUCTODO INGENIEROS CONTRATISTAS LTDA. 100% - 0% - 0%- 0%- 0%) | I3: =VLOOKUP(I2,Conformación!$A$5:$S$129,4,FALSE) -> 0 | O3: =VLOOKUP(O2,Conformación!$A$5:$S$129,4,FALSE) -> 0 | U3: =VLOOKUP(U2,Conformación!$A$5:$S$129,4,FALSE) -> 0 | AA3: =VLOOKUP(AA2,Conformación!$A$5:$S$129,4,FALSE) -> 0
A6: DOCUMENTO | C6: SI | D6: NO | E6: Folio/fecha/valor/M2/SMMLV | F6: OBSERVACIONES | G6: DOCUMENTO | I6: SI | J6: NO | K6: Folio/fecha/valor/M2/SMMLV | L6: OBSERVACIONES | M6: DOCUMENTO | O6: SI | P6: NO | Q6: Folio/fecha/valor/M2/SMMLV | R6: OBSERVACIONES | S6: DOCUMENTO | U6: SI | V6: NO | W6: Folio/fecha/valor/M2/SMMLV | X6: OBSERVACIONES | Y6: DOCUMENTO | AA6: SI | AB6: NO | AC6: Folio/fecha/valor/M2/SMMLV | AD6: OBSERVACIONES
A7: REQUISITOS MÍNIMOS EXIGIDOS | G7: REQUISITOS MÍNIMOS EXIGIDOS | M7: REQUISITOS MÍNIMOS EXIGIDOS | S7: REQUISITOS MÍNIMOS EXIGIDOS | Y7: REQUISITOS MÍNIMOS EXIGIDOS
A8: 5,1,1 | B8: ASPECTOS JURIDICOS | G8: 5,1,1 | H8: ASPECTOS JURIDICOS | M8: 5,1,1 | N8: ASPECTOS JURIDICOS | S8: 5,1,1 | T8: ASPECTOS JURIDICOS | Y8: 5,1,1 | Z8: ASPECTOS JURIDICOS
A9: 5.1.1.1 | B9: Carta de Presentación de la Oferta | C9: X | E9: 2 A 4 | F9: =IF(C9="X","CUMPLE","NO CUMPLE") -> CUMPLE | G9: 5.1.1.1 | H9: Carta de Presentación de la Oferta | I9: X | K9: 1 A 3 | L9: =IF(I9="X","CUMPLE","NO CUMPLE") -> CUMPLE | M9: 5.1.1.1 | N9: Carta de Presentación de la Oferta | R9: =IF(O9="X","CUMPLE","NO CUMPLE") -> NO CUMPLE | S9: 5.1.1.1 | T9: Carta de Presentación de la Oferta | X9: =IF(U9="X","CUMPLE","NO CUMPLE") -> NO CUMPLE | Y9: 5.1.1.1 | Z9: Carta de Presentación de la Oferta | AD9: =IF(AA9="X","CUMPLE","NO CUMPLE") -> NO CUMPLE
A10: 5.1.1.2 | B10: Acreditación de la Existencia y Representación Legal | C10: X | E10: 10 A 21 | F10: =IF(C10="X","CUMPLE","NO CUMPLE") -> CUMPLE | G10: 5.1.1.2 | H10: Acreditación de la Existencia y Representación Legal | I10: X | K10: 8 A 12 | L10: =IF(I10="X","CUMPLE","NO CUMPLE") -> CUMPLE | M10: 5.1.1.2 | N10: Acreditación de la Existencia y Representación Legal | R10: =IF(O10="X","CUMPLE","NO CUMPLE") -> NO CUMPLE | S10: 5.1.1.2 | T10: Acreditación de la Existencia y Representación Legal | X10: =IF(U10="X","CUMPLE","NO CUMPLE") -> NO CUMPLE | Y10: 5.1.1.2 | Z10: Acreditación de la Existencia y Representación Legal | AD10: =IF(AA10="X","CUMPLE","NO CUMPLE") -> NO CUMPLE
A11: 5.1.1.3 | B11: Documento de Constitución del Consorcio o Unión Temporal | C11: X | E11: 22 A 23 | F11: =IF(C11="X","CUMPLE","NO CUMPLE") -> CUMPLE | G11: 5.1.1.3 | H11: Documento de Constitución del Consorcio o Unión Temporal | I11: X | K11: 13 A 14 | L11: =IF(I11="X","CUMPLE","NO CUMPLE") -> CUMPLE | M11: 5.1.1.3 | N11: Documento de Constitución del Consorcio o Unión Temporal | R11: =IF(O11="X","CUMPLE","NO CUMPLE") -> NO CUMPLE | S11: 5.1.1.3 | T11: Documento de Constitución del Consorcio o Unión Temporal | X11: =IF(U11="X","CUMPLE","NO CUMPLE") -> NO CUMPLE | Y11: 5.1.1.3 | Z11: Documento de Constitución del Consorcio o Unión Temporal | AD11: =IF(AA11="X","CUMPLE","NO CUMPLE") -> NO CUMPLE
A12: 5.1.1.4 | B12: RUP Registro Único del Proponente (30 Días) | C12: X | E12: 24 A 82 | F12: =IF(C12="X","CUMPLE","NO CUMPLE") -> CUMPLE | G12: 5.1.1.4 | H12: RUP Registro Único del Proponente (30 Días) | I12: X | K12: 15 A 39 | L12: =IF(I12="X","CUMPLE","NO CUMPLE") -> CUMPLE | M12: 5.1.1.4 | N12: RUP Registro Único del Proponente (30 Días) | R12: =IF(O12="X","CUMPLE","NO CUMPLE") -> NO CUMPLE | S12: 5.1.1.4 | T12: RUP Registro Único del Proponente (30 Días) | X12: =IF(U12="X","CUMPLE","NO CUMPLE") -> NO CUMPLE | Y12: 5.1.1.4 | Z12: RUP Registro Único del Proponente (30 Días) | AD12: =IF(AA12="X","CUMPLE","NO CUMPLE") -> NO CUMPLE
A13: 5.1.1.5 | B13: Garantia de Seriedad de la oferta | C13: X | E13: 84 A 90 | F13: =IF(C13="X","CUMPLE","NO CUMPLE") -> CUMPLE | G13: 5.1.1.5 | H13: Garantia de Seriedad de la oferta | I13: X | K13: 44 A 47 | L13: =IF(I13="X","CUMPLE","NO CUMPLE") -> CUMPLE | M13: 5.1.1.5 | N13: Garantia de Seriedad de la oferta | R13: =IF(O13="X","CUMPLE","NO CUMPLE") -> NO CUMPLE | S13: 5.1.1.5 | T13: Garantia de Seriedad de la oferta | X13: =IF(U13="X","CUMPLE","NO CUMPLE") -> NO CUMPLE | Y13: 5.1.1.5 | Z13: Garantia de Seriedad de la oferta | AD13: =IF(AA13="X","CUMPLE","NO CUMPLE") -> NO CUMPLE
A14: 5.1.1.6 | B14: Certificación de Pagos al Sistema de Seguridad Social y de Aportes Parafiscales | C14: X | E14: 92 A 96 | F14: =IF(C14="X","CUMPLE","NO CUMPLE") -> CUMPLE | G14: 5.1.1.6 | H14: Certificación de Pagos al Sistema de Seguridad Social y de Aportes Parafiscales | I14: X | K14: 40 A 43 | L14: =IF(I14="X","CUMPLE","NO CUMPLE") -> CUMPLE | M14: 5.1.1.6 | N14: Certificación de Pagos al Sistema de Seguridad Social y de Aportes Parafiscales | R14: =IF(O14="X","CUMPLE","NO CUMPLE") -> NO CUMPLE | S14: 5.1.1.6 | T14: Certificación de Pagos al Sistema de Seguridad Social y de Aportes Parafiscales | X14: =IF(U14="X","CUMPLE","NO CUMPLE") -> NO CUMPLE | Y14: 5.1.1.6 | Z14: Certificación de Pagos al Sistema de Seguridad Social y de Aportes Parafiscales | AD14: =IF(AA14="X","CUMPLE","NO CUMPLE") -> NO CUMPLE
A15: 5.1.1.8 | B15: Verificación de no inclusión en el boletín de responsables fiscales | C15: X | E15: 98 A 104 | F15: =IF(C15="X","CUMPLE","NO CUMPLE") -> CUMPLE | G15: 5.1.1.8 | H15: Verificación de no inclusión en el boletín de responsables fiscales | I15: X | K15: 48 A 49 | L15: =IF(I15="X","CUMPLE","NO CUMPLE") -> CUMPLE | M15: 5.1.1.8 | N15: Verificación de no inclusión en el boletín de responsables fiscales | R15: =IF(O15="X","CUMPLE","NO CUMPLE") -> NO CUMPLE | S15: 5.1.1.8 | T15: Verificación de no inclusión en el boletín de responsables fiscales | X15: =IF(U15="X","CUMPLE","NO CUMPLE") -> NO CUMPLE | Y15: 5.1.1.8 | Z15: Verificación de no inclusión en el boletín de responsables fiscales | AD15: =IF(AA15="X","CUMPLE","NO CUMPLE") -> NO CUMPLE
A16: 5.1.1.9 | B16: Verificación del sistema de información de registro de sanciones y causas de inhabilidad (SIRI) de la Procuraduría General De La Nación | C16: X | F16: =IF(C16="X","CUMPLE","NO CUMPLE") -> CUMPLE | G16: 5.1.1.9 | H16: Verificación del sistema de información de registro de sanciones y causas de inhabilidad (SIRI) de la Procuraduría General De La Nación | I16: X | L16: =IF(I16="X","CUMPLE","NO CUMPLE") -> CUMPLE | M16: 5.1.1.9 | N16: Verificación del sistema de información de registro de sanciones y causas de inhabilidad (SIRI) de la Procuraduría General De La Nación | R16: =IF(O16="X","CUMPLE","NO CUMPLE") -> NO CUMPLE | S16: 5.1.1.9 | T16: Verificación del sistema de información de registro de sanciones y causas de inhabilidad (SIRI) de la Procuraduría General De La Nación | X16: =IF(U16="X","CUMPLE","NO CUMPLE") -> NO CUMPLE | Y16: 5.1.1.9 | Z16: Verificación del sistema de información de registro de sanciones y causas de inhabilidad (SIRI) de la Procuraduría General De La Nación | AD16: =IF(AA16="X","CUMPLE","NO CUMPLE") -> NO CUMPLE
A17: 5.1.1.10 | B17: Verificación de antecedentes judiciales del Ministerio De Defensa Nacional – Policía Nacional. | C17: X | F17: =IF(C17="X","CUMPLE","NO CUMPLE") -> CUMPLE | G17: 5.1.1.10 | H17: Verificación de antecedentes judiciales del Ministerio De Defensa Nacional – Policía Nacional. | I17: X | L17: =IF(I17="X","CUMPLE","NO CUMPLE") -> CUMPLE | M17: 5.1.1.10 | N17: Verificación de antecedentes judiciales del Ministerio De Defensa Nacional – Policía Nacional. | R17: =IF(O17="X","CUMPLE","NO CUMPLE") -> NO CUMPLE | S17: 5.1.1.10 | T17: Verificación de antecedentes judiciales del Ministerio De Defensa Nacional – Policía Nacional. | X17: =IF(U17="X","CUMPLE","NO CUMPLE") -> NO CUMPLE | Y17: 5.1.1.10 | Z17: Verificación de antecedentes judiciales del Ministerio De Defensa Nacional – Policía Nacional. | AD17: =IF(AA17="X","CUMPLE","NO CUMPLE") -> NO CUMPLE
A18: DOCUMENTACIÓN ACLARATORIA ENTREGADA POR LOS OFERENTES DE LOS ASPECTOS JURÍDICOS | G18: DOCUMENTACIÓN ACLARATORIA ENTREGADA POR LOS OFERENTES DE LOS ASPECTOS JURÍDICOS | M18: DOCUMENTACIÓN ACLARATORIA ENTREGADA POR LOS OFERENTES DE LOS ASPECTOS JURÍDICOS | S18: DOCUMENTACIÓN ACLARATORIA ENTREGADA POR LOS OFERENTES DE LOS ASPECTOS JURÍDICOS | Y18: DOCUMENTACIÓN ACLARATORIA ENTREGADA POR LOS OFERENTES DE LOS ASPECTOS JURÍDICOS
A19: CONCLUSIÓN EVALUACION ASPECTOS JURÍDICOS | C19: =+IF(AND(F9="CUMPLE",F10="CUMPLE",F11="CUMPLE",F12="CUMPLE",F13="CUMPLE",F14="CUMPLE",F15="CUMPLE",F16="CUMPLE",F17="CUMPLE"),"CUMPLE","NO CUMPLE") -> CUMPLE | G19: CONCLUSIÓN EVALUACION ASPECTOS JURÍDICOS | I19: =+IF(AND(L9="CUMPLE",L10="CUMPLE",L11="CUMPLE",L12="CUMPLE",L13="CUMPLE",L14="CUMPLE",L15="CUMPLE",L16="CUMPLE",L17="CUMPLE"),"CUMPLE","NO CUMPLE") -> CUMPLE | M19: CONCLUSIÓN EVALUACION ASPECTOS JURÍDICOS | O19: =+IF(AND(R9="CUMPLE",R10="CUMPLE",R11="CUMPLE",R12="CUMPLE",R13="CUMPLE",R14="CUMPLE",R15="CUMPLE",R16="CUMPLE",R17="CUMPLE"),"CUMPLE","NO CUMPLE") -> NO CUMPLE | S19: CONCLUSIÓN EVALUACION ASPECTOS JURÍDICOS | U19: =+IF(AND(X9="CUMPLE",X10="CUMPLE",X11="CUMPLE",X12="CUMPLE",X13="CUMPLE",X14="CUMPLE",X15="CUMPLE",X16="CUMPLE",X17="CUMPLE"),"CUMPLE","NO CUMPLE") -> NO CUMPLE | Y19: CONCLUSIÓN EVALUACION ASPECTOS JURÍDICOS | AA19: =+IF(AND(AD9="CUMPLE",AD10="CUMPLE",AD11="CUMPLE",AD12="CUMPLE",AD13="CUMPLE",AD14="CUMPLE",AD15="CUMPLE",AD16="CUMPLE",AD17="CUMPLE"),"CUMPLE","NO CUMPLE") -> NO CUMPLE
A21: 5.1.2 | B21: REQUISITOS HABILITANTES FINANCIEROS | G21: 3.2.2. | H21: CAPACIDAD FINANCIERA | M21: 3.2.2. | N21: CAPACIDAD FINANCIERA | S21: 3.2.2. | T21: CAPACIDAD FINANCIERA | Y21: 3.2.2. | Z21: CAPACIDAD FINANCIERA
B22: RUP Registro Único del Proponente (30 Días) (FECHA DE CADA UNO DE LOS INTEGRANTES) | C22: X | E22: 42607 | F22: =IF(C22="X","CUMPLE","NO CUMPLE") -> CUMPLE | H22: RUP Registro Único del Proponente (30 Días) (FECHA DE CADA UNO DE LOS INTEGRANTES) | I22: X | K22: 03/08/2016 10/08/2016 | L22: =IF(I22="X","CUMPLE","NO CUMPLE") -> CUMPLE | N22: RUP Registro Único del Proponente (30 Días) (FECHA DE CADA UNO DE LOS INTEGRANTES) | R22: =IF(O22="X","CUMPLE","NO CUMPLE") -> NO CUMPLE | T22: RUP Registro Único del Proponente (30 Días) (FECHA DE CADA UNO DE LOS INTEGRANTES) | X22: =IF(U22="X","CUMPLE","NO CUMPLE") -> NO CUMPLE | Z22: RUP Registro Único del Proponente (30 Días) (FECHA DE CADA UNO DE LOS INTEGRANTES) | AD22: =IF(AA22="X","CUMPLE","NO CUMPLE") -> NO CUMPLE
B23: CT = ≥ 50% PEE (60% PEE SIN ANTICIPO) | C23: X | E23: SI | F23: =IF(E23="SI","CUMPLE","NO CUMPLE") -> CUMPLE | H23: CT = ≥ 50% PEE (60% PEE SIN ANTICIPO) | I23: x | K23: SI | L23: =IF(K23="SI","CUMPLE","NO CUMPLE") -> CUMPLE | N23: CT = ≥ 50% PEE (60% PEE SIN ANTICIPO) | O23: X | R23: =IF(Q23="SI","CUMPLE","NO CUMPLE") -> NO CUMPLE | T23: CT = ≥ 50% PEE (60% PEE SIN ANTICIPO) | U23: X | X23: =IF(W23="SI","CUMPLE","NO CUMPLE") -> NO CUMPLE | Z23: CT = ≥ 50% PEE (60% PEE SIN ANTICIPO) | AA23: X | AD23: =IF(AC23="SI","CUMPLE","NO CUMPLE") -> NO CUMPLE
B24: LIQ = AC / PC ≥ 2.0 | C24: X | E24: SI | F24: =IF(E24="SI","CUMPLE","NO CUMPLE") -> CUMPLE | H24: LIQ = AC / PC ≥ 2.0 | I24: x | K24: SI | L24: =IF(K24="SI","CUMPLE","NO CUMPLE") -> CUMPLE | N24: LIQ = AC / PC ≥ 2.0 | O24: X | R24: =IF(Q24="SI","CUMPLE","NO CUMPLE") -> NO CUMPLE | T24: LIQ = AC / PC ≥ 2.0 | U24: X | X24: =IF(W24="SI","CUMPLE","NO CUMPLE") -> NO CUMPLE | Z24: LIQ = AC / PC ≥ 1,0 | AA24: X | AD24: =IF(AC24="SI","CUMPLE","NO CUMPLE") -> NO CUMPLE
B25: NE = PT / AT ≤ 0.50 | C25: X | E25: SI | F25: =IF(E25="SI","CUMPLE","NO CUMPLE") -> CUMPLE | H25: NE = PT / AT ≤ 0.50 | I25: x | K25: SI | L25: =IF(K25="SI","CUMPLE","NO CUMPLE") -> CUMPLE | N25: NE = PT / AT ≤ 0.50 | O25: X | R25: =IF(Q25="SI","CUMPLE","NO CUMPLE") -> NO CUMPLE | T25: NE = PT / AT ≤ 0.50 | U25: X | X25: =IF(W25="SI","CUMPLE","NO CUMPLE") -> NO CUMPLE | Z25: NE = PT / AT ≤ 0,70 | AA25: X | AD25: =IF(AC25="SI","CUMPLE","NO CUMPLE") -> NO CUMPLE
B26: RCI = UO/GI ≥ 2.0 | C26: X | E26: SI | F26: =IF(E26="SI","CUMPLE","NO CUMPLE") -> CUMPLE | H26: RCI = UO/GI ≥ 2.0 | I26: x | K26: SI | L26: =IF(K26="SI","CUMPLE","NO CUMPLE") -> CUMPLE | N26: RCI = UO/GI ≥ 2.0 | O26: X | R26: =IF(Q26="SI","CUMPLE","NO CUMPLE") -> NO CUMPLE | T26: RCI = UO/GI ≥ 2.0 | U26: X | X26: =IF(W26="SI","CUMPLE","NO CUMPLE") -> NO CUMPLE | Z26: RCI = UO/GI ≥ 2.0 | AA26: X | AD26: =IF(AC26="SI","CUMPLE","NO CUMPLE") -> NO CUMPLE
B27: RP = UO/P ≥ 8% | C27: X | E27: SI | F27: =IF(E27="SI","CUMPLE","NO CUMPLE") -> CUMPLE | H27: RP = UO/P ≥ 8% | I27: x | K27: SI | L27: =IF(K27="SI","CUMPLE","NO CUMPLE") -> CUMPLE | N27: RP = UO/P ≥ 8% | O27: X | R27: =IF(Q27="SI","CUMPLE","NO CUMPLE") -> NO CUMPLE | T27: RP = UO/P ≥ 8% | U27: X | X27: =IF(W27="SI","CUMPLE","NO CUMPLE") -> NO CUMPLE | Z27: RP = UO/P ≥ 8% | AA27: X | AD27: =IF(AC27="SI","CUMPLE","NO CUMPLE") -> NO CUMPLE
B28: RA = UO/AT ≥ 5% | C28: X | E28: SI | F28: =IF(E28="SI","CUMPLE","NO CUMPLE") -> CUMPLE | H28: RA = UO/AT ≥ 5% | I28: x | K28: SI | L28: =IF(K28="SI","CUMPLE","NO CUMPLE") -> CUMPLE | N28: RA = UO/AT ≥ 5% | O28: X | R28: =IF(Q28="SI","CUMPLE","NO CUMPLE") -> NO CUMPLE | T28: RA = UO/AT ≥ 5% | U28: X | X28: =IF(W28="SI","CUMPLE","NO CUMPLE") -> NO CUMPLE | Z28: RA = UO/AT ≥ 5% | AA28: X | AD28: =IF(AC28="SI","CUMPLE","NO CUMPLE") -> NO CUMPLE
A29: DOCUMENTACIÓN ACLARATORIA ENTREGADA POR LOS OFERENTES DE LA CAPACIDAD FINANCIERA | C29: NO SE REQUIRIO | G29: DOCUMENTACIÓN ACLARATORIA ENTREGADA POR LOS OFERENTES DE LA CAPACIDAD FINANCIERA | M29: DOCUMENTACIÓN ACLARATORIA ENTREGADA POR LOS OFERENTES DE LA CAPACIDAD FINANCIERA | S29: DOCUMENTACIÓN ACLARATORIA ENTREGADA POR LOS OFERENTES DE LA CAPACIDAD FINANCIERA | Y29: DOCUMENTACIÓN ACLARATORIA ENTREGADA POR LOS OFERENTES DE LA CAPACIDAD FINANCIERA
A30: CONCLUSIÓN EVALUACION CAPACIDAD FINANCIERA | C30: =+IF(AND(F22="CUMPLE",F23="CUMPLE",F24="CUMPLE",F25="CUMPLE",F26="CUMPLE",F27="CUMPLE",F28="CUMPLE"),"CUMPLE","NO CUMPLE") -> CUMPLE | G30: CONCLUSIÓN EVALUACION CAPACIDAD FINANCIERA | I30: =+IF(AND(L22="CUMPLE",L23="CUMPLE",L24="CUMPLE",L25="CUMPLE",L26="CUMPLE",L27="CUMPLE",L28="CUMPLE"),"CUMPLE","NO CUMPLE") -> CUMPLE | M30: CONCLUSIÓN EVALUACION CAPACIDAD FINANCIERA | O30: =+IF(AND(R22="CUMPLE",R23="CUMPLE",R24="CUMPLE",R25="CUMPLE",R26="CUMPLE",R27="CUMPLE",R28="CUMPLE"),"CUMPLE","NO CUMPLE") -> NO CUMPLE | S30: CONCLUSIÓN EVALUACION CAPACIDAD FINANCIERA | U30: =+IF(AND(X22="CUMPLE",X23="CUMPLE",X24="CUMPLE",X25="CUMPLE",X26="CUMPLE",X27="CUMPLE",X28="CUMPLE"),"CUMPLE","NO CUMPLE") -> NO CUMPLE | Y30: CONCLUSIÓN EVALUACION CAPACIDAD FINANCIERA | AA30: =+IF(AND(AD22="CUMPLE",AD23="CUMPLE",AD24="CUMPLE",AD25="CUMPLE",AD26="CUMPLE",AD27="CUMPLE",AD28="CUMPLE"),"CUMPLE","NO CUMPLE") -> NO CUMPLE
B32: EXPERIENCIA ESPECÍFICA | G32: 3.2.3 | H32: EXPERIENCIA ESPECÍFICA | M32: 3.2.3 | N32: EXPERIENCIA ESPECÍFICA | S32: 3.2.3 | T32: EXPERIENCIA ESPECÍFICA | Y32: 3.2.3 | Z32: EXPERIENCIA ESPECÍFICA
A34: 3.2.3.3. | B34: Capacidad de contratación (K) y capacidad residual (Kr) – Formato 06 | G34: 3.2.3.3. | H34: Capacidad de contratación (K) y capacidad residual (Kr) – Formato 06 | M34: 3.2.3.3. | N34: Capacidad de contratación (K) y capacidad residual (Kr) – Formato 06 | S34: 3.2.3.3. | T34: Capacidad de contratación (K) y capacidad residual (Kr) – Formato 06 | Y34: 3.2.3.3. | Z34: Capacidad de contratación (K) y capacidad residual (Kr) – Formato 06
B35: 80% del valor del PEE (Para el caso que el oferente acepte el anticipo) 100% del valor del PEE (Para el caso que el oferente prescinda del anticipo) | C35: X | F35: =IF(C35="X","CUMPLE","NO CUMPLE") -> CUMPLE | H35: 80% del valor del PEE (Para el caso que el oferente acepte el anticipo) 100% del valor del PEE (Para el caso que el oferente prescinda del anticipo) | I35: X | L35: =IF(I35="X","CUMPLE","NO CUMPLE") -> CUMPLE | N35: 80% del valor del PEE (Para el caso que el oferente acepte el anticipo) 100% del valor del PEE (Para el caso que el oferente prescinda del anticipo) | R35: =IF(O35="X","CUMPLE","NO CUMPLE") -> NO CUMPLE | T35: 80% del valor del PEE (Para el caso que el oferente acepte el anticipo) 100% del valor del PEE (Para el caso que el oferente prescinda del anticipo) | X35: =IF(U35="X","CUMPLE","NO CUMPLE") -> NO CUMPLE | Z35: 80% del valor del PEE (Para el caso que el oferente acepte el anticipo) 100% del valor del PEE (Para el caso que el oferente prescinda del anticipo) | AD35: =IF(AA35="X","CUMPLE","NO CUMPLE") -> NO CUMPLE
A36: 5.1.3 | B36: EXPERIENCIA ESPECÍFICA DEL OFERENTE | H36: EXPERIENCIA ESPECÍFICA DEL OFERENTE | N36: EXPERIENCIA ESPECÍFICA DEL OFERENTE | T36: EXPERIENCIA ESPECÍFICA DEL OFERENTE | Z36: EXPERIENCIA ESPECÍFICA DEL OFERENTE
B37: =+'Exp. oferente'!A6 -> EN LA EJECUCIÓN DE CONTRATOS DE INTERVENTORIA A LA ELABORACIÓN DE ESTUDIOS O DISEÑOS DE SISTEMAS DE ACUEDUCTO O ALCANTARILLADO QUE INCLUYAN DENTRO DE SU ALCANCE PLANTAS DE TRATAMIENTO DE AGUA POTABLE (PTAP) Y/O PLANTAS DE TRATAMIENTO DE AGUA RESIDUAL (PTAR). | F37: =+IF(AND(C38="X",C39="X",C40="X",C41="X",C42="X"),"CUMPLE","NO CUMPLE") -> CUMPLE | H37: =+'Exp. oferente'!A6 -> EN LA EJECUCIÓN DE CONTRATOS DE INTERVENTORIA A LA ELABORACIÓN DE ESTUDIOS O DISEÑOS DE SISTEMAS DE ACUEDUCTO O ALCANTARILLADO QUE INCLUYAN DENTRO DE SU ALCANCE PLANTAS DE TRATAMIENTO DE AGUA POTABLE (PTAP) Y/O PLANTAS DE TRATAMIENTO DE AGUA RESIDUAL (PTAR). | L37: =+IF(AND(I38="X",I39="X",I40="X",I41="X",I42="X"),"CUMPLE","NO CUMPLE") -> CUMPLE | N37: =+'Exp. oferente'!A6 -> EN LA EJECUCIÓN DE CONTRATOS DE INTERVENTORIA A LA ELABORACIÓN DE ESTUDIOS O DISEÑOS DE SISTEMAS DE ACUEDUCTO O ALCANTARILLADO QUE INCLUYAN DENTRO DE SU ALCANCE PLANTAS DE TRATAMIENTO DE AGUA POTABLE (PTAP) Y/O PLANTAS DE TRATAMIENTO DE AGUA RESIDUAL (PTAR). | R37: =+IF(AND(O38="X",O39="X",O40="X",O41="X",O42="X"),"CUMPLE","NO CUMPLE") -> NO CUMPLE | T37: =+'Exp. oferente'!A6 -> EN LA EJECUCIÓN DE CONTRATOS DE INTERVENTORIA A LA ELABORACIÓN DE ESTUDIOS O DISEÑOS DE SISTEMAS DE ACUEDUCTO O ALCANTARILLADO QUE INCLUYAN DENTRO DE SU ALCANCE PLANTAS DE TRATAMIENTO DE AGUA POTABLE (PTAP) Y/O PLANTAS DE TRATAMIENTO DE AGUA RESIDUAL (PTAR). | X37: =+IF(AND(U38="X",U39="X",U40="X",U41="X",U42="X"),"CUMPLE","NO CUMPLE") -> NO CUMPLE | Z37: =+'Exp. oferente'!A6 -> EN LA EJECUCIÓN DE CONTRATOS DE INTERVENTORIA A LA ELABORACIÓN DE ESTUDIOS O DISEÑOS DE SISTEMAS DE ACUEDUCTO O ALCANTARILLADO QUE INCLUYAN DENTRO DE SU ALCANCE PLANTAS DE TRATAMIENTO DE AGUA POTABLE (PTAP) Y/O PLANTAS DE TRATAMIENTO DE AGUA RESIDUAL (PTAR). | AD37: =+IF(AND(AA38="X",AA39="X",AA40="X",AA41="X",AA42="X"),"CUMPLE","NO CUMPLE") -> NO CUMPLE
B38: =+'Exp. oferente'!F24 -> “INTERVENTORÍA TÉCNICA, ADMINISTRATIVA Y DE CONTROL PRESUPUESTAL A LAS OBRAS DE ADECUACIÓN DE UNA PLACA POLIDEPORTIVA Y DE LA CUBIERTA EXISTENTE EN EL POLIDEPORTIVO DEL CORREGIMIENTO ESTACIÓN COCORNA, UBICADO EN EL MUNICIPIO DE PUERTO TRIUNFO, ANTIOQUIA.” | C38: X | E38: =+CONCATENATE('Exp. oferente'!H24,CHAR(10),TEXT('Exp. oferente'!G24,"DD"),"/",TEXT('Exp. oferente'!G24,"MMMM"),"/",TEXT('Exp. oferente'!G24,"YYYY"), CHAR(10),DOLLAR('Exp. oferente'!I24)) -> SECOP ll 12/noviembre/2011 $ 8,992,600.00 | H38: =+'Exp. oferente'!F49 -> 0 | I38: X | K38: =+CONCATENATE('Exp. oferente'!H49,CHAR(10),TEXT('Exp. oferente'!G49,"DD"),"/",TEXT('Exp. oferente'!G49,"MMMM"),"/",TEXT('Exp. oferente'!G49,"YYYY"), CHAR(10),DOLLAR('Exp. oferente'!I49)) -> 00/enero/1900 $ 0.00 | N38: =+'Exp. oferente'!F72 -> 0 | Q38: =+CONCATENATE('Exp. oferente'!H72,CHAR(10),TEXT('Exp. oferente'!G72,"DD"),"/",TEXT('Exp. oferente'!G72,"MMMM"),"/",TEXT('Exp. oferente'!G72,"YYYY"), CHAR(10),DOLLAR('Exp. oferente'!I72)) -> 00/enero/1900 $ 0.00 | T38: =+'Exp. oferente'!F95 -> 0 | W38: =+CONCATENATE('Exp. oferente'!H95,CHAR(10),TEXT('Exp. oferente'!G95,"DD"),"/",TEXT('Exp. oferente'!G95,"MMMM"),"/",TEXT('Exp. oferente'!G95,"YYYY"), CHAR(10),DOLLAR('Exp. oferente'!I95)) -> 00/enero/1900 $ 0.00 | Z38: =+'Exp. oferente'!F119 -> 0 | AC38: =+CONCATENATE('Exp. oferente'!H119,CHAR(10),TEXT('Exp. oferente'!G119,"DD"),"/",TEXT('Exp. oferente'!G119,"MMMM"),"/",TEXT('Exp. oferente'!G119,"YYYY"), CHAR(10),DOLLAR('Exp. oferente'!I119)) -> 00/enero/1900 $ 0.00
B39: =+'Exp. oferente'!F25 -> INTERVENTORÍA ADMINISTRATIVA, TÉCNICA, FINANCIERA Y AMBIENTAL, PARA LA ONSTRUCCIÓN DE AULAS Y DE BATERÍAS ANITARIAS DE LAS SEDES EDUCATIVAS AFECTADAS POR LA TEMPORADA INVERNAL DESDE EL 01 DE SEPTIEMBRE A 10 DE DICIEMBRE DE 2011 EN LAS ZONAS 7 – 8 – 9 – 11 QUE INCLUYEN EL SUBGRUPO 2 DEPARTAMENTOS DE BOLÍVAR Y CÓRDOBA MUNICIPIOS DE MAGANGUE, BUENAVISTA Y MONTERÍA, EN DESARROLLO DEL CONVENIO No. 9677-04-720-2012 CELEBRADO ENTRE EL FONDO NACIONAL DE GESTIÓN DEL RIESGO DE DESASTRES FNGRD –FIDUPREVISORA S.A. Y EL MINISTERIO DE DUCACIÓN NACIONAL. | C39: X | E39: =+CONCATENATE('Exp. oferente'!H25,CHAR(10),TEXT('Exp. oferente'!G25,"DD"),"/",TEXT('Exp. oferente'!G25,"MMMM"),"/",TEXT('Exp. oferente'!G25,"YYYY"), CHAR(10),DOLLAR('Exp. oferente'!I25)) -> SECOP ll 08/julio/2014 $ 81,962,035.00 | H39: =+'Exp. oferente'!F50 -> 0 | I39: X | K39: =+CONCATENATE('Exp. oferente'!H50,CHAR(10),TEXT('Exp. oferente'!G50,"DD"),"/",TEXT('Exp. oferente'!G50,"MMMM"),"/",TEXT('Exp. oferente'!G50,"YYYY"), CHAR(10),DOLLAR('Exp. oferente'!I50)) -> 00/enero/1900 $ 0.00 | N39: =+'Exp. oferente'!F73 -> 0 | Q39: =+CONCATENATE('Exp. oferente'!H73,CHAR(10),TEXT('Exp. oferente'!G73,"DD"),"/",TEXT('Exp. oferente'!G73,"MMMM"),"/",TEXT('Exp. oferente'!G73,"YYYY"), CHAR(10),DOLLAR('Exp. oferente'!I73)) -> 00/enero/1900 $ 0.00 | T39: =+'Exp. oferente'!F96 -> 0 | W39: =+CONCATENATE('Exp. oferente'!H96,CHAR(10),TEXT('Exp. oferente'!G96,"DD"),"/",TEXT('Exp. oferente'!G96,"MMMM"),"/",TEXT('Exp. oferente'!G96,"YYYY"), CHAR(10),DOLLAR('Exp. oferente'!I96)) -> 00/enero/1900 $ 0.00 | Z39: =+'Exp. oferente'!F120 -> 0 | AC39: =+CONCATENATE('Exp. oferente'!H120,CHAR(10),TEXT('Exp. oferente'!G120,"DD"),"/",TEXT('Exp. oferente'!G120,"MMMM"),"/",TEXT('Exp. oferente'!G120,"YYYY"), CHAR(10),DOLLAR('Exp. oferente'!I120)) -> 00/enero/1900 $ 0.00
B40: =+'Exp. oferente'!F26 -> “INTERVENTORIA TECNICA, ADMINISTRATIVA Y FINANCIERA AL TRANSPORTE, LA CONSTRUCCIÓN DE LAS BASES Y LA INSTALACIÓN DE LAS AULAS PARA ATENDER LAS INSTITUCIONES EDUCATIVAS AFECTADAS POR LA OLA INVERNAL EN EL DEPARTAMENTOS DE CHOCO. ESTA CONTRATACIÓN SE REALIZA EN EL MARCO DE LOS CONVENIOS MEDIANTE LOS CUALES LA OEI SE OBLIGA PARA CON EL MINISTERIO DE EDUCACIÓN NACIONAL A JECUTAR LAS FASES 1 Y 2 DEL PLAN DE ACCIÓN DE EMERGENCIA INVERNAL DEL SECTOR DUCATIVO”. | C40: X | E40: =+CONCATENATE('Exp. oferente'!H26,CHAR(10),TEXT('Exp. oferente'!G26,"DD"),"/",TEXT('Exp. oferente'!G26,"MMMM"),"/",TEXT('Exp. oferente'!G26,"YYYY"), CHAR(10),DOLLAR('Exp. oferente'!I26)) -> SECOP ll 15/abril/2013 $ 230,533,470.00 | H40: =+'Exp. oferente'!F51 -> 0 | I40: X | K40: =+CONCATENATE('Exp. oferente'!H51,CHAR(10),TEXT('Exp. oferente'!G51,"DD"),"/",TEXT('Exp. oferente'!G51,"MMMM"),"/",TEXT('Exp. oferente'!G51,"YYYY"), CHAR(10),DOLLAR('Exp. oferente'!I51)) -> 00/enero/1900 $ 0.00 | N40: =+'Exp. oferente'!F74 -> 0 | Q40: =+CONCATENATE('Exp. oferente'!H74,CHAR(10),TEXT('Exp. oferente'!G74,"DD"),"/",TEXT('Exp. oferente'!G74,"MMMM"),"/",TEXT('Exp. oferente'!G74,"YYYY"), CHAR(10),DOLLAR('Exp. oferente'!I74)) -> 00/enero/1900 $ 0.00 | T40: =+'Exp. oferente'!F97 -> 0 | W40: =+CONCATENATE('Exp. oferente'!H97,CHAR(10),TEXT('Exp. oferente'!G97,"DD"),"/",TEXT('Exp. oferente'!G97,"MMMM"),"/",TEXT('Exp. oferente'!G97,"YYYY"), CHAR(10),DOLLAR('Exp. oferente'!I97)) -> 00/enero/1900 $ 0.00 | Z40: =+'Exp. oferente'!F121 -> 0 | AC40: =+CONCATENATE('Exp. oferente'!H121,CHAR(10),TEXT('Exp. oferente'!G121,"DD"),"/",TEXT('Exp. oferente'!G121,"MMMM"),"/",TEXT('Exp. oferente'!G121,"YYYY"), CHAR(10),DOLLAR('Exp. oferente'!I121)) -> 00/enero/1900 $ 0.00
B41: =+'Exp. oferente'!F28 -> INTERVENTORÍA TÉCNICA, ADMINISTRATIVA Y FINANCIERA PARA LA REMODELACIÓN PRIMERA ET APA DEL PARQUE DE LOS FUNDADORES - ARQUE FUNDACIONAL DEL MUNICIPIO DE SAN VICENTE DEL CAGUÁN. | C41: X | E41: =+CONCATENATE('Exp. oferente'!H28,CHAR(10),TEXT('Exp. oferente'!G28,"DD"),"/",TEXT('Exp. oferente'!G28,"MMMM"),"/",TEXT('Exp. oferente'!G28,"YYYY"), CHAR(10),DOLLAR('Exp. oferente'!I28)) -> 31/diciembre/2017 $ 156,843,928.00 | H41: =+'Exp. oferente'!F52 -> 0 | I41: X | K41: =+CONCATENATE('Exp. oferente'!H52,CHAR(10),TEXT('Exp. oferente'!G52,"DD"),"/",TEXT('Exp. oferente'!G52,"MMMM"),"/",TEXT('Exp. oferente'!G52,"YYYY"), CHAR(10),DOLLAR('Exp. oferente'!I52)) -> 00/enero/1900 $ 0.00 | N41: =+'Exp. oferente'!F75 -> 0 | Q41: =+CONCATENATE('Exp. oferente'!H75,CHAR(10),TEXT('Exp. oferente'!G75,"DD"),"/",TEXT('Exp. oferente'!G75,"MMMM"),"/",TEXT('Exp. oferente'!G75,"YYYY"), CHAR(10),DOLLAR('Exp. oferente'!I75)) -> 00/enero/1900 $ 0.00 | T41: =+'Exp. oferente'!F98 -> 0 | W41: =+CONCATENATE('Exp. oferente'!H98,CHAR(10),TEXT('Exp. oferente'!G98,"DD"),"/",TEXT('Exp. oferente'!G98,"MMMM"),"/",TEXT('Exp. oferente'!G98,"YYYY"), CHAR(10),DOLLAR('Exp. oferente'!I98)) -> 00/enero/1900 $ 0.00 | Z41: =+'Exp. oferente'!F122 -> 0 | AC41: =+CONCATENATE('Exp. oferente'!H122,CHAR(10),TEXT('Exp. oferente'!G122,"DD"),"/",TEXT('Exp. oferente'!G122,"MMMM"),"/",TEXT('Exp. oferente'!G122,"YYYY"),CHAR(10),DOLLAR('Exp. oferente'!I122)) -> 00/enero/1900 $ 0.00
B42: =+'Exp. oferente'!F29 -> 0 | C42: X | E42: =+CONCATENATE('Exp. oferente'!H29,CHAR(10),TEXT('Exp. oferente'!G29,"DD"),"/",TEXT('Exp. oferente'!G29,"MMMM"),"/",TEXT('Exp. oferente'!G29,"YYYY"), CHAR(10),DOLLAR('Exp. oferente'!I29)) -> 00/enero/1900 $ 0.00 | H42: =+'Exp. oferente'!F53 -> 0 | I42: X | K42: =+CONCATENATE('Exp. oferente'!H53,CHAR(10),TEXT('Exp. oferente'!G53,"DD"),"/",TEXT('Exp. oferente'!G53,"MMMM"),"/",TEXT('Exp. oferente'!G53,"YYYY"), CHAR(10),DOLLAR('Exp. oferente'!I53)) -> 00/enero/1900 $ 0.00 | N42: =+'Exp. oferente'!F76 -> 0 | Q42: =+CONCATENATE('Exp. oferente'!H76,CHAR(10),TEXT('Exp. oferente'!G76,"DD"),"/",TEXT('Exp. oferente'!G76,"MMMM"),"/",TEXT('Exp. oferente'!G76,"YYYY"), CHAR(10),DOLLAR('Exp. oferente'!I76)) -> 00/enero/1900 $ 0.00 | T42: =+'Exp. oferente'!F99 -> 0 | W42: =+CONCATENATE('Exp. oferente'!H99,CHAR(10),TEXT('Exp. oferente'!G99,"DD"),"/",TEXT('Exp. oferente'!G99,"MMMM"),"/",TEXT('Exp. oferente'!G99,"YYYY"), CHAR(10),DOLLAR('Exp. oferente'!I99)) -> 00/enero/1900 $ 0.00 | Z42: =+'Exp. oferente'!F123 -> 0 | AC42: =+CONCATENATE('Exp. oferente'!H123,CHAR(10),TEXT('Exp. oferente'!G123,"DD"),"/",TEXT('Exp. oferente'!G123,"MMMM"),"/",TEXT('Exp. oferente'!G123,"YYYY"), CHAR(10),DOLLAR('Exp. oferente'!I123)) -> 00/enero/1900 $ 0.00
B43: =+'Exp. oferente'!A8 -> Los contratos aportados deben sumar en su conjunto, un valor igual o superior a 1,0 vez el valor del POE, expresado en SMMLV en la fecha de terminación | F43: =+IF(AND(C44="X"),"CUMPLE","NO CUMPLE") -> CUMPLE | H43: =+'Exp. oferente'!A8 -> Los contratos aportados deben sumar en su conjunto, un valor igual o superior a 1,0 vez el valor del POE, expresado en SMMLV en la fecha de terminación | L43: =+IF(AND(I44="X"),"CUMPLE","NO CUMPLE") -> CUMPLE | N43: =+'Exp. oferente'!A8 -> Los contratos aportados deben sumar en su conjunto, un valor igual o superior a 1,0 vez el valor del POE, expresado en SMMLV en la fecha de terminación | R43: =+IF(AND(O44="X"),"CUMPLE","NO CUMPLE") -> NO CUMPLE | T43: =+'Exp. oferente'!A8 -> Los contratos aportados deben sumar en su conjunto, un valor igual o superior a 1,0 vez el valor del POE, expresado en SMMLV en la fecha de terminación | X43: =+IF(AND(U44="X"),"CUMPLE","NO CUMPLE") -> NO CUMPLE | Z43: =+'Exp. oferente'!A8 -> Los contratos aportados deben sumar en su conjunto, un valor igual o superior a 1,0 vez el valor del POE, expresado en SMMLV en la fecha de terminación | AD43: =+IF(AND(AA44="X"),"CUMPLE","NO CUMPLE") -> NO CUMPLE
C44: X | I44: X
B45: =+'Exp. oferente'!A9 -> MÍNIMO UNO (1) de los contratos aportados, deberá tener un valor igual o superior a UNA (1) vez el valor del POE, expresado en SMMLV a la fecha de terminación. | F45: =+IF(AND(C46="X"),"CUMPLE","NO CUMPLE") -> CUMPLE | H45: =+'Exp. oferente'!A9 -> MÍNIMO UNO (1) de los contratos aportados, deberá tener un valor igual o superior a UNA (1) vez el valor del POE, expresado en SMMLV a la fecha de terminación. | L45: =+IF(AND(I46="X"),"CUMPLE","NO CUMPLE") -> CUMPLE | N45: =+'Exp. oferente'!A9 -> MÍNIMO UNO (1) de los contratos aportados, deberá tener un valor igual o superior a UNA (1) vez el valor del POE, expresado en SMMLV a la fecha de terminación. | R45: =+IF(AND(O46="X"),"CUMPLE","NO CUMPLE") -> NO CUMPLE | T45: =+'Exp. oferente'!A9 -> MÍNIMO UNO (1) de los contratos aportados, deberá tener un valor igual o superior a UNA (1) vez el valor del POE, expresado en SMMLV a la fecha de terminación. | X45: =+IF(AND(U46="X"),"CUMPLE","NO CUMPLE") -> NO CUMPLE | Z45: =+'Exp. oferente'!A9 -> MÍNIMO UNO (1) de los contratos aportados, deberá tener un valor igual o superior a UNA (1) vez el valor del POE, expresado en SMMLV a la fecha de terminación. | AD45: =+IF(AND(AA46="X"),"CUMPLE","NO CUMPLE") -> NO CUMPLE
C46: X | I46: X
A47: DOCUMENTACIÓN ACLARATORIA ENTREGADA POR LOS OFERENTES DE LA EXPERIENCIA ESPECÍFICA | G47: DOCUMENTACIÓN ACLARATORIA ENTREGADA POR LOS OFERENTES DE LA EXPERIENCIA ESPECÍFICA | M47: DOCUMENTACIÓN ACLARATORIA ENTREGADA POR LOS OFERENTES DE LA EXPERIENCIA ESPECÍFICA | S47: DOCUMENTACIÓN ACLARATORIA ENTREGADA POR LOS OFERENTES DE LA EXPERIENCIA ESPECÍFICA | Y47: DOCUMENTACIÓN ACLARATORIA ENTREGADA POR LOS OFERENTES DE LA EXPERIENCIA ESPECÍFICA
A48: CONCLUSIÓN EVALUACION EXPERIENCIA ESPECÍFICA | C48: =+IF(AND(F37="CUMPLE",F43="CUMPLE",F45="CUMPLE"),"CUMPLE","NO CUMPLE") -> CUMPLE | G48: CONCLUSIÓN EVALUACION EXPERIENCIA ESPECÍFICA | I48: =+IF(AND(L37="CUMPLE",L43="CUMPLE",L45="CUMPLE"),"CUMPLE","NO CUMPLE") -> CUMPLE | M48: CONCLUSIÓN EVALUACION EXPERIENCIA ESPECÍFICA | O48: =+IF(AND(R37="CUMPLE",R43="CUMPLE",R45="CUMPLE"),"CUMPLE","NO CUMPLE") -> NO CUMPLE | S48: CONCLUSIÓN EVALUACION EXPERIENCIA ESPECÍFICA | U48: =+IF(AND(X37="CUMPLE",X43="CUMPLE",X45="CUMPLE"),"CUMPLE","NO CUMPLE") -> NO CUMPLE | Y48: CONCLUSIÓN EVALUACION EXPERIENCIA ESPECÍFICA | AA48: =+IF(AND(AD37="CUMPLE",AD43="CUMPLE",AD45="CUMPLE"),"CUMPLE","NO CUMPLE") -> NO CUMPLE
A49: CONCLUSIÓN DEL OFERENTE | C49: =+IF(AND(F19="CUMPLE",F30="CUMPLE",F48="CUMPLE"),"CUMPLE","NO CUMPLE") -> NO CUMPLE | G49: CONCLUSIÓN DEL OFERENTE | I49: =+IF(AND(L19="CUMPLE",L30="CUMPLE",L48="CUMPLE"),"CUMPLE","NO CUMPLE") -> NO CUMPLE | M49: CONCLUSIÓN DEL OFERENTE | O49: =+IF(AND(R19="CUMPLE",R30="CUMPLE",R48="CUMPLE"),"CUMPLE","NO CUMPLE") -> NO CUMPLE | S49: CONCLUSIÓN DEL OFERENTE | U49: =+IF(AND(X19="CUMPLE",X30="CUMPLE",X48="CUMPLE"),"CUMPLE","NO CUMPLE") -> NO CUMPLE | Y49: CONCLUSIÓN DEL OFERENTE | AA49: =+IF(AND(AD19="CUMPLE",AD30="CUMPLE",AD48="CUMPLE"),"CUMPLE","NO CUMPLE") -> NO CUMPLE
A51: CAUSALES DE RECHAZO (SI APLICA) | G51: CAUSALES DE RECHAZO (SI APLICA) | M51: CAUSALES DE RECHAZO (SI APLICA) | S51: CAUSALES DE RECHAZO (SI APLICA) | Y51: CAUSALES DE RECHAZO (SI APLICA)
A52: OBSERVACIONES ADICIONALES | G52: OBSERVACIONES ADICIONALES | M52: OBSERVACIONES ADICIONALES | S52: OBSERVACIONES ADICIONALES | Y52: OBSERVACIONES ADICIONALES
A53: CONCLUSIÓN FINAL DE LA EVALUACIÓN DEL OFERENTE | C53: NO CUMPLE | G53: CONCLUSIÓN FINAL DE LA EVALUACIÓN DEL OFERENTE | I53: NO CUMPLE | M53: CONCLUSIÓN FINAL DE LA EVALUACIÓN DEL OFERENTE | O53: NO CUMPLE | S53: CONCLUSIÓN FINAL DE LA EVALUACIÓN DEL OFERENTE | U53: NO CUMPLE | Y53: CONCLUSIÓN FINAL DE LA EVALUACIÓN DEL OFERENTE | AA53: NO CUMPLE
A586: NO CUMPLE | G586: NO CUMPLE | M586: NO CUMPLE | S586: NO CUMPLE | Y586: NO CUMPLE
A587: CUMPLE | G587: CUMPLE | M587: CUMPLE | S587: CUMPLE | Y587: CUMPLE
A588: PENDIENTE | G588: PENDIENTE | M588: PENDIENTE | S588: PENDIENTE | Y588: PENDIENTE
A589: NO HABILITADO | G589: NO HABILITADO | M589: NO HABILITADO | S589: NO HABILITADO | Y589: NO HABILITADO
A590: HABILITADO | G590: HABILITADO | M590: HABILITADO | S590: HABILITADO | Y590: HABILITADO
A591: RECHAZADO | G591: RECHAZADO | M591: RECHAZADO | S591: RECHAZADO | Y591: RECHAZADO
A592: PENDIENTE | G592: PENDIENTE | M592: PENDIENTE | S592: PENDIENTE | Y592: PENDIENTE

Sheet Exp. profesionales
A1: =+'K-Kr Constructor'!A1:F1 -> EMPRESA NACIONAL PROMOTORA DEL DESARROLLO TERRITORIAL – ENTerritorio Sistema general de Regalias OBJETO: “INTERVENTORÍA TÉCNICA, ADMINISTRATIVA, FINANCIERA, AMBIENTAL Y DE CONTROL SOCIAL, LEGAL Y PRESU-PUESTAL PARA EL MEJORAMIENTO, ADECUACIÓN, REMODELACIÓN Y AJUSTES A DISEÑOS DE POLIDEPORTIVOS EN LOS BARRIOS CARTAGENITA SECTOR JARDÍN, LA PAZ Y LOS MONARKAS MUNICIPIO DE FACATATIVÁ – DEPARTA-MENTO DE CUNDINAMARCA.” CONTRATACIÓN DIRECTA CDI 073-2020 | Q1: 1957 | R1: 155.4
Q2: 1958 | R2: 155.4
Q3: 1959 | R3: 155.4
A4: REQUISITOS MINIMOS - PERSONAL PRINCIPAL REQUERIDO - CUMPLE/ NO CUMPLE | Q4: 1960 | R4: 198
Q5: 1961
A6: CARGO A DESEMPEÑAR | B6: FORMACIÓN ACADÉMICA | C6: TIEMPO MÍNIMO REQUERIDO DE HABER TERMINADO Y APROBADO ESTUDIOS (EN AÑOS) | E6: NUMERO DE PROYECTOS A ACREDITAR | F6: EXPERIENCIA ESPECÍFICA | I6: REQUERIMIENTO PARTICULAR | K6: REQUISITO MINIMO EN SMMLV | Q6: 1962 | R6: 300
A7: Residente de Obra | B7: Arquitecto Diseñador o Ingeniero Civil | C7: 3 | D7: 41805 | E7: 2 | F7: Residente de obra para la construcción y/o ampliación de parques y/o construcción y/o ampliación de canchas en pasto sintético y/o natural y/o escenarios deportivos | I7: El valor de uno de los proyectos aportados deberá ser mayor o igual al 100% del valor de presupuesto indicado en el numeral 4.2 etapa 2. Ejecución de la obra sin incluir costos de fiducia y prima de manejo de anticipo expresado en SMMLV | K7: 1252.89 | Q7: 1963 | R7: 420
Q8: 1964 | R8: 420
Q9: 1965 | R9: 420
Q10: 1966 | R10: 420
Q11: 1967 | R11: 420
Q12: 1968 | R12: 420
Q13: 1969 | R13: 519
Q14: 1970 | R14: 519
Q15: 1971 | R15: 519
Q16: 1972 | R16: 660
Q17: 1973 | R17: 660
Q18: 1974 | R18: 900
A19: OFERENTE | B19: 1 | C19: =VLOOKUP(B19,Conformación!$A$5:$S$129,2,FALSE) -> CONSTRUCTODO INGENIEROS CONTRATISTAS LTDA | Q19: 1975 | R19: 1200
C20: =VLOOKUP(B19,Conformación!$A$5:$S$129,4,FALSE) -> (CONSTRUCTODO INGENIEROS CONTRATISTAS LTDA. 100% - 0% - 0%- 0%- 0%) | Q20: 1976 | R20: 1560
Q21: 1977 | R21: 1770
Q22: 1978 | R22: 2580
A23: CARGO | B23: NOMBRE | C23: TARJETA PROFESIONAL | D23: FECHA EXPEDICIÓN | F23: PROFESION | G23: POSGRADO | H23: OBJETO | I23: FECHA TERMINACIÓN PROYECTO | J23: VALOR | K23: SMMLV | L23: REQUERIMIENTO PARTICULAR QUE ACREDITA | M23: PÁGINA | N23: OBSERVACIONES | Q23: 1979 | R23: 3450
A24: =+A7 -> Residente de Obra | E24: =IF(D24=0,0,IF(D24<D$7,"CUMPLE EL TIEMPO MÍNIMO REQUERIDO DE HABER TERMINADO Y APROBADO ESTUDIOS","NO CUMPLE EL TIEMPO MÍNIMO REQUERIDO DE HABER TERMINADO Y APROBADO ESTUDIOS")) -> 0 | K24: =IF(J24=0,0,IF(I24<D$24,"EXPERIENCIA ADQUIRIDA ANTES DEL GRADO",J24/VLOOKUP(YEAR(I24),$Q$1:$R$64,2,0))) -> 0 | L24: =IF(J24>=K$7,"cumple",0) -> 0 | Q24: 1980 | R24: 4500
K25: =IF(J25=0,0,IF(I25<D$24,"EXPERIENCIA ADQUIRIDA ANTES DEL GRADO",J25/VLOOKUP(YEAR(I25),$Q$1:$R$64,2,0))) -> 0 | L25: =IF(J25>=K$7,"cumple",0) -> 0 | Q25: 1981 | R25: 5700
K26: =IF(J26=0,0,IF(I26<D$24,"EXPERIENCIA ADQUIRIDA ANTES DEL GRADO",J26/VLOOKUP(YEAR(I26),$Q$1:$R$64,2,0))) -> 0 | L26: =IF(J26>=K$7,"cumple",0) -> 0 | Q26: 1982 | R26: 7410
K27: =IF(J27=0,0,IF(I27<D$24,"EXPERIENCIA ADQUIRIDA ANTES DEL GRADO",J27/VLOOKUP(YEAR(I27),$Q$1:$R$64,2,0))) -> 0 | L27: =IF(J27>=K$7,"cumple",0) -> 0 | Q27: 1983 | R27: 9261
K28: =IF(J28=0,0,IF(I28<D$24,"EXPERIENCIA ADQUIRIDA ANTES DEL GRADO",J28/VLOOKUP(YEAR(I28),$Q$1:$R$64,2,0))) -> 0 | L28: =IF(J28>=K$7,"cumple",0) -> 0 | Q28: 1984 | R28: 11298
H29: TOTAL | K29: =SUM(K24:K28) -> 0 | Q29: 1985 | R29: 13557
Q30: 1986 | R30: 16811.4
Q31: 1987 | R31: 20510
A32: OFERENTE | B32: 2 | C32: =VLOOKUP(B32,Conformación!$A$5:$S$129,2,FALSE) -> 0 | Q32: 1988 | R32: 25637.4
C33: =VLOOKUP(B32,Conformación!$A$5:$S$129,4,FALSE) -> 0 | Q33: 1989 | R33: 32559.6
Q34: 1990 | R34: 41025
A35: CARGO | B35: NOMBRE | C35: TARJETA PROFESIONAL | D35: FECHA EXPEDICIÓN | F35: PROFESION | G35: POSGRADO | H35: OBJETO | I35: FECHA TERMINACIÓN PROYECTO | J35: VALOR | K35: SMMLV | L35: REQUERIMIENTO PARTICULAR QUE ACREDITA | M35: PÁGINA | N35: OBSERVACIONES | Q35: 1991 | R35: 51716.1
A36: =A$7 -> Residente de Obra | E36: =IF(D36=0,0,IF(D36<D$7,"CUMPLE EL TIEMPO MÍNIMO REQUERIDO DE HABER TERMINADO Y APROBADO ESTUDIOS","NO CUMPLE EL TIEMPO MÍNIMO REQUERIDO DE HABER TERMINADO Y APROBADO ESTUDIOS")) -> 0 | K36: =IF(J36=0,0,IF(I36<D$36,"EXPERIENCIA ADQUIRIDA ANTES DEL GRADO",J36/VLOOKUP(YEAR(I36),$Q$1:$R$64,2,0))) -> 0 | L36: =IF(J36>=K$7,"cumple",0) -> 0 | Q36: 1992 | R36: 65190
K37: =IF(J37=0,0,IF(I37<D$36,"EXPERIENCIA ADQUIRIDA ANTES DEL GRADO",J37/VLOOKUP(YEAR(I37),$Q$1:$R$64,2,0))) -> 0 | L37: =IF(J37>=K$7,"cumple",0) -> 0 | Q37: 1993 | R37: 81510
K38: =IF(J38=0,0,IF(I38<D$36,"EXPERIENCIA ADQUIRIDA ANTES DEL GRADO",J38/VLOOKUP(YEAR(I38),$Q$1:$R$64,2,0))) -> 0 | L38: =IF(J38>=K$7,"cumple",0) -> 0 | Q38: 1994 | R38: 98700
K39: =IF(J39=0,0,IF(I39<D$36,"EXPERIENCIA ADQUIRIDA ANTES DEL GRADO",J39/VLOOKUP(YEAR(I39),$Q$1:$R$64,2,0))) -> 0 | L39: =IF(J39>=K$7,"cumple",0) -> 0 | Q39: 1995 | R39: 118933.5
K40: =IF(J40=0,0,IF(I40<D$36,"EXPERIENCIA ADQUIRIDA ANTES DEL GRADO",J40/VLOOKUP(YEAR(I40),$Q$1:$R$64,2,0))) -> 0 | L40: =IF(J40>=K$7,"cumple",0) -> 0 | Q40: 1996 | R40: 142125
H41: TOTAL | K41: =SUM(K36:K40) -> 0 | Q41: 1997 | R41: 172005
Q42: 1998 | R42: 203826
Q43: 1999 | R43: 236460
A44: OFERENTE | B44: 3 | C44: =VLOOKUP(B44,Conformación!$A$5:$S$129,2,FALSE) -> 0 | Q44: 2000 | R44: 260100
C45: =VLOOKUP(B44,Conformación!$A$5:$S$129,4,FALSE) -> 0 | Q45: 2001 | R45: 286000
Q46: 2002 | R46: 309000
A47: CARGO | B47: NOMBRE | C47: TARJETA PROFESIONAL | D47: FECHA EXPEDICIÓN | F47: PROFESION | G47: POSGRADO | H47: OBJETO | I47: FECHA TERMINACIÓN PROYECTO | J47: VALOR | K47: SMMLV | L47: REQUERIMIENTO PARTICULAR QUE ACREDITA | M47: PÁGINA | N47: OBSERVACIONES | Q47: 2003 | R47: 332000
A48: =A$7 -> Residente de Obra | E48: =IF(D48=0,0,IF(D48<D$7,"CUMPLE EL TIEMPO MÍNIMO REQUERIDO DE HABER TERMINADO Y APROBADO ESTUDIOS","NO CUMPLE EL TIEMPO MÍNIMO REQUERIDO DE HABER TERMINADO Y APROBADO ESTUDIOS")) -> 0 | K48: =IF(J48=0,0,IF(I48<D$48,"EXPERIENCIA ADQUIRIDA ANTES DEL GRADO",J48/VLOOKUP(YEAR(I48),$Q$1:$R$64,2,0))) -> 0 | L48: =IF(J48>=K$7,"cumple",0) -> 0 | Q48: 2004 | R48: 358000
K49: =IF(J49=0,0,IF(I49<D$48,"EXPERIENCIA ADQUIRIDA ANTES DEL GRADO",J49/VLOOKUP(YEAR(I49),$Q$1:$R$64,2,0))) -> 0 | L49: =IF(J49>=K$7,"cumple",0) -> 0 | Q49: 2005 | R49: 381500
K50: =IF(J50=0,0,IF(I50<D$48,"EXPERIENCIA ADQUIRIDA ANTES DEL GRADO",J50/VLOOKUP(YEAR(I50),$Q$1:$R$64,2,0))) -> 0 | L50: =IF(J50>=K$7,"cumple",0) -> 0 | Q50: 2006 | R50: 408000
K51: =IF(J51=0,0,IF(I51<D$48,"EXPERIENCIA ADQUIRIDA ANTES DEL GRADO",J51/VLOOKUP(YEAR(I51),$Q$1:$R$64,2,0))) -> 0 | L51: =IF(J51>=K$7,"cumple",0) -> 0 | Q51: 2007 | R51: 433700
K52: =IF(J52=0,0,IF(I52<D$48,"EXPERIENCIA ADQUIRIDA ANTES DEL GRADO",J52/VLOOKUP(YEAR(I52),$Q$1:$R$64,2,0))) -> 0 | L52: =IF(J52>=K$7,"cumple",0) -> 0 | Q52: 2008 | R52: 461500
H53: TOTAL | K53: =SUM(K47:K52) -> 0 | Q53: 2009 | R53: 496900
Q54: 2010 | R54: 515000
Q55: 2011 | R55: 535600
A56: OFERENTE | B56: 4 | C56: =VLOOKUP(B56,Conformación!$A$5:$S$129,2,FALSE) -> 0 | Q56: 2012 | R56: 566700
C57: =VLOOKUP(B56,Conformación!$A$5:$S$129,4,FALSE) -> 0 | Q57: 2013 | R57: 581900
Q58: 2014 | R58: 616000
A59: CARGO | B59: NOMBRE | C59: TARJETA PROFESIONAL | D59: FECHA EXPEDICIÓN | F59: PROFESION | G59: POSGRADO | H59: OBJETO | I59: FECHA TERMINACIÓN PROYECTO | J59: VALOR | K59: SMMLV | L59: REQUERIMIENTO PARTICULAR QUE ACREDITA | M59: PÁGINA | N59: OBSERVACIONES | Q59: 2015 | R59: 644350
A60: =A$7 -> Residente de Obra | E60: =IF(D60=0,0,IF(D60<D$7,"CUMPLE EL TIEMPO MÍNIMO REQUERIDO DE HABER TERMINADO Y APROBADO ESTUDIOS","NO CUMPLE EL TIEMPO MÍNIMO REQUERIDO DE HABER TERMINADO Y APROBADO ESTUDIOS")) -> 0 | K60: =IF(J60=0,0,IF(I60<D$60,"EXPERIENCIA ADQUIRIDA ANTES DEL GRADO",J60/VLOOKUP(YEAR(I60),$Q$1:$R$64,2,0))) -> 0 | L60: =IF(J60>=K$7,"cumple",0) -> 0 | Q60: 2016 | R60: 689500
K61: =IF(J61=0,0,IF(I61<D$60,"EXPERIENCIA ADQUIRIDA ANTES DEL GRADO",J61/VLOOKUP(YEAR(I61),$Q$1:$R$64,2,0))) -> 0 | L61: =IF(J61>=K$7,"cumple",0) -> 0 | Q61: 2017 | R61: 737717
K62: =IF(J62=0,0,IF(I62<D$60,"EXPERIENCIA ADQUIRIDA ANTES DEL GRADO",J62/VLOOKUP(YEAR(I62),$Q$1:$R$64,2,0))) -> 0 | L62: =IF(J62>=K$7,"cumple",0) -> 0 | Q62: 2018 | R62: 781242
K63: =IF(J63=0,0,IF(I63<D$60,"EXPERIENCIA ADQUIRIDA ANTES DEL GRADO",J63/VLOOKUP(YEAR(I63),$Q$1:$R$64,2,0))) -> 0 | L63: =IF(J63>=K$7,"cumple",0) -> 0 | Q63: 2019 | R63: 828116
K64: =IF(J64=0,0,IF(I64<D$60,"EXPERIENCIA ADQUIRIDA ANTES DEL GRADO",J64/VLOOKUP(YEAR(I64),$Q$1:$R$64,2,0))) -> 0 | L64: =IF(J64>=K$7,"cumple",0) -> 0 | Q64: 2020 | R64: 877803
H65: TOTAL | K65: =SUM(K62:K64) -> 0
A68: OFERENTE | B68: 5 | C68: =VLOOKUP(B68,Conformación!$A$5:$S$129,2,FALSE) -> 0
C69: =VLOOKUP(B68,Conformación!$A$5:$S$129,4,FALSE) -> 0
A71: CARGO | B71: NOMBRE | C71: TARJETA PROFESIONAL | D71: FECHA EXPEDICIÓN | F71: PROFESION | G71: POSGRADO | H71: OBJETO | I71: FECHA TERMINACIÓN PROYECTO | J71: VALOR | K71: SMMLV | L71: REQUERIMIENTO PARTICULAR QUE ACREDITA | M71: PÁGINA | N71: OBSERVACIONES
A72: =A$7 -> Residente de Obra | E72: =IF(D72=0,0,IF(D72<D$7,"CUMPLE EL TIEMPO MÍNIMO REQUERIDO DE HABER TERMINADO Y APROBADO ESTUDIOS","NO CUMPLE EL TIEMPO MÍNIMO REQUERIDO DE HABER TERMINADO Y APROBADO ESTUDIOS")) -> 0 | K72: =IF(J72=0,0,IF(I72<D$72,"EXPERIENCIA ADQUIRIDA ANTES DEL GRADO",J72/VLOOKUP(YEAR(I72),$Q$1:$R$64,2,0))) -> 0 | L72: =IF(J72>=K$7,"cumple",0) -> 0
K73: =IF(J73=0,0,IF(I73<D$72,"EXPERIENCIA ADQUIRIDA ANTES DEL GRADO",J73/VLOOKUP(YEAR(I73),$Q$1:$R$64,2,0))) -> 0 | L73: =IF(J73>=K$7,"cumple",0) -> 0
K74: =IF(J74=0,0,IF(I74<D$72,"EXPERIENCIA ADQUIRIDA ANTES DEL GRADO",J74/VLOOKUP(YEAR(I74),$Q$1:$R$64,2,0))) -> 0 | L74: =IF(J74>=K$7,"cumple",0) -> 0
K75: =IF(J75=0,0,IF(I75<D$72,"EXPERIENCIA ADQUIRIDA ANTES DEL GRADO",J75/VLOOKUP(YEAR(I75),$Q$1:$R$64,2,0))) -> 0 | L75: =IF(J75>=K$7,"cumple",0) -> 0
K76: =IF(J76=0,0,IF(I76<D$72,"EXPERIENCIA ADQUIRIDA ANTES DEL GRADO",J76/VLOOKUP(YEAR(I76),$Q$1:$R$64,2,0))) -> 0 | L76: =IF(J76>=K$7,"cumple",0) -> 0
H77: TOTAL | K77: =SUM(K74:K76) -> 0

Sheet Exp. profesionales (2)
A1: =+'K-Kr Constructor'!A1:F1 -> EMPRESA NACIONAL PROMOTORA DEL DESARROLLO TERRITORIAL – ENTerritorio Sistema general de Regalias OBJETO: “INTERVENTORÍA TÉCNICA, ADMINISTRATIVA, FINANCIERA, AMBIENTAL Y DE CONTROL SOCIAL, LEGAL Y PRESU-PUESTAL PARA EL MEJORAMIENTO, ADECUACIÓN, REMODELACIÓN Y AJUSTES A DISEÑOS DE POLIDEPORTIVOS EN LOS BARRIOS CARTAGENITA SECTOR JARDÍN, LA PAZ Y LOS MONARKAS MUNICIPIO DE FACATATIVÁ – DEPARTA-MENTO DE CUNDINAMARCA.” CONTRATACIÓN DIRECTA CDI 073-2020 | P1: 1957 | Q1: 155.4
P2: 1958 | Q2: 155.4
P3: 1959 | Q3: 155.4
A4: REQUISITOS MINIMOS - PERSONAL PRINCIPAL REQUERIDO - CUMPLE/ NO CUMPLE | P4: 1960 | Q4: 198
P5: 1961
A6: CARGO A DESEMPEÑAR | B6: FORMACIÓN ACADÉMICA | C6: TIEMPO MÍNIMO REQUERIDO DE HABER TERMINADO Y APROBADO ESTUDIOS (EN AÑOS) | E6: NUMERO DE PROYECTOS A ACREDITAR | F6: EXPERIENCIA ESPECÍFICA | H6: REQUERIMIENTO PARTICULAR | J6: REQUISITO MINIMO EN SMMLV | K6: REQUISITO MINIMO EN AÑOS | P6: 1962 | Q6: 300
A7: Residente de Obra | B7: Arquitecto Diseñador o Ingeniero Civil | C7: 3 | D7: 41805 | E7: 2 | F7: Residente de obra para la construcción y/o ampliación de parques y/o construcción y/o ampliación de canchas en pasto sintético y/o natural y/o escenarios deportivos | H7: El valor de uno de los proyectos aportados deberá ser mayor o igual al 100% del valor de presupuesto indicado en el numeral 4.2 etapa 2. Ejecución de la obra sin incluir costos de fiducia y prima de manejo de anticipo expresado en SMMLV | J7: 1252.89 | K7: 10 | P7: 1963 | Q7: 420
P8: 1964 | Q8: 420
P9: 1965 | Q9: 420
P10: 1966 | Q10: 420
P11: 1967 | Q11: 420
P12: 1968 | Q12: 420
P13: 1969 | Q13: 519
P14: 1970 | Q14: 519
P15: 1971 | Q15: 519
P16: 1972 | Q16: 660
P17: 1973 | Q17: 660
P18: 1974 | Q18: 900
P19: 1975 | Q19: 1200
P20: 1976 | Q20: 1560
A21: OFERENTE | B21: 1 | C21: =VLOOKUP(B21,Conformación!$A$5:$S$129,2,FALSE) -> CONSTRUCTODO INGENIEROS CONTRATISTAS LTDA | P21: 1977 | Q21: 1770
C22: =VLOOKUP(B21,Conformación!$A$5:$S$129,4,FALSE) -> (CONSTRUCTODO INGENIEROS CONTRATISTAS LTDA. 100% - 0% - 0%- 0%- 0%) | P22: 1978 | Q22: 2580
P23: 1979 | Q23: 3450
P24: 1980 | Q24: 4500
A25: CARGO | B25: NOMBRE | C25: TARJETA PROFESIONAL | D25: FECHA EXPEDICIÓN | F25: PROFESION | G25: OBJETO | H25: FECHA TERMINACIÓN CONTRATO | I25: VALOR | K25: REQUERIMIENTO PARTICULAR QUE ACREDITA | L25: FOLIO | M25: OBSERVACIONES | P25: 1981 | Q25: 5700
A26: =+A7 -> Residente de Obra | B26: HENRY ALBERTO PEÑA PRADA | C26: A68071999-91257636 | D26: 36315 | E26: =IF(D26=0,0,IF(D26<D$7,"CUMPLE EL TIEMPO MÍNIMO REQUERIDO DE HABER TERMINADO Y APROBADO ESTUDIOS","NO CUMPLE EL TIEMPO MÍNIMO REQUERIDO DE HABER TERMINADO Y APROBADO ESTUDIOS")) -> CUMPLE EL TIEMPO MÍNIMO REQUERIDO DE HABER TERMINADO Y APROBADO ESTUDIOS | F26: ARQUITECTO ESPECIALISTA GERENCIA INTEGRAL DE OBRAS | G26: CONSTRUCCION ZONAS DEPORTIVAS DEL PARQUE PRINCIPAL DEL MUNICIPIO DE LA MESAD E LOS SANTOS | H26: 38533 | I26: 530000000 | J26: =IF(I26=0,0,IF(H26<D$26,"EXPERIENCIA ADQUIRIDA ANTES DEL GRADO",I26/VLOOKUP(YEAR(H26),$P$24:$Q$59,2,0))) -> 1389.2529 | K26: =IF(I26>=J$7,"cumple",0) -> cumple | L26: 136 | M26: PRESENTA VIGENCIA FECHAS DE LABORES | P26: 1982 | Q26: 7410
G27: AMPLIACION PARQUE PRINCIPAL DEL MUNICIPIO DEL VALLE DE SAN JOSE | H27: 38441 | I27: 400000000 | J27: =IF(I27=0,0,IF(H27<D$26,"EXPERIENCIA ADQUIRIDA ANTES DEL GRADO",I27/VLOOKUP(YEAR(H27),$P$24:$Q$59,2,0))) -> 1048.4928 | K27: =IF(I27>=J$7,"cumple",0) -> cumple | L27: 137 | M27: FECHAS DE LABORES | P27: 1983 | Q27: 9261
J28: =IF(I28=0,0,IF(H28<D$26,"EXPERIENCIA ADQUIRIDA ANTES DEL GRADO",I28/VLOOKUP(YEAR(H28),$P$24:$Q$59,2,0))) -> 0 | K28: =IF(I28>=J$7,"cumple",0) -> 0 | P28: 1984 | Q28: 11298
J29: =IF(I29=0,0,IF(H29<D$26,"EXPERIENCIA ADQUIRIDA ANTES DEL GRADO",I29/VLOOKUP(YEAR(H29),$P$24:$Q$59,2,0))) -> 0 | K29: =IF(I29>=J$7,"cumple",0) -> 0 | P29: 1980 | Q29: 4500
J30: =IF(I30=0,0,IF(H30<D$26,"EXPERIENCIA ADQUIRIDA ANTES DEL GRADO",I30/VLOOKUP(YEAR(H30),$P$24:$Q$59,2,0))) -> 0 | K30: =IF(I30>=J$7,"cumple",0) -> 0 | P30: 1981 | Q30: 5700
K31: =IF(I31>=J$7,"cumple",0) -> 0 | P31: 1985 | Q31: 13557
P32: 1986 | Q32: 16811.4
G33: TOTAL | J33: =SUM(J26:J32) -> 2437.7457 | P33: 1987 | Q33: 20510
P34: 1981 | Q34: 5700
P35: 1988 | Q35: 25637.4
P36: 1989 | Q36: 32559.6
P37: 1990 | Q37: 41025.1
P38: 1991 | Q38: 51720
P39: 1992 | Q39: 65190
P40: 1993 | Q40: 81510
A41: OFERENTE | B41: 2 | C41: =VLOOKUP(B41,Conformación!$A$5:$S$129,2,FALSE) -> 0 | P41: 1994 | Q41: 98700
C42: =VLOOKUP(B41,Conformación!$A$5:$S$129,4,FALSE) -> 0 | P42: 1995 | Q42: 118933.5
P43: 1996 | Q43: 142125
A44: CARGO | B44: NOMBRE | C44: TARJETA PROFESIONAL | D44: FECHA EXPEDICIÓN | F44: PROFESION | G44: OBJETO | H44: FECHA TERMINACIÓN CONTRATO | I44: VALOR | J44: M2 | K44: REQUERIMIENTO PARTICULAR QUE ACREDITA | L44: FOLIO | M44: OBSERVACIONES | P44: 1997 | Q44: 172005
A45: =A$7 -> Residente de Obra | E45: =IF(D45=0,0,IF(D45<D$7,"CUMPLE EL TIEMPO MÍNIMO REQUERIDO DE HABER TERMINADO Y APROBADO ESTUDIOS","NO CUMPLE EL TIEMPO MÍNIMO REQUERIDO DE HABER TERMINADO Y APROBADO ESTUDIOS")) -> 0 | J45: =IF(I45=0,0,IF(H45<D$26,"EXPERIENCIA ADQUIRIDA ANTES DEL GRADO",I45/VLOOKUP(YEAR(H45),$P$24:$Q$59,2,0))) -> 0 | K45: =IF(I45>=J$7,"cumple",0) -> 0 | P45: 1998 | Q45: 203826
J46: =IF(I46=0,0,IF(H46<D$26,"EXPERIENCIA ADQUIRIDA ANTES DEL GRADO",I46/VLOOKUP(YEAR(H46),$P$24:$Q$59,2,0))) -> 0 | K46: =IF(I46>=J$7,"cumple",0) -> 0 | P46: 2002 | Q46: 309000
J47: =IF(I47=0,0,IF(H47<D$26,"EXPERIENCIA ADQUIRIDA ANTES DEL GRADO",I47/VLOOKUP(YEAR(H47),$P$24:$Q$59,2,0))) -> 0 | K47: =IF(I47>=J$7,"cumple",0) -> 0 | P47: 2003 | Q47: 332000
J48: =IF(I48=0,0,IF(H48<D$26,"EXPERIENCIA ADQUIRIDA ANTES DEL GRADO",I48/VLOOKUP(YEAR(H48),$P$24:$Q$59,2,0))) -> 0 | K48: =IF(I48>=J$7,"cumple",0) -> 0 | P48: 2004 | Q48: 358000
J49: =IF(I49=0,0,IF(H49<D$26,"EXPERIENCIA ADQUIRIDA ANTES DEL GRADO",I49/VLOOKUP(YEAR(H49),$P$24:$Q$59,2,0))) -> 0 | K49: =IF(I49>=J$7,"cumple",0) -> 0 | P49: 2005 | Q49: 381500
K50: =IF(I50>=J$7,"cumple",0) -> 0 | P50: 2006 | Q50: 408000
P51: 2007 | Q51: 433700
P52: 2008 | Q52: 461500
P53: 2009 | Q53: 496900
P54: 2010 | Q54: 515000
P55: 2011 | Q55: 535600
P56: 2012 | Q56: 566700
A57: OFERENTE | B57: 3 | C57: =VLOOKUP(B57,Conformación!$A$5:$S$129,2,FALSE) -> 0 | P57: 2013 | Q57: 581900
C58: =VLOOKUP(B57,Conformación!$A$5:$S$129,4,FALSE) -> 0 | P58: 2014 | Q58: 616000
P59: 2015 | Q59: 644350
A60: CARGO | B60: NOMBRE | C60: TARJETA PROFESIONAL | D60: FECHA EXPEDICIÓN | F60: PROFESION | G60: OBJETO | H60: FECHA TERMINACIÓN CONTRATO | I60: VALOR | J60: M2 | K60: REQUERIMIENTO PARTICULAR QUE ACREDITA | L60: FOLIO | M60: OBSERVACIONES | P60: 2016 | Q60: 689500
A61: =A$7 -> Residente de Obra | B61: GLORIA MARIA OTERO GUTIERREZ | C61: 0520249484ANT | D61: 34382 | E61: =IF(D61=0,0,IF(D61<D$7,"CUMPLE EL TIEMPO MÍNIMO REQUERIDO DE HABER TERMINADO Y APROBADO ESTUDIOS","NO CUMPLE EL TIEMPO MÍNIMO REQUERIDO DE HABER TERMINADO Y APROBADO ESTUDIOS")) -> CUMPLE EL TIEMPO MÍNIMO REQUERIDO DE HABER TERMINADO Y APROBADO ESTUDIOS | F61: ING CIVIL | G61: CONSTRUCCION CANCHA SINTETICA EN EL ESCENARIO DEPORTIVO ANTONIO NARIÑO COMUNA 13 SAN JAVIER MUNICIPIO DE MEDELLIN | H61: 42390 | I61: 1173126960 | J61: =IF(I61=0,0,IF(H61<D$26,"EXPERIENCIA ADQUIRIDA ANTES DEL GRADO",I61/VLOOKUP(YEAR(H61),$P$24:$Q$62,2,0))) -> 1701.4169 | K61: =IF(I61>=J$7,"cumple",0) -> cumple | L61: 156 | M61: PRESENTA VIGENCIA | P61: 2017 | Q61: 717737
G62: CANCHA SINTETICA UNIDAD DEPORTIVA BARRIO SAN JOSE MUNICIPIO ITAGUI | H62: 41642 | I62: 190008570 | J62: =IF(I62=0,0,IF(H62<D$26,"EXPERIENCIA ADQUIRIDA ANTES DEL GRADO",I62/VLOOKUP(YEAR(H62),$P$24:$Q$62,2,0))) -> 308.45547 | K62: =IF(I62>=J$7,"cumple",0) -> cumple | P62: 2001 | Q62: 286000
J63: =IF(I63=0,0,IF(H63<D$26,"EXPERIENCIA ADQUIRIDA ANTES DEL GRADO",I63/VLOOKUP(YEAR(H63),$P$24:$Q$59,2,0))) -> 0 | K63: =IF(I63>=J$7,"cumple",0) -> 0
J64: =IF(I64=0,0,IF(H64<D$26,"EXPERIENCIA ADQUIRIDA ANTES DEL GRADO",I64/VLOOKUP(YEAR(H64),$P$24:$Q$59,2,0))) -> 0 | K64: =IF(I64>=J$7,"cumple",0) -> 0
G65: TOTAL | J65: =IF(I65=0,0,IF(H65<D$26,"EXPERIENCIA ADQUIRIDA ANTES DEL GRADO",I65/VLOOKUP(YEAR(H65),$P$24:$Q$59,2,0))) -> 0 | K65: =IF(I65>=J$7,"cumple",0) -> 0
A73: OFERENTE | B73: 4 | C73: =VLOOKUP(B73,Conformación!$A$5:$S$129,2,FALSE) -> 0
C74: =VLOOKUP(B73,Conformación!$A$5:$S$129,4,FALSE) -> 0
A76: CARGO | B76: NOMBRE | C76: TARJETA PROFESIONAL | D76: FECHA EXPEDICIÓN | F76: PROFESION | G76: OBJETO | H76: FECHA TERMINACIÓN CONTRATO | I76: VALOR | J76: SMMLV | K76: REQUERIMIENTO PARTICULAR QUE ACREDITA | L76: N/A | M76: OBSERVACIONES
A77: =A$7 -> Residente de Obra | B77: JOSE AUGUSTO ESPINOSA CIFUENTES | C77: 2520280962CND | D77: 36664 | E77: =IF(D77=0,0,IF(D77<D$7,"CUMPLE EL TIEMPO MÍNIMO REQUERIDO DE HABER TERMINADO Y APROBADO ESTUDIOS","NO CUMPLE EL TIEMPO MÍNIMO REQUERIDO DE HABER TERMINADO Y APROBADO ESTUDIOS")) -> CUMPLE EL TIEMPO MÍNIMO REQUERIDO DE HABER TERMINADO Y APROBADO ESTUDIOS | F77: ING CIVIL | G77: CONSTRUCCION DE GRADERIAS, PISTA PLANA Y OBRAS COMPLEMENTARIAS DEL PATINODROMO DEL MUNICIPIO DE AGUAZUL | H77: 36926 | I77: 849310085 | J77: =IF(I77=0,0,IF(H77<D$77,"EXPERIENCIA ADQUIRIDA ANTES DEL GRADO",I77/VLOOKUP(YEAR(H77),$P$22:$Q$62,2,0))) -> 2969.6157 | K77: =IF(I77>=J$7,"cumple",0) -> cumple | L77: 147 | M77: APORTAR VIGENCIA VIGENTE
G78: CONSTRUCCION DE CANCHAS MULTIPLES DE LA ESCUELA DE GUAFAL SECTOR HORQUETA, ESCUELA NORMAL | H78: 38025 | I78: 553757471 | J78: =IF(I78=0,0,IF(H78<D$77,"EXPERIENCIA ADQUIRIDA ANTES DEL GRADO",I78/VLOOKUP(YEAR(H78),$P$22:$Q$62,2,0))) -> 1546.8086 | K78: =IF(I78>=J$7,"cumple",0) -> cumple | L78: 148
J79: =IF(I79=0,0,IF(H79<D$77,"EXPERIENCIA ADQUIRIDA ANTES DEL GRADO",I79/VLOOKUP(YEAR(H79),$P$22:$Q$62,2,0))) -> 0 | K79: =IF(I79>=J$7,"cumple",0) -> 0 | L79: N/A
J80: =IF(I80=0,0,IF(H80<D$77,"EXPERIENCIA ADQUIRIDA ANTES DEL GRADO",I80/VLOOKUP(YEAR(H80),$P$22:$Q$62,2,0))) -> 0 | K80: =IF(I80>=J$7,"cumple",0) -> 0 | L80: N/A
J81: =IF(I81=0,0,IF(H81<D$77,"EXPERIENCIA ADQUIRIDA ANTES DEL GRADO",I81/VLOOKUP(YEAR(H81),$P$22:$Q$62,2,0))) -> 0 | K81: =IF(I81>=J$7,"cumple",0) -> 0 | L81: N/A
G84: TOTAL | J84: =SUM(J77:J83) -> 4516.4243
A92: OFERENTE | B92: 5 | C92: =VLOOKUP(B92,Conformación!$A$5:$S$129,2,FALSE) -> 0
C93: =VLOOKUP(B92,Conformación!$A$5:$S$129,4,FALSE) -> 0
A95: CARGO | B95: NOMBRE | C95: TARJETA PROFESIONAL | D95: FECHA EXPEDICIÓN | F95: PROFESION | G95: OBJETO | H95: FECHA TERMINACIÓN CONTRATO | I95: VALOR | J95: SMMLV | K95: REQUERIMIENTO PARTICULAR QUE ACREDITA | L95: N/A | M95: OBSERVACIONES
A96: =A$7 -> Residente de Obra | B96: NICOLAS QUINTERO PATIÑO | C96: 1720208454CLD | D96: 30215 | E96: =IF(D96=0,0,IF(D96<D$7,"CUMPLE EL TIEMPO MÍNIMO REQUERIDO DE HABER TERMINADO Y APROBADO ESTUDIOS","NO CUMPLE EL TIEMPO MÍNIMO REQUERIDO DE HABER TERMINADO Y APROBADO ESTUDIOS")) -> CUMPLE EL TIEMPO MÍNIMO REQUERIDO DE HABER TERMINADO Y APROBADO ESTUDIOS | F96: ING CIVIL | G96: ESTUDIOS, DISÑEOS Y CONSTRUCCION DEL POLIDEPORTIVO CUBIERTO Y CONSTRUCCION PARQUE INFANTIL,EN CENTRO POBLADO DE PUERTO JORDAN - ARAUCA | I96: 1110404303 | J96: =IF(I96=0,0,IF(H96<D$96,"EXPERIENCIA ADQUIRIDA ANTES DEL GRADO",I96/VLOOKUP(YEAR(H96),$P$24:$Q$59,2,0))) -> EXPERIENCIA ADQUIRIDA ANTES DEL GRADO | K96: =IF(I96>=J$7,"cumple",0) -> cumple | L96: 228 | M96: FECHA TERMINACION?FECHAS LABORES?
G97: CONSTRUCCION COLISEO CUBIERTO MUNICIPIO DE BALBOA | H97: 39447 | I97: 491429492 | J97: =IF(I97=0,0,IF(H97<D$96,"EXPERIENCIA ADQUIRIDA ANTES DEL GRADO",I97/VLOOKUP(YEAR(H97),$P$24:$Q$59,2,0))) -> 1133.1093 | K97: =IF(I97>=J$7,"cumple",0) -> cumple | L97: 231 | M97: LABORES FECHAS?
J98: =IF(I98=0,0,IF(H98<D$96,"EXPERIENCIA ADQUIRIDA ANTES DEL GRADO",I98/VLOOKUP(YEAR(H98),$P$24:$Q$59,2,0))) -> 0 | K98: =IF(I98>=J$7,"cumple",0) -> 0 | L98: N/A
J99: =IF(I99=0,0,IF(H99<D$96,"EXPERIENCIA ADQUIRIDA ANTES DEL GRADO",I99/VLOOKUP(YEAR(H99),$P$24:$Q$59,2,0))) -> 0 | K99: =IF(I99>=J$7,"cumple",0) -> 0 | L99: N/A
J100: =IF(I100=0,0,IF(H100<D$96,"EXPERIENCIA ADQUIRIDA ANTES DEL GRADO",I100/VLOOKUP(YEAR(H100),$P$24:$Q$59,2,0))) -> 0 | K100: =IF(I100>=J$7,"cumple",0) -> 0 | L100: N/A
G103: TOTAL | J103: =SUM(J96:J102) -> 1133.1093

Sheet Exp. profesionales ADICIONAL
A1: =+'K-Kr Constructor'!A1:F1 -> EMPRESA NACIONAL PROMOTORA DEL DESARROLLO TERRITORIAL – ENTerritorio Sistema general de Regalias OBJETO: “INTERVENTORÍA TÉCNICA, ADMINISTRATIVA, FINANCIERA, AMBIENTAL Y DE CONTROL SOCIAL, LEGAL Y PRESU-PUESTAL PARA EL MEJORAMIENTO, ADECUACIÓN, REMODELACIÓN Y AJUSTES A DISEÑOS DE POLIDEPORTIVOS EN LOS BARRIOS CARTAGENITA SECTOR JARDÍN, LA PAZ Y LOS MONARKAS MUNICIPIO DE FACATATIVÁ – DEPARTA-MENTO DE CUNDINAMARCA.” CONTRATACIÓN DIRECTA CDI 073-2020 | L1: 1957 | M1: 155.4
L2: 1958 | M2: 155.4
L3: 1959 | M3: 155.4
A4: EXPERIENCIA ADICIONAL PERSONAL PRINCIPAL REQUERIDO | L4: 1960 | M4: 198
L5: 1961
A6: CARGO A DESEMPEÑAR | B6: EXPERIENCIA ESPECÍFICA | D6: NUMERO DE PROYECTOS | F6: PUNTAJE | G6: SMMLV | L6: 1962 | M6: 300
A7: =+'Exp. profesionales'!A7 -> Residente de Obra | B7: =+'Exp. profesionales'!F7 -> Residente de obra para la construcción y/o ampliación de parques y/o construcción y/o ampliación de canchas en pasto sintético y/o natural y/o escenarios deportivos | D7: Entre 1 y 2 Proyectos adicionales a los indicados en el requerimiento particular del numeral 6.1.3.2 cuya sumatoria tenga un valor igual o superior a 1.0 vez el valor del POE, expresado en SMMLV a la fecha de terminación. | F7: 80 | L7: 1963 | M7: 420
L8: 1964 | M8: 420
D9: Entre 1 y 2 Proyectos adicionales a los indicados en el requerimiento particular del numeral 6.1.3.2 cuya sumatoria tenga un valor igual o superior a 1.5 veces el valor del POE, expresado en SMMLV a la fecha de terminación. | F9: 120 | L9: 1965 | M9: 420
L10: 1966 | M10: 420
D11: Entre 1 y 2 Proyectos adicionales a los indicados en el requerimiento particular del numeral 6.1.3.2 cuya sumatoria tenga un valor igual o superior a 2.0 veces el valor del POE, expresado en SMMLV a la fecha de terminación. | F11: 120 | L11: 1967 | M11: 420
L12: 1968 | M12: 420
L13: 1969 | M13: 519
L14: 1970 | M14: 519
A15: OFERENTE | B15: 1 | C15: =VLOOKUP(B15,Conformación!$A$5:$S$129,2,FALSE) -> CONSTRUCTODO INGENIEROS CONTRATISTAS LTDA | L15: 1971 | M15: 519
C16: =VLOOKUP(B15,Conformación!$A$5:$S$129,4,FALSE) -> (CONSTRUCTODO INGENIEROS CONTRATISTAS LTDA. 100% - 0% - 0%- 0%- 0%) | L16: 1972 | M16: 660
L17: 1973 | M17: 660
A18: CARGO | B18: NOMBRE | C18: OBJETO | D18: FECHA TERMINACIÓN PROYECTO | E18: VALOR | F18: SMMLV | G18: REQUERIMIENTO PARTICULAR QUE ACREDITA | H18: PÁGINA | I18: OBSERVACIONES | L18: 1974 | M18: 900
A19: =+A7 -> Residente de Obra | B19: =+'Exp. profesionales'!B24 -> 0 | F19: =IF(E19=0,0,IF(D19<'Exp. profesionales'!D24,"EXPERIENCIA ADQUIRIDA ANTES DEL GRADO",E19/VLOOKUP(YEAR(D19),$L$1:$M$64,2,0))) -> 0 | I19: 120 PUNTOS | L19: 1975 | M19: 1200
F20: =IF(E20=0,0,IF(D20<'Exp. profesionales'!D25,"EXPERIENCIA ADQUIRIDA ANTES DEL GRADO",E20/VLOOKUP(YEAR(D20),$L$1:$M$64,2,0))) -> 0 | L20: 1976 | M20: 1560
F21: =IF(E21=0,0,IF(D21<'Exp. profesionales'!D26,"EXPERIENCIA ADQUIRIDA ANTES DEL GRADO",E21/VLOOKUP(YEAR(D21),$L$1:$M$64,2,0))) -> 0 | L21: 1977 | M21: 1770
F22: =IF(E22=0,0,IF(D22<'Exp. profesionales'!D27,"EXPERIENCIA ADQUIRIDA ANTES DEL GRADO",E22/VLOOKUP(YEAR(D22),$L$1:$M$64,2,0))) -> 0 | L22: 1978 | M22: 2580
F23: =IF(E23=0,0,IF(D23<'Exp. profesionales'!D28,"EXPERIENCIA ADQUIRIDA ANTES DEL GRADO",E23/VLOOKUP(YEAR(D23),$L$1:$M$64,2,0))) -> 0 | L23: 1979 | M23: 3450
F24: =IF(E24=0,0,IF(D24<'Exp. profesionales'!D29,"EXPERIENCIA ADQUIRIDA ANTES DEL GRADO",E24/VLOOKUP(YEAR(D24),$L$1:$M$64,2,0))) -> 0 | L24: 1980 | M24: 4500
F25: =IF(E25=0,0,IF(D25<'Exp. profesionales'!D30,"EXPERIENCIA ADQUIRIDA ANTES DEL GRADO",E25/VLOOKUP(YEAR(D25),$L$1:$M$64,2,0))) -> 0 | L25: 1981 | M25: 5700
C26: TOTAL | F26: =SUM(F19:F25) -> 0 | G26: =IF(F26>=F$7,"cumple",0) -> 0 | L26: 1982 | M26: 7410
L27: 1983 | M27: 9261
A28: OFERENTE | B28: 2 | C28: =VLOOKUP(B28,Conformación!$A$5:$S$129,2,FALSE) -> 0 | L28: 1984 | M28: 11298
C29: =VLOOKUP(B28,Conformación!$A$5:$S$129,4,FALSE) -> 0 | L29: 1985 | M29: 13557
L30: 1986 | M30: 16811.4
A31: CARGO | B31: NOMBRE | C31: OBJETO | D31: FECHA TERMINACIÓN PROYECTO | E31: VALOR | F31: SMMLV | G31: REQUERIMIENTO PARTICULAR QUE ACREDITA | H31: PÁGINA | I31: OBSERVACIONES | L31: 1987 | M31: 20510
A32: =+A19 -> Residente de Obra | B32: =+'Exp. profesionales'!B36 -> 0 | F32: =IF(E32=0,0,IF(D32<'Exp. profesionales'!D36,"EXPERIENCIA ADQUIRIDA ANTES DEL GRADO",E32/VLOOKUP(YEAR(D32),$L$1:$M$64,2,0))) -> 0 | L32: 1988 | M32: 25637.4
F33: =IF(E33=0,0,IF(D33<'Exp. profesionales'!D37,"EXPERIENCIA ADQUIRIDA ANTES DEL GRADO",E33/VLOOKUP(YEAR(D33),$L$1:$M$64,2,0))) -> 0 | L33: 1989 | M33: 32559.6
F34: =IF(E34=0,0,IF(D34<'Exp. profesionales'!D38,"EXPERIENCIA ADQUIRIDA ANTES DEL GRADO",E34/VLOOKUP(YEAR(D34),$L$1:$M$64,2,0))) -> 0 | L34: 1990 | M34: 41025.1
F35: =IF(E35=0,0,IF(D35<'Exp. profesionales'!D39,"EXPERIENCIA ADQUIRIDA ANTES DEL GRADO",E35/VLOOKUP(YEAR(D35),$L$1:$M$64,2,0))) -> 0 | L35: 1991 | M35: 51720
F36: =IF(E36=0,0,IF(D36<'Exp. profesionales'!D40,"EXPERIENCIA ADQUIRIDA ANTES DEL GRADO",E36/VLOOKUP(YEAR(D36),$L$1:$M$64,2,0))) -> 0 | L36: 1992 | M36: 65190
F37: =IF(E37=0,0,IF(D37<'Exp. profesionales'!D41,"EXPERIENCIA ADQUIRIDA ANTES DEL GRADO",E37/VLOOKUP(YEAR(D37),$L$1:$M$64,2,0))) -> 0 | L37: 1993 | M37: 81510
F38: =IF(E38=0,0,IF(D38<'Exp. profesionales'!D42,"EXPERIENCIA ADQUIRIDA ANTES DEL GRADO",E38/VLOOKUP(YEAR(D38),$L$1:$M$64,2,0))) -> 0 | L38: 1994 | M38: 98700
C39: TOTAL | F39: =SUM(F32:F38) -> 0 | G39: =IF(F39>=F$7,"cumple",0) -> 0 | L39: 1995 | M39: 118933.5
L40: 1996 | M40: 142125
A41: OFERENTE | B41: 3 | C41: =VLOOKUP(B41,Conformación!$A$5:$S$129,2,FALSE) -> 0 | L41: 1997 | M41: 172005
C42: =VLOOKUP(B41,Conformación!$A$5:$S$129,4,FALSE) -> 0 | L42: 1998 | M42: 203826
L43: 1999 | M43: 236460
A44: CARGO | B44: NOMBRE | C44: OBJETO | D44: FECHA TERMINACIÓN PROYECTO | E44: VALOR | F44: SMMLV | G44: REQUERIMIENTO PARTICULAR QUE ACREDITA | H44: PÁGINA | I44: OBSERVACIONES | L44: 2000 | M44: 260100
A45: =+A32 -> Residente de Obra | B45: =+'Exp. profesionales'!B48 -> 0 | F45: =IF(E45=0,0,IF(D45<#REF!,"EXPERIENCIA ADQUIRIDA ANTES DEL GRADO",E45/VLOOKUP(YEAR(D45),$L$1:$M$64,2,0))) -> 0 | L45: 2001 | M45: 286000
F46: =IF(E46=0,0,IF(D46<#REF!,"EXPERIENCIA ADQUIRIDA ANTES DEL GRADO",E46/VLOOKUP(YEAR(D46),$L$1:$M$64,2,0))) -> 0 | I46: 120 PUNTOS | L46: 2002 | M46: 309000
F47: =IF(E47=0,0,IF(D47<#REF!,"EXPERIENCIA ADQUIRIDA ANTES DEL GRADO",E47/VLOOKUP(YEAR(D47),$L$1:$M$64,2,0))) -> 0 | L47: 2003 | M47: 332000
F48: =IF(E48=0,0,IF(D48<#REF!,"EXPERIENCIA ADQUIRIDA ANTES DEL GRADO",E48/VLOOKUP(YEAR(D48),$L$1:$M$64,2,0))) -> 0 | L48: 2004 | M48: 358000
F49: =IF(E49=0,0,IF(D49<#REF!,"EXPERIENCIA ADQUIRIDA ANTES DEL GRADO",E49/VLOOKUP(YEAR(D49),$L$1:$M$64,2,0))) -> 0 | L49: 2005 | M49: 381500
F50: =IF(E50=0,0,IF(D50<#REF!,"EXPERIENCIA ADQUIRIDA ANTES DEL GRADO",E50/VLOOKUP(YEAR(D50),$L$1:$M$64,2,0))) -> 0 | L50: 2006 | M50: 408000
F51: =IF(E51=0,0,IF(D51<#REF!,"EXPERIENCIA ADQUIRIDA ANTES DEL GRADO",E51/VLOOKUP(YEAR(D51),$L$1:$M$64,2,0))) -> 0 | L51: 2007 | M51: 433700
C52: TOTAL | F52: =SUM(F45:F51) -> 0 | G52: =IF(F52>=F$7,"cumple",0) -> 0 | L52: 2008 | M52: 461500
L53: 2009 | M53: 496900
L54: 2010 | M54: 515000
A55: OFERENTE | B55: 4 | C55: =VLOOKUP(B55,Conformación!$A$5:$S$129,2,FALSE) -> 0 | L55: 2011 | M55: 535600
C56: =VLOOKUP(B55,Conformación!$A$5:$S$129,4,FALSE) -> 0 | L56: 2012 | M56: 566700
L57: 2013 | M57: 581900
A58: CARGO | B58: NOMBRE | C58: OBJETO | D58: FECHA TERMINACIÓN PROYECTO | E58: VALOR | F58: SMMLV | G58: REQUERIMIENTO PARTICULAR QUE ACREDITA | H58: PÁGINA | I58: OBSERVACIONES | L58: 2014 | M58: 616000
A59: =A$7 -> Residente de Obra | B59: =+'Exp. profesionales'!B60 -> 0 | F59: =IF(E59=0,0,IF(D59<#REF!,"EXPERIENCIA ADQUIRIDA ANTES DEL GRADO",E59/VLOOKUP(YEAR(D59),$L$1:$M$64,2,0))) -> 0 | L59: 2015 | M59: 644350
F60: =IF(E60=0,0,IF(D60<#REF!,"EXPERIENCIA ADQUIRIDA ANTES DEL GRADO",E60/VLOOKUP(YEAR(D60),$L$1:$M$64,2,0))) -> 0 | L60: 2016 | M60: 689500
F61: =IF(E61=0,0,IF(D61<#REF!,"EXPERIENCIA ADQUIRIDA ANTES DEL GRADO",E61/VLOOKUP(YEAR(D61),$L$1:$M$64,2,0))) -> 0 | L61: 2017 | M61: 717737
F62: =IF(E62=0,0,IF(D62<#REF!,"EXPERIENCIA ADQUIRIDA ANTES DEL GRADO",E62/VLOOKUP(YEAR(D62),$L$1:$M$64,2,0))) -> 0 | L62: 2018 | M62: 781242
F63: =IF(E63=0,0,IF(D63<#REF!,"EXPERIENCIA ADQUIRIDA ANTES DEL GRADO",E63/VLOOKUP(YEAR(D63),$L$1:$M$64,2,0))) -> 0 | L63: 2019 | M63: 828116
F64: =IF(E64=0,0,IF(D64<#REF!,"EXPERIENCIA ADQUIRIDA ANTES DEL GRADO",E64/VLOOKUP(YEAR(D64),$L$1:$M$64,2,0))) -> 0 | L64: 2020 | M64: 877803
F65: =IF(E65=0,0,IF(D65<#REF!,"EXPERIENCIA ADQUIRIDA ANTES DEL GRADO",E65/VLOOKUP(YEAR(D65),$L$1:$M$64,2,0))) -> 0
C66: TOTAL | F66: =SUM(F59:F65) -> 0 | G66: =IF(F66>=F$7,"cumple",0) -> 0
A69: OFERENTE | B69: 5 | C69: =VLOOKUP(B69,Conformación!$A$5:$S$129,2,FALSE) -> 0
C70: =VLOOKUP(B69,Conformación!$A$5:$S$129,4,FALSE) -> 0
A72: CARGO | B72: NOMBRE | C72: OBJETO | D72: FECHA TERMINACIÓN PROYECTO | E72: VALOR | F72: SMMLV | G72: REQUERIMIENTO PARTICULAR QUE ACREDITA | H72: PÁGINA | I72: OBSERVACIONES
A73: =+A59 -> Residente de Obra | B73: =+'Exp. profesionales'!B72 -> 0 | F73: =IF(E73=0,0,IF(D73<#REF!,"EXPERIENCIA ADQUIRIDA ANTES DEL GRADO",E73/VLOOKUP(YEAR(D73),$L$1:$M$64,2,0))) -> 0
F74: =IF(E74=0,0,IF(D74<#REF!,"EXPERIENCIA ADQUIRIDA ANTES DEL GRADO",E74/VLOOKUP(YEAR(D74),$L$1:$M$64,2,0))) -> 0
F75: =IF(E75=0,0,IF(D75<#REF!,"EXPERIENCIA ADQUIRIDA ANTES DEL GRADO",E75/VLOOKUP(YEAR(D75),$L$1:$M$64,2,0))) -> 0
F76: =IF(E76=0,0,IF(D76<#REF!,"EXPERIENCIA ADQUIRIDA ANTES DEL GRADO",E76/VLOOKUP(YEAR(D76),$L$1:$M$64,2,0))) -> 0
F77: =IF(E77=0,0,IF(D77<#REF!,"EXPERIENCIA ADQUIRIDA ANTES DEL GRADO",E77/VLOOKUP(YEAR(D77),$L$1:$M$64,2,0))) -> 0
F78: =IF(E78=0,0,IF(D78<#REF!,"EXPERIENCIA ADQUIRIDA ANTES DEL GRADO",E78/VLOOKUP(YEAR(D78),$L$1:$M$64,2,0))) -> 0
F79: =IF(E79=0,0,IF(D79<#REF!,"EXPERIENCIA ADQUIRIDA ANTES DEL GRADO",E79/VLOOKUP(YEAR(D79),$L$1:$M$64,2,0))) -> 0
C80: TOTAL | F80: =SUM(F73:F79) -> 0 | G80: =IF(F80>=F$7,"cumple",0) -> 0

Sheet Exp. profesinal años
A1: =+'K-Kr Constructor'!A1 -> EMPRESA NACIONAL PROMOTORA DEL DESARROLLO TERRITORIAL – ENTerritorio Sistema general de Regalias OBJETO: “INTERVENTORÍA TÉCNICA, ADMINISTRATIVA, FINANCIERA, AMBIENTAL Y DE CONTROL SOCIAL, LEGAL Y PRESU-PUESTAL PARA EL MEJORAMIENTO, ADECUACIÓN, REMODELACIÓN Y AJUSTES A DISEÑOS DE POLIDEPORTIVOS EN LOS BARRIOS CARTAGENITA SECTOR JARDÍN, LA PAZ Y LOS MONARKAS MUNICIPIO DE FACATATIVÁ – DEPARTA-MENTO DE CUNDINAMARCA.” CONTRATACIÓN DIRECTA CDI 073-2020 | U1: 1957 | V1: 155.4
U2: 1958 | V2: 155.4
U3: 1959 | V3: 155.4
A4: REQUISITOS MINIMOS - PERSONAL PRINCIPAL REQUERIDO - CUMPLE/ NO CUMPLE | U4: 1960 | V4: 198
U5: 1961
A6: CARGO A DESEMPEÑAR | B6: FORMACIÓN ACADÉMICA | C6: TIEMPO MÍNIMO REQUERIDO DE HABER TERMINADO Y APROBADO ESTUDIOS (EN AÑOS) | E6: NUMERO DE PROYECTOS A ACREDITAR | F6: EXPERIENCIA ESPECÍFICA | I6: REQUERIMIENTO PARTICULAR | M6: REQUISITO MINIMO EN SMMLV | N6: REQUISITO MINIMO EN AÑOS | U6: 1962 | V6: 300
A7: Director de Consultoría | B7: Ingeniero civil o de vías, con posgrado a nivel de especialización o maestría en ingeniería y/o gerencia y/o finanzas y/o administración | C7: 12 | D7: 39358 | E7: Mínimo 2 | F7: Experiencia como líder o director en la estructuración de proyectos de infraestructura de Transporte a nivel internacional o en Colombia. | I7: Experiencia específica de mínimo (10) años en el área y cargo solicitado. La sumatoria del valor de los contratos en los que participó debe ser ≥ una (1) vez el POE a la fecha de su terminación. | M7: =+'[9]Exp. oferente'!G14 -> 2094.0763 | N7: 10 | U7: 1963 | V7: 420
U8: 1964 | V8: 420
U9: 1965 | V9: 420
U10: 1966 | V10: 420
U11: 1967 | V11: 420
U12: 1968 | V12: 420
U13: 1969 | V13: 519
U14: 1970 | V14: 519
U15: 1971 | V15: 519
U16: 1972 | V16: 660
U17: 1973 | V17: 660
U18: 1974 | V18: 900
U19: 1975 | V19: 1200
U20: 1976 | V20: 1560
A21: OFERENTE | B21: 1 | C21: =VLOOKUP(B21,Conformación!$A$5:$S$129,2,FALSE) -> CONSTRUCTODO INGENIEROS CONTRATISTAS LTDA | U21: 1977 | V21: 1770
C22: ( 0% - 0% - 0%- 0%- 0%) | U22: 1978 | V22: 2580
U23: 1979 | V23: 3450
U24: 1980 | V24: 4500
A25: CARGO | B25: NOMBRE | C25: TARJETA PROFESIONAL | D25: FECHA EXPEDICIÓN | F25: PROFESION | G25: POSGRADO | H25: OBJETO | I25: FECHA INICIO PROYECTO | J25: FECHA TERMINACIÓN PROYECTO | K25: VALOR | L25: SMMLV | M25: TOTAL DIAS | N25: AÑOS | O25: MESES | P25: DIAS | Q25: PÁGINA | R25: OBSERVACIONES | U25: 1981 | V25: 5700
A26: =+A7 -> Director de Consultoría | E26: =IF(D26=0,0,IF(D26<D$7,"CUMPLE EL TIEMPO MÍNIMO REQUERIDO DE HABER TERMINADO Y APROBADO ESTUDIOS","NO CUMPLE EL TIEMPO MÍNIMO REQUERIDO DE HABER TERMINADO Y APROBADO ESTUDIOS")) -> 0 | K26: 0 | L26: =IF(K26=0,0,IF(J26<D$26,"EXPERIENCIA ADQUIRIDA ANTES DEL GRADO",K26/VLOOKUP(YEAR(J26),$U$1:$V$66,2,0))) -> 0 | M26: =DAYS360(I26,J26) -> 0 | N26: =ROUNDDOWN(M26/360,0) -> 0 | O26: =ROUNDDOWN((M26-(N26*360))/30,0) -> 0 | P26: =+M26-(N26*360)-(O26*30) -> 0 | U26: 1982 | V26: 7410
L27: =IF(K27=0,0,IF(J27<D$26,"EXPERIENCIA ADQUIRIDA ANTES DEL GRADO",K27/VLOOKUP(YEAR(J27),$U$1:$V$66,2,0))) -> 0 | M27: =DAYS360(I27,J27) -> 0 | N27: =ROUNDDOWN(M27/360,0) -> 0 | O27: =ROUNDDOWN((M27-(N27*360))/30,0) -> 0 | P27: =+M27-(N27*360)-(O27*30) -> 0 | U27: 1983 | V27: 9261
L28: =IF(K28=0,0,IF(J28<D$26,"EXPERIENCIA ADQUIRIDA ANTES DEL GRADO",K28/VLOOKUP(YEAR(J28),$U$1:$V$66,2,0))) -> 0 | M28: =DAYS360(I28,J28) -> 0 | N28: =ROUNDDOWN(M28/360,0) -> 0 | O28: =ROUNDDOWN((M28-(N28*360))/30,0) -> 0 | P28: =+M28-(N28*360)-(O28*30) -> 0 | U28: 1984 | V28: 11298
L29: =IF(K29=0,0,IF(J29<D$26,"EXPERIENCIA ADQUIRIDA ANTES DEL GRADO",K29/VLOOKUP(YEAR(J29),$U$1:$V$66,2,0))) -> 0 | M29: =DAYS360(I29,J29) -> 0 | N29: =ROUNDDOWN(M29/360,0) -> 0 | O29: =ROUNDDOWN((M29-(N29*360))/30,0) -> 0 | P29: =+M29-(N29*360)-(O29*30) -> 0 | U29: 1985 | V29: 13557
L30: =IF(K30=0,0,IF(J30<D$26,"EXPERIENCIA ADQUIRIDA ANTES DEL GRADO",K30/VLOOKUP(YEAR(J30),$U$1:$V$66,2,0))) -> 0 | M30: =DAYS360(I30,J30) -> 0 | N30: =ROUNDDOWN(M30/360,0) -> 0 | O30: =ROUNDDOWN((M30-(N30*360))/30,0) -> 0 | P30: =+M30-(N30*360)-(O30*30) -> 0 | U30: 1986 | V30: 16811.4
L31: =IF(K31=0,0,IF(J31<D$26,"EXPERIENCIA ADQUIRIDA ANTES DEL GRADO",K31/VLOOKUP(YEAR(J31),$U$1:$V$66,2,0))) -> 0 | M31: =DAYS360(I31,J31) -> 0 | N31: =ROUNDDOWN(M31/360,0) -> 0 | O31: =ROUNDDOWN((M31-(N31*360))/30,0) -> 0 | P31: =+M31-(N31*360)-(O31*30) -> 0 | U31: 1987 | V31: 20510
L32: =IF(K32=0,0,IF(J32<D$26,"EXPERIENCIA ADQUIRIDA ANTES DEL GRADO",K32/VLOOKUP(YEAR(J32),$U$1:$V$66,2,0))) -> 0 | M32: =DAYS360(I32,J32) -> 0 | N32: =ROUNDDOWN(M32/360,0) -> 0 | O32: =ROUNDDOWN((M32-(N32*360))/30,0) -> 0 | P32: =+M32-(N32*360)-(O32*30) -> 0
H33: TOTAL | L33: =SUM(L26:L32) -> 0 | N33: =SUM(N26:N32) -> 0 | O33: =SUM(O26:O32) -> 0 | P33: =SUM(P26:P32) -> 0 | Q33: =+N33+O33/12+P33/365 -> 0 | R33: =+IF(N33>=$E$7,"CUMPLE","NO CUMPLE") -> NO CUMPLE
U34: 1988 | V34: 25637.4
U35: 1989 | V35: 32559.6
A36: OFERENTE | B36: 2 | C36: =VLOOKUP(B36,Conformación!$A$5:$S$129,2,FALSE) -> 0 | U36: 1990 | V36: 41025
C37: ( 0% - 0% - 0%- 0%- 0%) | U37: 1991 | V37: 51716.1
U38: 1992 | V38: 65190
A39: CARGO | B39: NOMBRE | C39: TARJETA PROFESIONAL | D39: FECHA EXPEDICIÓN | F39: PROFESION | G39: PROFESION | H39: OBJETO | I39: FECHA INICIO PROYECTO | J39: FECHA TERMINACIÓN PROYECTO | K39: VALOR | L39: SMMLV | M39: TOTAL DIAS | N39: AÑOS | O39: MESES | P39: DIAS | Q39: PÁGINA | R39: OBSERVACIONES | U39: 1993 | V39: 81510
A40: =A$7 -> Director de Consultoría | E40: =IF(D40=0,0,IF(D40<D$7,"CUMPLE EL TIEMPO MÍNIMO REQUERIDO DE HABER TERMINADO Y APROBADO ESTUDIOS","NO CUMPLE EL TIEMPO MÍNIMO REQUERIDO DE HABER TERMINADO Y APROBADO ESTUDIOS")) -> 0 | L40: =IF(K40=0,0,IF(J40<D$40,"EXPERIENCIA ADQUIRIDA ANTES DEL GRADO",K40/VLOOKUP(YEAR(J40),$U$1:$V$65,2,0))) -> 0 | M40: =DAYS360(I40,J40) -> 0 | N40: =ROUNDDOWN(M40/360,0) -> 0 | O40: =ROUNDDOWN((M40-(N40*360))/30,0) -> 0 | P40: =+M40-(N40*360)-(O40*30) -> 0 | U40: 1994 | V40: 98700
